Workbook
Name _: DATE(YEAR(Loan_Start),MONTH(Loan_Start)+Payment_Number,DAY(Loan_Start))
Name _: DATE(YEAR('STANDARD_RFO UNITS'!Loan_Start),MONTH('STANDARD_RFO UNITS'!Loan_Start)+Payment_Number,DAY('STANDARD_RFO UNITS'!Loan_Start))
Name _: DATE(YEAR(Loan_Start),MONTH(Loan_Start)+Payment_Number,DAY(Loan_Start))
Name Ancheta: #N/A
Name Beg_Bal: 'Amort Computation'!$C$25:$C$384
Name Beg_Bal: #REF!
Name Beg_Bal: #REF!
Name Calaca: #N/A
Name Data: 'Amort Computation'!$A$25:$I$384
Name DocTemplates: OFFSET(#REF!,,,COUNTA(#REF!),1)
Name DocTemplates: OFFSET(#REF!,,,COUNTA(#REF!),1)
Name DocTemplates: OFFSET(#REF!,,,COUNTA(#REF!),1)
Name DocTemplates: OFFSET(#REF!,,,COUNTA(#REF!),1)
Name DocTemplates: OFFSET(#REF!,,,COUNTA(#REF!),1)
Name DocTemplates: OFFSET(#REF!,,,COUNTA(#REF!),1)
Name DocTemplates: OFFSET(#REF!,,,COUNTA(#REF!),1)
Name End_Bal: 'Amort Computation'!$I$25:$I$384
Name End_Bal: #REF!
Name End_Bal: #REF!
Name Extra_Pay: 'Amort Computation'!$E$25:$E$384
Name Extra_Pay: #REF!
Name Extra_Pay: #REF!
Name Full_Print: '[1]Amort Computation'!$A$1:$I$384
Name Full_Print: 'Amort Computation'!$A$1:$I$384
Name Header_Row: ROW('Amort Computation'!$24:$24)
Name Header_Row: ROW(#REF!)
Name Header_Row: ROW(#REF!)
Name Int: 'Amort Computation'!$H$25:$H$384
Name Int: #REF!
Name Int: #REF!
Name Interest_Rate: 'Amort Computation'!$D$15
Name Interest_Rate: #REF!
Name Interest_Rate: #REF!
Name Last_Row: IF('Amort Computation'!Values_Entered,'Amort Computation'!Header_Row+'Amort Computation'!Number_of_Payments,'Amort Computation'!Header_Row)
Name Last_Row: IF(RECOVERIES!Values_Entered,Header_Row+RECOVERIES!Number_of_Payments,Header_Row)
Name Last_Row: IF('STANDARD_RFO UNITS'!Values_Entered,'STANDARD_RFO UNITS'!Header_Row+'STANDARD_RFO UNITS'!Number_of_Payments,'STANDARD_RFO UNITS'!Header_Row)
Name Last_Row: IF(Values_Entered,Header_Row+Number_of_Payments,Header_Row)
Name Loan_Amount: 'Amort Computation'!$D$14
Name Loan_Amount: #REF!
Name Loan_Amount: #REF!
Name Loan_Start: 'Amort Computation'!$D$18
Name Loan_Start: #REF!
Name Loan_Start: #REF!
Name Loan_Years: 'Amort Computation'!$D$16
Name Loan_Years: #REF!
Name Loan_Years: #REF!
Name Num_Pmt_Per_Year: 'Amort Computation'!$D$17
Name Num_Pmt_Per_Year: #REF!
Name Num_Pmt_Per_Year: #REF!
Name Number_of_Payments: MATCH(0.01,'Amort Computation'!End_Bal,-1)+1
Name Number_of_Payments: MATCH(0.01,End_Bal,-1)+1
Name Number_of_Payments: MATCH(0.01,'STANDARD_RFO UNITS'!End_Bal,-1)+1
Name Number_of_Payments: MATCH(0.01,End_Bal,-1)+1
Name Pay_Date: 'Amort Computation'!$B$25:$B$384
Name Pay_Num: 'Amort Computation'!$A$25:$A$384
Name Pay_Num: #REF!
Name Pay_Num: #REF!
Name Payment_Date: #N/A
Name Payment_Date: #N/A
Name Payment_Date: DATE(YEAR('Amort Computation'!Loan_Start),MONTH('Amort Computation'!Loan_Start)+Payment_Number,DAY('Amort Computation'!Loan_Start))

Sheet Construction Sched 2023
A1: OLD
O7: *Internal applied to Equity term plus 2 months buffer
B12: Aug. 2023
B13: Current term | C13: New Term
A14: B1 | B14: 27 | C14: 30
A15: B2 | B15: 32 | C15: 35
A16: B3 | B16: 37 | C16: 40
A18: NEW | B18: as of Sept. 28,2023
C38: NEW
C39: B1 | D39: 45748
C40: B2 | D40: 45931
C41: B3 | D41: 46174

Sheet Amort Computation
H2: ANNEX "A"
A4: ILOILO SOUTHPRIME DEVELOPERS INC. | G4: Date and Time Printed: | I4: =NOW() -> 45902.531
A7: Buyer's Name:
A8: Project Name: | C8: EMERALD ESTATES
A9: Unit No.: | C9: BLOCK LOT | G9: Financing:
B13: Payment Schedule | F13: Outstanding Balance Summary
C14: Loan Amount | D14: 2614278.6 | G14: Scheduled Payment | H14: =IF(Values_Entered,-PMT(Interest_Rate/Num_Pmt_Per_Year,Loan_Years*Num_Pmt_Per_Year,Loan_Amount),"") -> 32413.313
C15: Annual Interest Rate | D15: 0.085 | G15: Scheduled Number of Payments
C16: Loan Period in Years | D16: 10 | G16: Actual Number of Payments | H16: =IF(Values_Entered,Number_of_Payments,"") -> 120
C17: Number of Payments Per Year | D17: 12 | G17: Total Early Payments | H17: 0
C18: Start Date of Loan | D18: 45005 | G18: Total Interest | H18: =IF(Values_Entered,SUMIF(Beg_Bal,">0",Int),"") -> 1269925.7 | M18: PROJECTION
C19: Optional Extra Payments | M19: LINK GOING TO LD OR INHS MASTERLIST
L21: MONTH | M21: =INDEX($B$25:$B$135,COLUMN(A1),1) -> 45005 | N21: =INDEX($B$25:$B$135,COLUMN(B1),1) -> 45036 | O21: =INDEX($B$25:$B$135,COLUMN(C1),1) -> 45066 | P21: =INDEX($B$25:$B$135,COLUMN(D1),1) -> 45097 | Q21: =INDEX($B$25:$B$135,COLUMN(E1),1) -> 45127 | R21: =INDEX($B$25:$B$135,COLUMN(F1),1) -> 45158 | S21: =INDEX($B$25:$B$135,COLUMN(G1),1) -> 45189 | T21: =INDEX($B$25:$B$135,COLUMN(H1),1) -> 45219 | ... BT21: =INDEX($B$25:$B$135,COLUMN(BH1),1) -> 46803 | BW21: amount | BX21: prin cipal | BY21: interest | BZ21: balance
A23: PmtNo. | B23: Payment Date | C23: Beginning Balance | D23: Scheduled Payment | E23: Extra Payment | F23: Total Payment | G23: Principal | H23: Interest | I23: Ending Balance | J23: Paid/Credited | L23: TRANCHES | M23: 1 | N23: =M23+1 -> 2 | O23: =N23+1 -> 3 | P23: =O23+1 -> 4 | Q23: =P23+1 -> 5 | R23: =Q23+1 -> 6 | S23: =R23+1 -> 7 | T23: =S23+1 -> 8 | U23: =T23+1 -> 9 | ... BT23: =BS23+1 -> 60 | BZ23: =Loan_Amount -> 2614278.6 | CA23: =PMT(16%/12,60,BZ23) -> -63574.176
A25: =IF(Values_Entered,1,"") -> 1 | B25: =Loan_Start -> 45005 | C25: =IF(Values_Entered,Loan_Amount,"") -> 2614278.6 | D25: =IF(Pay_Num<>"",Scheduled_Monthly_Payment,"") -> 32413.313 | F25: =IF(AND(Pay_Num<>"",Sched_Pay+Extra_Pay<Beg_Bal),Sched_Pay+Extra_Pay,IF(Pay_Num<>"",Beg_Bal,"")) -> 32413.313 | G25: =IF(Pay_Num<>"",Total_Pay-Int,"") -> 13895.507 | H25: =IF(Pay_Num<>"",Beg_Bal*(Interest_Rate/Num_Pmt_Per_Year),"") -> 18517.807 | I25: =IF(AND(Pay_Num<>"",Sched_Pay+Extra_Pay<Beg_Bal),Beg_Bal-Princ,IF(Pay_Num<>"",0,"")) -> 2600383.1 | J25: ='[3]B11-L8'!J32 -> PAID | L25: =G23 -> Principal | M25: =INDEX($G$25:$H$288,COLUMN(A1),1) -> 13895.507 | N25: =INDEX($G$25:$H$288,COLUMN(B1),1) -> 13993.933 | O25: =INDEX($G$25:$H$288,COLUMN(C1),1) -> 14093.057 | P25: =INDEX($G$25:$H$288,COLUMN(D1),1) -> 14192.883 | Q25: =INDEX($G$25:$H$288,COLUMN(E1),1) -> 14293.415 | R25: =INDEX($G$25:$H$288,COLUMN(F1),1) -> 14394.66 | S25: =INDEX($G$25:$H$288,COLUMN(G1),1) -> 14496.623 | T25: =INDEX($G$25:$H$288,COLUMN(H1),1) -> 14599.307 | ... BT25: =INDEX($G$25:$H$288,COLUMN(BH1),1) -> 21073.346 | BW25: 34058 | BX25: =BW25-BY25 -> -799.04785 | BY25: =BZ23*16%/12 -> 34857.048 | BZ25: =BZ23-BX25 -> 2615077.6
A26: =IF(Values_Entered,A25+1,"") -> 2 | B26: =Loan_Start+31 -> 45036 | C26: =IF(Pay_Num<>"",I25,"") -> 2600383.1 | D26: =IF(Pay_Num<>"",Scheduled_Monthly_Payment,"") -> 32413.313 | F26: =IF(AND(Pay_Num<>"",Sched_Pay+Extra_Pay<Beg_Bal),Sched_Pay+Extra_Pay,IF(Pay_Num<>"",Beg_Bal,"")) -> 32413.313 | G26: =IF(Pay_Num<>"",Total_Pay-Int,"") -> 13993.933 | H26: =IF(Pay_Num<>"",Beg_Bal*Interest_Rate/Num_Pmt_Per_Year,"") -> 18419.38 | I26: =IF(AND(Pay_Num<>"",Sched_Pay+Extra_Pay<Beg_Bal),Beg_Bal-Princ,IF(Pay_Num<>"",0,"")) -> 2586389.1 | J26: ='[3]B11-L8'!J33 -> PAID | L26: =H23 -> Interest | M26: =INDEX($H$25:$H$164,COLUMN(A2),1) -> 18517.807 | N26: =INDEX($H$25:$H$164,COLUMN(B2),1) -> 18419.38 | O26: =INDEX($H$25:$H$164,COLUMN(C2),1) -> 18320.256 | P26: =INDEX($H$25:$H$164,COLUMN(D2),1) -> 18220.431 | Q26: =INDEX($H$25:$H$164,COLUMN(E2),1) -> 18119.898 | R26: =INDEX($H$25:$H$164,COLUMN(F2),1) -> 18018.653 | S26: =INDEX($H$25:$H$164,COLUMN(G2),1) -> 17916.691 | T26: =INDEX($H$25:$H$164,COLUMN(H2),1) -> 17814.006 | ... BT26: =INDEX($H$25:$H$164,COLUMN(BH2),1) -> 11339.967 | BW26: 34058 | BX26: =BW26-BY26 -> -809.70183 | BY26: =BZ25*16%/12 -> 34867.702 | BZ26: =BZ25-BX26 -> 2615887.3
A27: =IF(Values_Entered,A26+1,"") -> 3 | B27: =B26+30 -> 45066 | C27: =IF(Pay_Num<>"",I26,"") -> 2586389.1 | D27: =IF(Pay_Num<>"",Scheduled_Monthly_Payment,"") -> 32413.313 | F27: =IF(AND(Pay_Num<>"",Sched_Pay+Extra_Pay<Beg_Bal),Sched_Pay+Extra_Pay,IF(Pay_Num<>"",Beg_Bal,"")) -> 32413.313 | G27: =IF(Pay_Num<>"",Total_Pay-Int,"") -> 14093.057 | H27: =IF(Pay_Num<>"",Beg_Bal*Interest_Rate/Num_Pmt_Per_Year,"") -> 18320.256 | I27: =IF(AND(Pay_Num<>"",Sched_Pay+Extra_Pay<Beg_Bal),Beg_Bal-Princ,IF(Pay_Num<>"",0,"")) -> 2572296.1 | J27: ='[3]B11-L8'!J34 -> PAID | L27: TOTAL | M27: =SUM(M25:M26) -> 32413.313 | N27: =SUM(N25:N26) -> 32413.313 | O27: =SUM(O25:O26) -> 32413.313 | P27: =SUM(P25:P26) -> 32413.313 | Q27: =SUM(Q25:Q26) -> 32413.313 | R27: =SUM(R25:R26) -> 32413.313 | S27: =SUM(S25:S26) -> 32413.313 | T27: =SUM(T25:T26) -> 32413.313 | ... BT27: =SUM(BT25:BT26) -> 32413.313 | BW27: 34058 | BX27: =BW27-BY27 -> -820.49785 | BY27: =BZ26*16%/12 -> 34878.498 | BZ27: =BZ26-BX27 -> 2616707.8
A28: =IF(Values_Entered,A27+1,"") -> 4 | B28: =B27+31 -> 45097 | C28: =IF(Pay_Num<>"",I27,"") -> 2572296.1 | D28: =IF(Pay_Num<>"",Scheduled_Monthly_Payment,"") -> 32413.313 | F28: =IF(AND(Pay_Num<>"",Sched_Pay+Extra_Pay<Beg_Bal),Sched_Pay+Extra_Pay,IF(Pay_Num<>"",Beg_Bal,"")) -> 32413.313 | G28: =IF(Pay_Num<>"",Total_Pay-Int,"") -> 14192.883 | H28: =IF(Pay_Num<>"",Beg_Bal*Interest_Rate/Num_Pmt_Per_Year,"") -> 18220.431 | I28: =IF(AND(Pay_Num<>"",Sched_Pay+Extra_Pay<Beg_Bal),Beg_Bal-Princ,IF(Pay_Num<>"",0,"")) -> 2558103.2 | J28: ='[3]B11-L8'!J35 -> PAID | M28: =J25 -> PAID | N28: =K25 -> 0 | BW28: 34058 | BX28: =BW28-BY28 -> -831.43782 | BY28: =BZ27*16%/12 -> 34889.438 | BZ28: =BZ27-BX28 -> 2617539.3
A29: =IF(Values_Entered,A28+1,"") -> 5 | B29: =B28+30 -> 45127 | C29: =IF(Pay_Num<>"",I28,"") -> 2558103.2 | D29: =IF(Pay_Num<>"",Scheduled_Monthly_Payment,"") -> 32413.313 | F29: =IF(AND(Pay_Num<>"",Sched_Pay+Extra_Pay<Beg_Bal),Sched_Pay+Extra_Pay,IF(Pay_Num<>"",Beg_Bal,"")) -> 32413.313 | G29: =IF(Pay_Num<>"",Total_Pay-Int,"") -> 14293.415 | H29: =IF(Pay_Num<>"",Beg_Bal*Interest_Rate/Num_Pmt_Per_Year,"") -> 18119.898 | I29: =IF(AND(Pay_Num<>"",Sched_Pay+Extra_Pay<Beg_Bal),Beg_Bal-Princ,IF(Pay_Num<>"",0,"")) -> 2543809.8 | J29: ='[3]B11-L8'!J36 -> PAID | BW29: 34058 | BX29: =BW29-BY29 -> -842.52366 | BY29: =BZ28*16%/12 -> 34900.524 | BZ29: =BZ28-BX29 -> 2618381.8
A30: =IF(Values_Entered,A29+1,"") -> 6 | B30: =B29+31 -> 45158 | C30: =IF(Pay_Num<>"",I29,"") -> 2543809.8 | D30: =IF(Pay_Num<>"",Scheduled_Monthly_Payment,"") -> 32413.313 | F30: =IF(AND(Pay_Num<>"",Sched_Pay+Extra_Pay<Beg_Bal),Sched_Pay+Extra_Pay,IF(Pay_Num<>"",Beg_Bal,"")) -> 32413.313 | G30: =IF(Pay_Num<>"",Total_Pay-Int,"") -> 14394.66 | H30: =IF(Pay_Num<>"",Beg_Bal*Interest_Rate/Num_Pmt_Per_Year,"") -> 18018.653 | I30: =IF(AND(Pay_Num<>"",Sched_Pay+Extra_Pay<Beg_Bal),Beg_Bal-Princ,IF(Pay_Num<>"",0,"")) -> 2529415.1 | J30: ='[3]B11-L8'!J37 -> PAID | BW30: 34058 | BX30: =BW30-BY30 -> -853.75731 | BY30: =BZ29*16%/12 -> 34911.757 | BZ30: =BZ29-BX30 -> 2619235.6
A31: =IF(Values_Entered,A30+1,"") -> 7 | B31: =B30+31 -> 45189 | C31: =IF(Pay_Num<>"",I30,"") -> 2529415.1 | D31: =IF(Pay_Num<>"",Scheduled_Monthly_Payment,"") -> 32413.313 | F31: =IF(AND(Pay_Num<>"",Sched_Pay+Extra_Pay<Beg_Bal),Sched_Pay+Extra_Pay,IF(Pay_Num<>"",Beg_Bal,"")) -> 32413.313 | G31: =IF(Pay_Num<>"",Total_Pay-Int,"") -> 14496.623 | H31: =IF(Pay_Num<>"",Beg_Bal*Interest_Rate/Num_Pmt_Per_Year,"") -> 17916.691 | I31: =IF(AND(Pay_Num<>"",Sched_Pay+Extra_Pay<Beg_Bal),Beg_Bal-Princ,IF(Pay_Num<>"",0,"")) -> 2514918.5 | J31: ='[3]B11-L8'!J38 -> PAID | BW31: 34058 | BX31: =BW31-BY31 -> -865.14074 | BY31: =BZ30*16%/12 -> 34923.141 | BZ31: =BZ30-BX31 -> 2620100.7 | CJ31: Total Interest for 6 months
A32: =IF(Values_Entered,A31+1,"") -> 8 | B32: =B31+30 -> 45219 | C32: =IF(Pay_Num<>"",I31,"") -> 2514918.5 | D32: =IF(Pay_Num<>"",Scheduled_Monthly_Payment,"") -> 32413.313 | F32: =IF(AND(Pay_Num<>"",Sched_Pay+Extra_Pay<Beg_Bal),Sched_Pay+Extra_Pay,IF(Pay_Num<>"",Beg_Bal,"")) -> 32413.313 | G32: =IF(Pay_Num<>"",Total_Pay-Int,"") -> 14599.307 | H32: =IF(Pay_Num<>"",Beg_Bal*Interest_Rate/Num_Pmt_Per_Year,"") -> 17814.006 | I32: =IF(AND(Pay_Num<>"",Sched_Pay+Extra_Pay<Beg_Bal),Beg_Bal-Princ,IF(Pay_Num<>"",0,"")) -> 2500319.2 | J32: ='[3]B11-L8'!J39 -> PAID | BW32: 34058 | BX32: =BW32-BY32 -> -876.67595 | BY32: =BZ31*16%/12 -> 34934.676 | BZ32: =BZ31-BX32 -> 2620977.4 | CJ32: =SUM(H25:H30) -> 109616.42
A33: =IF(Values_Entered,A32+1,"") -> 9 | B33: =B32+31 -> 45250 | C33: =IF(Pay_Num<>"",I32,"") -> 2500319.2 | D33: =IF(Pay_Num<>"",Scheduled_Monthly_Payment,"") -> 32413.313 | F33: =IF(AND(Pay_Num<>"",Sched_Pay+Extra_Pay<Beg_Bal),Sched_Pay+Extra_Pay,IF(Pay_Num<>"",Beg_Bal,"")) -> 32413.313 | G33: =IF(Pay_Num<>"",Total_Pay-Int,"") -> 14702.719 | H33: =IF(Pay_Num<>"",Beg_Bal*Interest_Rate/Num_Pmt_Per_Year,"") -> 17710.594 | I33: =IF(AND(Pay_Num<>"",Sched_Pay+Extra_Pay<Beg_Bal),Beg_Bal-Princ,IF(Pay_Num<>"",0,"")) -> 2485616.5 | J33: ='[3]B11-L8'!J40 -> PAID | BW33: 34058 | BX33: =BW33-BY33 -> -888.36496 | BY33: =BZ32*16%/12 -> 34946.365 | BZ33: =BZ32-BX33 -> 2621865.7
A34: =IF(Values_Entered,A33+1,"") -> 10 | B34: =B33+30 -> 45280 | C34: =IF(Pay_Num<>"",I33,"") -> 2485616.5 | D34: =IF(Pay_Num<>"",Scheduled_Monthly_Payment,"") -> 32413.313 | F34: =IF(AND(Pay_Num<>"",Sched_Pay+Extra_Pay<Beg_Bal),Sched_Pay+Extra_Pay,IF(Pay_Num<>"",Beg_Bal,"")) -> 32413.313 | G34: =IF(Pay_Num<>"",Total_Pay-Int,"") -> 14806.863 | H34: =IF(Pay_Num<>"",Beg_Bal*Interest_Rate/Num_Pmt_Per_Year,"") -> 17606.45 | I34: =IF(AND(Pay_Num<>"",Sched_Pay+Extra_Pay<Beg_Bal),Beg_Bal-Princ,IF(Pay_Num<>"",0,"")) -> 2470809.6 | J34: ='[3]B11-L8'!J41 -> PAID | BW34: 34058 | BX34: =BW34-BY34 -> -900.20983 | BY34: =BZ33*16%/12 -> 34958.21 | BZ34: =BZ33-BX34 -> 2622765.9
A35: =IF(Values_Entered,A34+1,"") -> 11 | B35: =B34+31 -> 45311 | C35: =IF(Pay_Num<>"",I34,"") -> 2470809.6 | D35: =IF(Pay_Num<>"",Scheduled_Monthly_Payment,"") -> 32413.313 | F35: =IF(AND(Pay_Num<>"",Sched_Pay+Extra_Pay<Beg_Bal),Sched_Pay+Extra_Pay,IF(Pay_Num<>"",Beg_Bal,"")) -> 32413.313 | G35: =IF(Pay_Num<>"",Total_Pay-Int,"") -> 14911.745 | H35: =IF(Pay_Num<>"",Beg_Bal*Interest_Rate/Num_Pmt_Per_Year,"") -> 17501.568 | I35: =IF(AND(Pay_Num<>"",Sched_Pay+Extra_Pay<Beg_Bal),Beg_Bal-Princ,IF(Pay_Num<>"",0,"")) -> 2455897.9 | J35: ='[3]B11-L8'!J42 -> PAID | L35: TOTAL AMOUNT | BW35: 34058 | BX35: =BW35-BY35 -> -912.21262 | BY35: =BZ34*16%/12 -> 34970.213 | BZ35: =BZ34-BX35 -> 2623678.2
A36: =IF(Values_Entered,A35+1,"") -> 12 | B36: =B35+31 -> 45342 | C36: =IF(Pay_Num<>"",I35,"") -> 2455897.9 | D36: =IF(Pay_Num<>"",Scheduled_Monthly_Payment,"") -> 32413.313 | F36: =IF(AND(Pay_Num<>"",Sched_Pay+Extra_Pay<Beg_Bal),Sched_Pay+Extra_Pay,IF(Pay_Num<>"",Beg_Bal,"")) -> 32413.313 | G36: =IF(Pay_Num<>"",Total_Pay-Int,"") -> 15017.37 | H36: =IF(Pay_Num<>"",Beg_Bal*Interest_Rate/Num_Pmt_Per_Year,"") -> 17395.943 | I36: =IF(AND(Pay_Num<>"",Sched_Pay+Extra_Pay<Beg_Bal),Beg_Bal-Princ,IF(Pay_Num<>"",0,"")) -> 2440880.5 | J36: ='[3]B11-L8'!J43 -> PAID | L36: =SUM(F25:F84) -> 1944798.8 | BW36: 34058 | BX36: =BW36-BY36 -> -924.37546 | BY36: =BZ35*16%/12 -> 34982.375 | BZ36: =BZ35-BX36 -> 2624602.5
A37: =IF(Values_Entered,A36+1,"") -> 13 | B37: =B36+29 -> 45371 | C37: =IF(Pay_Num<>"",I36,"") -> 2440880.5 | D37: =IF(Pay_Num<>"",Scheduled_Monthly_Payment,"") -> 32413.313 | F37: =IF(AND(Pay_Num<>"",Sched_Pay+Extra_Pay<Beg_Bal),Sched_Pay+Extra_Pay,IF(Pay_Num<>"",Beg_Bal,"")) -> 32413.313 | G37: =IF(Pay_Num<>"",Total_Pay-Int,"") -> 15123.743 | H37: =IF(Pay_Num<>"",Beg_Bal*Interest_Rate/Num_Pmt_Per_Year,"") -> 17289.57 | I37: =IF(AND(Pay_Num<>"",Sched_Pay+Extra_Pay<Beg_Bal),Beg_Bal-Princ,IF(Pay_Num<>"",0,"")) -> 2425756.8 | J37: ='[3]B11-L8'!J44 -> PAID | BW37: 34058 | BX37: =BW37-BY37 -> -936.70047 | BY37: =BZ36*16%/12 -> 34994.7 | BZ37: =BZ36-BX37 -> 2625539.2
A38: =IF(Values_Entered,A37+1,"") -> 14 | B38: =B37+31 -> 45402 | C38: =IF(Pay_Num<>"",I37,"") -> 2425756.8 | D38: =IF(Pay_Num<>"",Scheduled_Monthly_Payment,"") -> 32413.313 | F38: =IF(AND(Pay_Num<>"",Sched_Pay+Extra_Pay<Beg_Bal),Sched_Pay+Extra_Pay,IF(Pay_Num<>"",Beg_Bal,"")) -> 32413.313 | G38: =IF(Pay_Num<>"",Total_Pay-Int,"") -> 15230.869 | H38: =IF(Pay_Num<>"",Beg_Bal*Interest_Rate/Num_Pmt_Per_Year,"") -> 17182.444 | I38: =IF(AND(Pay_Num<>"",Sched_Pay+Extra_Pay<Beg_Bal),Beg_Bal-Princ,IF(Pay_Num<>"",0,"")) -> 2410525.9 | J38: ='[3]B11-L8'!J45 -> PAID | BW38: 34058 | BX38: =BW38-BY38 -> -949.18981 | BY38: =BZ37*16%/12 -> 35007.19 | BZ38: =BZ37-BX38 -> 2626488.4
A39: =IF(Values_Entered,A38+1,"") -> 15 | B39: =B38+30 -> 45432 | C39: =IF(Pay_Num<>"",I38,"") -> 2410525.9 | D39: =IF(Pay_Num<>"",Scheduled_Monthly_Payment,"") -> 32413.313 | F39: =IF(AND(Pay_Num<>"",Sched_Pay+Extra_Pay<Beg_Bal),Sched_Pay+Extra_Pay,IF(Pay_Num<>"",Beg_Bal,"")) -> 32413.313 | G39: =IF(Pay_Num<>"",Total_Pay-Int,"") -> 15338.755 | H39: =IF(Pay_Num<>"",Beg_Bal*Interest_Rate/Num_Pmt_Per_Year,"") -> 17074.558 | I39: =IF(AND(Pay_Num<>"",Sched_Pay+Extra_Pay<Beg_Bal),Beg_Bal-Princ,IF(Pay_Num<>"",0,"")) -> 2395187.1 | J39: ='[3]B11-L8'!J46 -> PAID | BW39: 34058 | BX39: =BW39-BY39 -> -961.84567 | BY39: =BZ38*16%/12 -> 35019.846 | BZ39: =BZ38-BX39 -> 2627450.3
A40: =IF(Values_Entered,A39+1,"") -> 16 | B40: =B39+31 -> 45463 | C40: =IF(Pay_Num<>"",I39,"") -> 2395187.1 | D40: =IF(Pay_Num<>"",Scheduled_Monthly_Payment,"") -> 32413.313 | F40: =IF(AND(Pay_Num<>"",Sched_Pay+Extra_Pay<Beg_Bal),Sched_Pay+Extra_Pay,IF(Pay_Num<>"",Beg_Bal,"")) -> 32413.313 | G40: =IF(Pay_Num<>"",Total_Pay-Int,"") -> 15447.404 | H40: =IF(Pay_Num<>"",Beg_Bal*Interest_Rate/Num_Pmt_Per_Year,"") -> 16965.909 | I40: =IF(AND(Pay_Num<>"",Sched_Pay+Extra_Pay<Beg_Bal),Beg_Bal-Princ,IF(Pay_Num<>"",0,"")) -> 2379739.7 | J40: ='[3]B11-L8'!J47 -> PAID | BW40: 34058 | BX40: =BW40-BY40 -> -974.67028 | BY40: =BZ39*16%/12 -> 35032.67 | BZ40: =BZ39-BX40 -> 2628424.9
A41: =IF(Values_Entered,A40+1,"") -> 17 | B41: =B40+30 -> 45493 | C41: =IF(Pay_Num<>"",I40,"") -> 2379739.7 | D41: =IF(Pay_Num<>"",Scheduled_Monthly_Payment,"") -> 32413.313 | F41: =IF(AND(Pay_Num<>"",Sched_Pay+Extra_Pay<Beg_Bal),Sched_Pay+Extra_Pay,IF(Pay_Num<>"",Beg_Bal,"")) -> 32413.313 | G41: =IF(Pay_Num<>"",Total_Pay-Int,"") -> 15556.823 | H41: =IF(Pay_Num<>"",Beg_Bal*Interest_Rate/Num_Pmt_Per_Year,"") -> 16856.49 | I41: =IF(AND(Pay_Num<>"",Sched_Pay+Extra_Pay<Beg_Bal),Beg_Bal-Princ,IF(Pay_Num<>"",0,"")) -> 2364182.9 | J41: ='[3]B11-L8'!J48 -> PAID | BW41: 34058 | BX41: =BW41-BY41 -> -987.66588 | BY41: =BZ40*16%/12 -> 35045.666 | BZ41: =BZ40-BX41 -> 2629412.6
A42: =IF(Values_Entered,A41+1,"") -> 18 | B42: =B41+31 -> 45524 | C42: =IF(Pay_Num<>"",I41,"") -> 2364182.9 | D42: =IF(Pay_Num<>"",Scheduled_Monthly_Payment,"") -> 32413.313 | F42: =IF(AND(Pay_Num<>"",Sched_Pay+Extra_Pay<Beg_Bal),Sched_Pay+Extra_Pay,IF(Pay_Num<>"",Beg_Bal,"")) -> 32413.313 | G42: =IF(Pay_Num<>"",Total_Pay-Int,"") -> 15667.018 | H42: =IF(Pay_Num<>"",Beg_Bal*Interest_Rate/Num_Pmt_Per_Year,"") -> 16746.296 | I42: =IF(AND(Pay_Num<>"",Sched_Pay+Extra_Pay<Beg_Bal),Beg_Bal-Princ,IF(Pay_Num<>"",0,"")) -> 2348515.9 | J42: ='[3]B11-L8'!J49 -> PAID | BW42: 34058 | BX42: =BW42-BY42 -> -1000.8348 | BY42: =BZ41*16%/12 -> 35058.835 | BZ42: =BZ41-BX42 -> 2630413.4
A43: =IF(Values_Entered,A42+1,"") -> 19 | B43: =B42+31 -> 45555 | C43: =IF(Pay_Num<>"",I42,"") -> 2348515.9 | D43: =IF(Pay_Num<>"",Scheduled_Monthly_Payment,"") -> 32413.313 | F43: =IF(AND(Pay_Num<>"",Sched_Pay+Extra_Pay<Beg_Bal),Sched_Pay+Extra_Pay,IF(Pay_Num<>"",Beg_Bal,"")) -> 32413.313 | G43: =IF(Pay_Num<>"",Total_Pay-Int,"") -> 15777.992 | H43: =IF(Pay_Num<>"",Beg_Bal*Interest_Rate/Num_Pmt_Per_Year,"") -> 16635.321 | I43: =IF(AND(Pay_Num<>"",Sched_Pay+Extra_Pay<Beg_Bal),Beg_Bal-Princ,IF(Pay_Num<>"",0,"")) -> 2332737.9 | J43: ='[3]B11-L8'!J50 -> PAID | BW43: 34058 | BX43: =BW43-BY43 -> -1014.1792 | BY43: =BZ42*16%/12 -> 35072.179 | BZ43: =BZ42-BX43 -> 2631427.6
A44: =IF(Values_Entered,A43+1,"") -> 20 | B44: =B43+30 -> 45585 | C44: =IF(Pay_Num<>"",I43,"") -> 2332737.9 | D44: =IF(Pay_Num<>"",Scheduled_Monthly_Payment,"") -> 32413.313 | F44: =IF(AND(Pay_Num<>"",Sched_Pay+Extra_Pay<Beg_Bal),Sched_Pay+Extra_Pay,IF(Pay_Num<>"",Beg_Bal,"")) -> 32413.313 | G44: =IF(Pay_Num<>"",Total_Pay-Int,"") -> 15889.753 | H44: =IF(Pay_Num<>"",Beg_Bal*Interest_Rate/Num_Pmt_Per_Year,"") -> 16523.56 | I44: =IF(AND(Pay_Num<>"",Sched_Pay+Extra_Pay<Beg_Bal),Beg_Bal-Princ,IF(Pay_Num<>"",0,"")) -> 2316848.2 | J44: ='[3]B11-L8'!J51 -> PAID | BW44: 34058 | BX44: =BW44-BY44 -> -1027.7016 | BY44: =BZ43*16%/12 -> 35085.702 | BZ44: =BZ43-BX44 -> 2632455.3
A45: =IF(Values_Entered,A44+1,"") -> 21 | B45: =B44+31 -> 45616 | C45: =IF(Pay_Num<>"",I44,"") -> 2316848.2 | D45: =IF(Pay_Num<>"",Scheduled_Monthly_Payment,"") -> 32413.313 | F45: =IF(AND(Pay_Num<>"",Sched_Pay+Extra_Pay<Beg_Bal),Sched_Pay+Extra_Pay,IF(Pay_Num<>"",Beg_Bal,"")) -> 32413.313 | G45: =IF(Pay_Num<>"",Total_Pay-Int,"") -> 16002.305 | H45: =IF(Pay_Num<>"",Beg_Bal*Interest_Rate/Num_Pmt_Per_Year,"") -> 16411.008 | I45: =IF(AND(Pay_Num<>"",Sched_Pay+Extra_Pay<Beg_Bal),Beg_Bal-Princ,IF(Pay_Num<>"",0,"")) -> 2300845.8 | J45: ='[3]B11-L8'!J52 -> PAID | BW45: 34058 | BX45: =BW45-BY45 -> -1041.4043 | BY45: =BZ44*16%/12 -> 35099.404 | BZ45: =BZ44-BX45 -> 2633496.7
A46: =IF(Values_Entered,A45+1,"") -> 22 | B46: =B45+30 -> 45646 | C46: =IF(Pay_Num<>"",I45,"") -> 2300845.8 | D46: =IF(Pay_Num<>"",Scheduled_Monthly_Payment,"") -> 32413.313 | F46: =IF(AND(Pay_Num<>"",Sched_Pay+Extra_Pay<Beg_Bal),Sched_Pay+Extra_Pay,IF(Pay_Num<>"",Beg_Bal,"")) -> 32413.313 | G46: =IF(Pay_Num<>"",Total_Pay-Int,"") -> 16115.655 | H46: =IF(Pay_Num<>"",Beg_Bal*Interest_Rate/Num_Pmt_Per_Year,"") -> 16297.658 | I46: =IF(AND(Pay_Num<>"",Sched_Pay+Extra_Pay<Beg_Bal),Beg_Bal-Princ,IF(Pay_Num<>"",0,"")) -> 2284730.2 | J46: ='[3]B11-L8'!J53 -> PAID | BW46: 34058 | BX46: =BW46-BY46 -> -1055.2897 | BY46: =BZ45*16%/12 -> 35113.29 | BZ46: =BZ45-BX46 -> 2634552
A47: =IF(Values_Entered,A46+1,"") -> 23 | B47: =B46+31 -> 45677 | C47: =IF(Pay_Num<>"",I46,"") -> 2284730.2 | D47: =IF(Pay_Num<>"",Scheduled_Monthly_Payment,"") -> 32413.313 | F47: =IF(AND(Pay_Num<>"",Sched_Pay+Extra_Pay<Beg_Bal),Sched_Pay+Extra_Pay,IF(Pay_Num<>"",Beg_Bal,"")) -> 32413.313 | G47: =IF(Pay_Num<>"",Total_Pay-Int,"") -> 16229.808 | H47: =IF(Pay_Num<>"",Beg_Bal*Interest_Rate/Num_Pmt_Per_Year,"") -> 16183.506 | I47: =IF(AND(Pay_Num<>"",Sched_Pay+Extra_Pay<Beg_Bal),Beg_Bal-Princ,IF(Pay_Num<>"",0,"")) -> 2268500.4 | J47: ='[3]B11-L8'!J54 -> PAID | BW47: 34058 | BX47: =BW47-BY47 -> -1069.3602 | BY47: =BZ46*16%/12 -> 35127.36 | BZ47: =BZ46-BX47 -> 2635621.4
A48: =IF(Values_Entered,A47+1,"") -> 24 | B48: =B47+31 -> 45708 | C48: =IF(Pay_Num<>"",I47,"") -> 2268500.4 | D48: =IF(Pay_Num<>"",Scheduled_Monthly_Payment,"") -> 32413.313 | F48: =IF(AND(Pay_Num<>"",Sched_Pay+Extra_Pay<Beg_Bal),Sched_Pay+Extra_Pay,IF(Pay_Num<>"",Beg_Bal,"")) -> 32413.313 | G48: =IF(Pay_Num<>"",Total_Pay-Int,"") -> 16344.769 | H48: =IF(Pay_Num<>"",Beg_Bal*Interest_Rate/Num_Pmt_Per_Year,"") -> 16068.544 | I48: =IF(AND(Pay_Num<>"",Sched_Pay+Extra_Pay<Beg_Bal),Beg_Bal-Princ,IF(Pay_Num<>"",0,"")) -> 2252155.6 | J48: ='[3]B11-L8'!J55 -> PAID | BW48: 34058 | BX48: =BW48-BY48 -> -1083.6184 | BY48: =BZ47*16%/12 -> 35141.618 | BZ48: =BZ47-BX48 -> 2636705
A49: =IF(Values_Entered,A48+1,"") -> 25 | B49: =B48+28 -> 45736 | C49: =IF(Pay_Num<>"",I48,"") -> 2252155.6 | D49: =IF(Pay_Num<>"",Scheduled_Monthly_Payment,"") -> 32413.313 | F49: =IF(AND(Pay_Num<>"",Sched_Pay+Extra_Pay<Beg_Bal),Sched_Pay+Extra_Pay,IF(Pay_Num<>"",Beg_Bal,"")) -> 32413.313 | G49: =IF(Pay_Num<>"",Total_Pay-Int,"") -> 16460.544 | H49: =IF(Pay_Num<>"",Beg_Bal*Interest_Rate/Num_Pmt_Per_Year,"") -> 15952.769 | I49: =IF(AND(Pay_Num<>"",Sched_Pay+Extra_Pay<Beg_Bal),Beg_Bal-Princ,IF(Pay_Num<>"",0,"")) -> 2235695.1 | J49: ='[3]B11-L8'!J56 -> PAID | BW49: 34058 | BX49: =BW49-BY49 -> -1098.0666 | BY49: =BZ48*16%/12 -> 35156.067 | BZ49: =BZ48-BX49 -> 2637803.1
A50: =IF(Values_Entered,A49+1,"") -> 26 | B50: =B49+31 -> 45767 | C50: =IF(Pay_Num<>"",I49,"") -> 2235695.1 | D50: =IF(Pay_Num<>"",Scheduled_Monthly_Payment,"") -> 32413.313 | F50: =IF(AND(Pay_Num<>"",Sched_Pay+Extra_Pay<Beg_Bal),Sched_Pay+Extra_Pay,IF(Pay_Num<>"",Beg_Bal,"")) -> 32413.313 | G50: =IF(Pay_Num<>"",Total_Pay-Int,"") -> 16577.14 | H50: =IF(Pay_Num<>"",Beg_Bal*Interest_Rate/Num_Pmt_Per_Year,"") -> 15836.173 | I50: =IF(AND(Pay_Num<>"",Sched_Pay+Extra_Pay<Beg_Bal),Beg_Bal-Princ,IF(Pay_Num<>"",0,"")) -> 2219117.9 | J50: ='[3]B11-L8'!J57 -> PAID | BW50: 34058 | BX50: =BW50-BY50 -> -1112.7075 | BY50: =BZ49*16%/12 -> 35170.707 | BZ50: =BZ49-BX50 -> 2638915.8
A51: =IF(Values_Entered,A50+1,"") -> 27 | B51: =B50+30 -> 45797 | C51: =IF(Pay_Num<>"",I50,"") -> 2219117.9 | D51: =IF(Pay_Num<>"",Scheduled_Monthly_Payment,"") -> 32413.313 | F51: =IF(AND(Pay_Num<>"",Sched_Pay+Extra_Pay<Beg_Bal),Sched_Pay+Extra_Pay,IF(Pay_Num<>"",Beg_Bal,"")) -> 32413.313 | G51: =IF(Pay_Num<>"",Total_Pay-Int,"") -> 16694.561 | H51: =IF(Pay_Num<>"",Beg_Bal*Interest_Rate/Num_Pmt_Per_Year,"") -> 15718.752 | I51: =IF(AND(Pay_Num<>"",Sched_Pay+Extra_Pay<Beg_Bal),Beg_Bal-Princ,IF(Pay_Num<>"",0,"")) -> 2202423.4 | J51: ='[3]B11-L8'!J58 -> PAID | BW51: 34058 | BX51: =BW51-BY51 -> -1127.5436 | BY51: =BZ50*16%/12 -> 35185.544 | BZ51: =BZ50-BX51 -> 2640043.3
A52: =IF(Values_Entered,A51+1,"") -> 28 | B52: =B51+31 -> 45828 | C52: =IF(Pay_Num<>"",I51,"") -> 2202423.4 | D52: =IF(Pay_Num<>"",Scheduled_Monthly_Payment,"") -> 32413.313 | F52: =IF(AND(Pay_Num<>"",Sched_Pay+Extra_Pay<Beg_Bal),Sched_Pay+Extra_Pay,IF(Pay_Num<>"",Beg_Bal,"")) -> 32413.313 | G52: =IF(Pay_Num<>"",Total_Pay-Int,"") -> 16812.814 | H52: =IF(Pay_Num<>"",Beg_Bal*Interest_Rate/Num_Pmt_Per_Year,"") -> 15600.499 | I52: =IF(AND(Pay_Num<>"",Sched_Pay+Extra_Pay<Beg_Bal),Beg_Bal-Princ,IF(Pay_Num<>"",0,"")) -> 2185610.6 | J52: ='[3]B11-L8'!J59 -> PAID | BW52: 34058 | BX52: =BW52-BY52 -> -1142.5775 | BY52: =BZ51*16%/12 -> 35200.578 | BZ52: =BZ51-BX52 -> 2641185.9
A53: =IF(Values_Entered,A52+1,"") -> 29 | B53: =B52+30 -> 45858 | C53: =IF(Pay_Num<>"",I52,"") -> 2185610.6 | D53: =IF(Pay_Num<>"",Scheduled_Monthly_Payment,"") -> 32413.313 | F53: =IF(AND(Pay_Num<>"",Sched_Pay+Extra_Pay<Beg_Bal),Sched_Pay+Extra_Pay,IF(Pay_Num<>"",Beg_Bal,"")) -> 32413.313 | G53: =IF(Pay_Num<>"",Total_Pay-Int,"") -> 16931.905 | H53: =IF(Pay_Num<>"",Beg_Bal*Interest_Rate/Num_Pmt_Per_Year,"") -> 15481.408 | I53: =IF(AND(Pay_Num<>"",Sched_Pay+Extra_Pay<Beg_Bal),Beg_Bal-Princ,IF(Pay_Num<>"",0,"")) -> 2168678.6 | J53: ='[3]B11-L8'!J60 -> PAID | BW53: 34058 | BX53: =BW53-BY53 -> -1157.8119 | BY53: =BZ52*16%/12 -> 35215.812 | BZ53: =BZ52-BX53 -> 2642343.7
A54: =IF(Values_Entered,A53+1,"") -> 30 | B54: =B53+31 -> 45889 | C54: =IF(Pay_Num<>"",I53,"") -> 2168678.6 | D54: =IF(Pay_Num<>"",Scheduled_Monthly_Payment,"") -> 32413.313 | F54: =IF(AND(Pay_Num<>"",Sched_Pay+Extra_Pay<Beg_Bal),Sched_Pay+Extra_Pay,IF(Pay_Num<>"",Beg_Bal,"")) -> 32413.313 | G54: =IF(Pay_Num<>"",Total_Pay-Int,"") -> 17051.839 | H54: =IF(Pay_Num<>"",Beg_Bal*Interest_Rate/Num_Pmt_Per_Year,"") -> 15361.474 | I54: =IF(AND(Pay_Num<>"",Sched_Pay+Extra_Pay<Beg_Bal),Beg_Bal-Princ,IF(Pay_Num<>"",0,"")) -> 2151626.8 | J54: ='[3]B11-L8'!J61 -> PAID | BW54: 34058 | BX54: =BW54-BY54 -> -1173.2494 | BY54: =BZ53*16%/12 -> 35231.249 | BZ54: =BZ53-BX54 -> 2643517
A55: =IF(Values_Entered,A54+1,"") -> 31 | B55: =B54+31 -> 45920 | C55: =IF(Pay_Num<>"",I54,"") -> 2151626.8 | D55: =IF(Pay_Num<>"",Scheduled_Monthly_Payment,"") -> 32413.313 | F55: =IF(AND(Pay_Num<>"",Sched_Pay+Extra_Pay<Beg_Bal),Sched_Pay+Extra_Pay,IF(Pay_Num<>"",Beg_Bal,"")) -> 32413.313 | G55: =IF(Pay_Num<>"",Total_Pay-Int,"") -> 17172.623 | H55: =IF(Pay_Num<>"",Beg_Bal*Interest_Rate/Num_Pmt_Per_Year,"") -> 15240.69 | I55: =IF(AND(Pay_Num<>"",Sched_Pay+Extra_Pay<Beg_Bal),Beg_Bal-Princ,IF(Pay_Num<>"",0,"")) -> 2134454.2 | J55: ='[3]B11-L8'!J62 -> PAID | BW55: 34058 | BX55: =BW55-BY55 -> -1188.8927 | BY55: =BZ54*16%/12 -> 35246.893 | BZ55: =BZ54-BX55 -> 2644705.8
A56: =IF(Values_Entered,A55+1,"") -> 32 | B56: =B55+30 -> 45950 | C56: =IF(Pay_Num<>"",I55,"") -> 2134454.2 | D56: =IF(Pay_Num<>"",Scheduled_Monthly_Payment,"") -> 32413.313 | F56: =IF(AND(Pay_Num<>"",Sched_Pay+Extra_Pay<Beg_Bal),Sched_Pay+Extra_Pay,IF(Pay_Num<>"",Beg_Bal,"")) -> 32413.313 | G56: =IF(Pay_Num<>"",Total_Pay-Int,"") -> 17294.263 | H56: =IF(Pay_Num<>"",Beg_Bal*Interest_Rate/Num_Pmt_Per_Year,"") -> 15119.05 | I56: =IF(AND(Pay_Num<>"",Sched_Pay+Extra_Pay<Beg_Bal),Beg_Bal-Princ,IF(Pay_Num<>"",0,"")) -> 2117159.9 | J56: ='[3]B11-L8'!J63 -> PAID | BW56: 34058 | BX56: =BW56-BY56 -> -1204.7446 | BY56: =BZ55*16%/12 -> 35262.745 | BZ56: =BZ55-BX56 -> 2645910.6
A57: =IF(Values_Entered,A56+1,"") -> 33 | B57: =B56+31 -> 45981 | C57: =IF(Pay_Num<>"",I56,"") -> 2117159.9 | D57: =IF(Pay_Num<>"",Scheduled_Monthly_Payment,"") -> 32413.313 | F57: =IF(AND(Pay_Num<>"",Sched_Pay+Extra_Pay<Beg_Bal),Sched_Pay+Extra_Pay,IF(Pay_Num<>"",Beg_Bal,"")) -> 32413.313 | G57: =IF(Pay_Num<>"",Total_Pay-Int,"") -> 17416.764 | H57: =IF(Pay_Num<>"",Beg_Bal*Interest_Rate/Num_Pmt_Per_Year,"") -> 14996.549 | I57: =IF(AND(Pay_Num<>"",Sched_Pay+Extra_Pay<Beg_Bal),Beg_Bal-Princ,IF(Pay_Num<>"",0,"")) -> 2099743.2 | J57: ='[3]B11-L8'!J64 -> PAID | BW57: 34058 | BX57: =BW57-BY57 -> -1220.8079 | BY57: =BZ56*16%/12 -> 35278.808 | BZ57: =BZ56-BX57 -> 2647131.4
A58: =IF(Values_Entered,A57+1,"") -> 34 | B58: =B57+30 -> 46011 | C58: =IF(Pay_Num<>"",I57,"") -> 2099743.2 | D58: =IF(Pay_Num<>"",Scheduled_Monthly_Payment,"") -> 32413.313 | F58: =IF(AND(Pay_Num<>"",Sched_Pay+Extra_Pay<Beg_Bal),Sched_Pay+Extra_Pay,IF(Pay_Num<>"",Beg_Bal,"")) -> 32413.313 | G58: =IF(Pay_Num<>"",Total_Pay-Int,"") -> 17540.132 | H58: =IF(Pay_Num<>"",Beg_Bal*Interest_Rate/Num_Pmt_Per_Year,"") -> 14873.181 | I58: =IF(AND(Pay_Num<>"",Sched_Pay+Extra_Pay<Beg_Bal),Beg_Bal-Princ,IF(Pay_Num<>"",0,"")) -> 2082203 | J58: ='[3]B11-L8'!J65 -> PAID | BW58: 34058 | BX58: =BW58-BY58 -> -1237.0853 | BY58: =BZ57*16%/12 -> 35295.085 | BZ58: =BZ57-BX58 -> 2648368.5
A59: =IF(Values_Entered,A58+1,"") -> 35 | B59: =B58+31 -> 46042 | C59: =IF(Pay_Num<>"",I58,"") -> 2082203 | D59: =IF(Pay_Num<>"",Scheduled_Monthly_Payment,"") -> 32413.313 | F59: =IF(AND(Pay_Num<>"",Sched_Pay+Extra_Pay<Beg_Bal),Sched_Pay+Extra_Pay,IF(Pay_Num<>"",Beg_Bal,"")) -> 32413.313 | G59: =IF(Pay_Num<>"",Total_Pay-Int,"") -> 17664.375 | H59: =IF(Pay_Num<>"",Beg_Bal*Interest_Rate/Num_Pmt_Per_Year,"") -> 14748.938 | I59: =IF(AND(Pay_Num<>"",Sched_Pay+Extra_Pay<Beg_Bal),Beg_Bal-Princ,IF(Pay_Num<>"",0,"")) -> 2064538.7 | J59: ='[3]B11-L8'!J66 -> PAID | BW59: 34058 | BX59: =BW59-BY59 -> -1253.5798 | BY59: =BZ58*16%/12 -> 35311.58 | BZ59: =BZ58-BX59 -> 2649622.1
A60: =IF(Values_Entered,A59+1,"") -> 36 | B60: =B59+31 -> 46073 | C60: =IF(Pay_Num<>"",I59,"") -> 2064538.7 | D60: =IF(Pay_Num<>"",Scheduled_Monthly_Payment,"") -> 32413.313 | F60: =IF(AND(Pay_Num<>"",Sched_Pay+Extra_Pay<Beg_Bal),Sched_Pay+Extra_Pay,IF(Pay_Num<>"",Beg_Bal,"")) -> 32413.313 | G60: =IF(Pay_Num<>"",Total_Pay-Int,"") -> 17789.498 | H60: =IF(Pay_Num<>"",Beg_Bal*Interest_Rate/Num_Pmt_Per_Year,"") -> 14623.815 | I60: =IF(AND(Pay_Num<>"",Sched_Pay+Extra_Pay<Beg_Bal),Beg_Bal-Princ,IF(Pay_Num<>"",0,"")) -> 2046749.2 | J60: ='[3]B11-L8'!J67 -> PAID | BW60: 34058 | BX60: =BW60-BY60 -> -1270.2942 | BY60: =BZ59*16%/12 -> 35328.294 | BZ60: =BZ59-BX60 -> 2650892.4
A61: =IF(Values_Entered,A60+1,"") -> 37 | B61: =B60+28 -> 46101 | C61: =IF(Pay_Num<>"",I60,"") -> 2046749.2 | D61: =IF(Pay_Num<>"",Scheduled_Monthly_Payment,"") -> 32413.313 | F61: =IF(AND(Pay_Num<>"",Sched_Pay+Extra_Pay<Beg_Bal),Sched_Pay+Extra_Pay,IF(Pay_Num<>"",Beg_Bal,"")) -> 32413.313 | G61: =IF(Pay_Num<>"",Total_Pay-Int,"") -> 17915.507 | H61: =IF(Pay_Num<>"",Beg_Bal*Interest_Rate/Num_Pmt_Per_Year,"") -> 14497.807 | I61: =IF(AND(Pay_Num<>"",Sched_Pay+Extra_Pay<Beg_Bal),Beg_Bal-Princ,IF(Pay_Num<>"",0,"")) -> 2028833.6 | J61: ='[3]B11-L8'!J68 -> PAID | BW61: 34058 | BX61: =BW61-BY61 -> -1287.2314 | BY61: =BZ60*16%/12 -> 35345.231 | BZ61: =BZ60-BX61 -> 2652179.6
A62: =IF(Values_Entered,A61+1,"") -> 38 | B62: =B61+31 -> 46132 | C62: =IF(Pay_Num<>"",I61,"") -> 2028833.6 | D62: =IF(Pay_Num<>"",Scheduled_Monthly_Payment,"") -> 32413.313 | F62: =IF(AND(Pay_Num<>"",Sched_Pay+Extra_Pay<Beg_Bal),Sched_Pay+Extra_Pay,IF(Pay_Num<>"",Beg_Bal,"")) -> 32413.313 | G62: =IF(Pay_Num<>"",Total_Pay-Int,"") -> 18042.408 | H62: =IF(Pay_Num<>"",Beg_Bal*Interest_Rate/Num_Pmt_Per_Year,"") -> 14370.905 | I62: =IF(AND(Pay_Num<>"",Sched_Pay+Extra_Pay<Beg_Bal),Beg_Bal-Princ,IF(Pay_Num<>"",0,"")) -> 2010791.2 | J62: ='[3]B11-L8'!J69 -> BOUNCED CHECK 2.28.2024 | BW62: 34058 | BX62: =BW62-BY62 -> -1304.3945 | BY62: =BZ61*16%/12 -> 35362.394 | BZ62: =BZ61-BX62 -> 2653484
A63: =IF(Values_Entered,A62+1,"") -> 39 | B63: =B62+30 -> 46162 | C63: =IF(Pay_Num<>"",I62,"") -> 2010791.2 | D63: =IF(Pay_Num<>"",Scheduled_Monthly_Payment,"") -> 32413.313 | F63: =IF(AND(Pay_Num<>"",Sched_Pay+Extra_Pay<Beg_Bal),Sched_Pay+Extra_Pay,IF(Pay_Num<>"",Beg_Bal,"")) -> 32413.313 | G63: =IF(Pay_Num<>"",Total_Pay-Int,"") -> 18170.209 | H63: =IF(Pay_Num<>"",Beg_Bal*Interest_Rate/Num_Pmt_Per_Year,"") -> 14243.105 | I63: =IF(AND(Pay_Num<>"",Sched_Pay+Extra_Pay<Beg_Bal),Beg_Bal-Princ,IF(Pay_Num<>"",0,"")) -> 1992621 | J63: ='[3]B11-L8'!J70 -> 0 | BW63: 34058 | BX63: =BW63-BY63 -> -1321.7864 | BY63: =BZ62*16%/12 -> 35379.786 | BZ63: =BZ62-BX63 -> 2654805.8
A64: =IF(Values_Entered,A63+1,"") -> 40 | B64: =B63+31 -> 46193 | C64: =IF(Pay_Num<>"",I63,"") -> 1992621 | D64: =IF(Pay_Num<>"",Scheduled_Monthly_Payment,"") -> 32413.313 | F64: =IF(AND(Pay_Num<>"",Sched_Pay+Extra_Pay<Beg_Bal),Sched_Pay+Extra_Pay,IF(Pay_Num<>"",Beg_Bal,"")) -> 32413.313 | G64: =IF(Pay_Num<>"",Total_Pay-Int,"") -> 18298.914 | H64: =IF(Pay_Num<>"",Beg_Bal*Interest_Rate/Num_Pmt_Per_Year,"") -> 14114.399 | I64: =IF(AND(Pay_Num<>"",Sched_Pay+Extra_Pay<Beg_Bal),Beg_Bal-Princ,IF(Pay_Num<>"",0,"")) -> 1974322.1 | J64: ='[3]B11-L8'!J71 -> PAID | BW64: 34058 | BX64: =BW64-BY64 -> -1339.4102 | BY64: =BZ63*16%/12 -> 35397.41 | BZ64: =BZ63-BX64 -> 2656145.2
A65: =IF(Values_Entered,A64+1,"") -> 41 | B65: =B64+30 -> 46223 | C65: =IF(Pay_Num<>"",I64,"") -> 1974322.1 | D65: =IF(Pay_Num<>"",Scheduled_Monthly_Payment,"") -> 32413.313 | F65: =IF(AND(Pay_Num<>"",Sched_Pay+Extra_Pay<Beg_Bal),Sched_Pay+Extra_Pay,IF(Pay_Num<>"",Beg_Bal,"")) -> 32413.313 | G65: =IF(Pay_Num<>"",Total_Pay-Int,"") -> 18428.532 | H65: =IF(Pay_Num<>"",Beg_Bal*Interest_Rate/Num_Pmt_Per_Year,"") -> 13984.782 | I65: =IF(AND(Pay_Num<>"",Sched_Pay+Extra_Pay<Beg_Bal),Beg_Bal-Princ,IF(Pay_Num<>"",0,"")) -> 1955893.6 | J65: ='[3]B11-L8'!J72 -> PAID | BW65: 34058 | BX65: =BW65-BY65 -> -1357.269 | BY65: =BZ64*16%/12 -> 35415.269 | BZ65: =BZ64-BX65 -> 2657502.4
A66: =IF(Values_Entered,A65+1,"") -> 42 | B66: =B65+31 -> 46254 | C66: =IF(Pay_Num<>"",I65,"") -> 1955893.6 | D66: =IF(Pay_Num<>"",Scheduled_Monthly_Payment,"") -> 32413.313 | F66: =IF(AND(Pay_Num<>"",Sched_Pay+Extra_Pay<Beg_Bal),Sched_Pay+Extra_Pay,IF(Pay_Num<>"",Beg_Bal,"")) -> 32413.313 | G66: =IF(Pay_Num<>"",Total_Pay-Int,"") -> 18559.067 | H66: =IF(Pay_Num<>"",Beg_Bal*Interest_Rate/Num_Pmt_Per_Year,"") -> 13854.246 | I66: =IF(AND(Pay_Num<>"",Sched_Pay+Extra_Pay<Beg_Bal),Beg_Bal-Princ,IF(Pay_Num<>"",0,"")) -> 1937334.5 | J66: ='[3]B11-L8'!J73 -> PAID | BW66: 34058 | BX66: =BW66-BY66 -> -1375.366 | BY66: =BZ65*16%/12 -> 35433.366 | BZ66: =BZ65-BX66 -> 2658877.8
A67: =IF(Values_Entered,A66+1,"") -> 43 | B67: =B66+31 -> 46285 | C67: =IF(Pay_Num<>"",I66,"") -> 1937334.5 | D67: =IF(Pay_Num<>"",Scheduled_Monthly_Payment,"") -> 32413.313 | F67: =IF(AND(Pay_Num<>"",Sched_Pay+Extra_Pay<Beg_Bal),Sched_Pay+Extra_Pay,IF(Pay_Num<>"",Beg_Bal,"")) -> 32413.313 | G67: =IF(Pay_Num<>"",Total_Pay-Int,"") -> 18690.527 | H67: =IF(Pay_Num<>"",Beg_Bal*Interest_Rate/Num_Pmt_Per_Year,"") -> 13722.786 | I67: =IF(AND(Pay_Num<>"",Sched_Pay+Extra_Pay<Beg_Bal),Beg_Bal-Princ,IF(Pay_Num<>"",0,"")) -> 1918644 | J67: ='[3]B11-L8'!J74 -> PAID | BW67: 34058 | BX67: =BW67-BY67 -> -1393.7042 | BY67: =BZ66*16%/12 -> 35451.704 | BZ67: =BZ66-BX67 -> 2660271.5
A68: =IF(Values_Entered,A67+1,"") -> 44 | B68: =B67+30 -> 46315 | C68: =IF(Pay_Num<>"",I67,"") -> 1918644 | D68: =IF(Pay_Num<>"",Scheduled_Monthly_Payment,"") -> 32413.313 | F68: =IF(AND(Pay_Num<>"",Sched_Pay+Extra_Pay<Beg_Bal),Sched_Pay+Extra_Pay,IF(Pay_Num<>"",Beg_Bal,"")) -> 32413.313 | G68: =IF(Pay_Num<>"",Total_Pay-Int,"") -> 18822.918 | H68: =IF(Pay_Num<>"",Beg_Bal*Interest_Rate/Num_Pmt_Per_Year,"") -> 13590.395 | I68: =IF(AND(Pay_Num<>"",Sched_Pay+Extra_Pay<Beg_Bal),Beg_Bal-Princ,IF(Pay_Num<>"",0,"")) -> 1899821.1 | J68: ='[3]B11-L8'!J75 -> PAID | BW68: 34058 | BX68: =BW68-BY68 -> -1412.2869 | BY68: =BZ67*16%/12 -> 35470.287 | BZ68: =BZ67-BX68 -> 2661683.8
A69: =IF(Values_Entered,A68+1,"") -> 45 | B69: =B68+31 -> 46346 | C69: =IF(Pay_Num<>"",I68,"") -> 1899821.1 | D69: =IF(Pay_Num<>"",Scheduled_Monthly_Payment,"") -> 32413.313 | F69: =IF(AND(Pay_Num<>"",Sched_Pay+Extra_Pay<Beg_Bal),Sched_Pay+Extra_Pay,IF(Pay_Num<>"",Beg_Bal,"")) -> 32413.313 | G69: =IF(Pay_Num<>"",Total_Pay-Int,"") -> 18956.247 | H69: =IF(Pay_Num<>"",Beg_Bal*Interest_Rate/Num_Pmt_Per_Year,"") -> 13457.066 | I69: =IF(AND(Pay_Num<>"",Sched_Pay+Extra_Pay<Beg_Bal),Beg_Bal-Princ,IF(Pay_Num<>"",0,"")) -> 1880864.8 | J69: ='[3]B11-L8'!J76 -> PAID | BW69: 34058 | BX69: =BW69-BY69 -> -1431.1174 | BY69: =BZ68*16%/12 -> 35489.117 | BZ69: =BZ68-BX69 -> 2663114.9
A70: =IF(Values_Entered,A69+1,"") -> 46 | B70: =B69+30 -> 46376 | C70: =IF(Pay_Num<>"",I69,"") -> 1880864.8 | D70: =IF(Pay_Num<>"",Scheduled_Monthly_Payment,"") -> 32413.313 | F70: =IF(AND(Pay_Num<>"",Sched_Pay+Extra_Pay<Beg_Bal),Sched_Pay+Extra_Pay,IF(Pay_Num<>"",Beg_Bal,"")) -> 32413.313 | G70: =IF(Pay_Num<>"",Total_Pay-Int,"") -> 19090.521 | H70: =IF(Pay_Num<>"",Beg_Bal*Interest_Rate/Num_Pmt_Per_Year,"") -> 13322.793 | I70: =IF(AND(Pay_Num<>"",Sched_Pay+Extra_Pay<Beg_Bal),Beg_Bal-Princ,IF(Pay_Num<>"",0,"")) -> 1861774.3 | J70: ='[3]B11-L8'!J77 -> PAID | BW70: 34058 | BX70: =BW70-BY70 -> -1450.199 | BY70: =BZ69*16%/12 -> 35508.199 | BZ70: =BZ69-BX70 -> 2664565.1
A71: =IF(Values_Entered,A70+1,"") -> 47 | B71: =B70+31 -> 46407 | C71: =IF(Pay_Num<>"",I70,"") -> 1861774.3 | D71: =IF(Pay_Num<>"",Scheduled_Monthly_Payment,"") -> 32413.313 | F71: =IF(AND(Pay_Num<>"",Sched_Pay+Extra_Pay<Beg_Bal),Sched_Pay+Extra_Pay,IF(Pay_Num<>"",Beg_Bal,"")) -> 32413.313 | G71: =IF(Pay_Num<>"",Total_Pay-Int,"") -> 19225.745 | H71: =IF(Pay_Num<>"",Beg_Bal*Interest_Rate/Num_Pmt_Per_Year,"") -> 13187.568 | I71: =IF(AND(Pay_Num<>"",Sched_Pay+Extra_Pay<Beg_Bal),Beg_Bal-Princ,IF(Pay_Num<>"",0,"")) -> 1842548.6 | J71: ='[3]B11-L8'!J78 -> PAID | BW71: 34058 | BX71: =BW71-BY71 -> -1469.5349 | BY71: =BZ70*16%/12 -> 35527.535 | BZ71: =BZ70-BX71 -> 2666034.7
A72: =IF(Values_Entered,A71+1,"") -> 48 | B72: =B71+31 -> 46438 | C72: =IF(Pay_Num<>"",I71,"") -> 1842548.6 | D72: =IF(Pay_Num<>"",Scheduled_Monthly_Payment,"") -> 32413.313 | F72: =IF(AND(Pay_Num<>"",Sched_Pay+Extra_Pay<Beg_Bal),Sched_Pay+Extra_Pay,IF(Pay_Num<>"",Beg_Bal,"")) -> 32413.313 | G72: =IF(Pay_Num<>"",Total_Pay-Int,"") -> 19361.928 | H72: =IF(Pay_Num<>"",Beg_Bal*Interest_Rate/Num_Pmt_Per_Year,"") -> 13051.386 | I72: =IF(AND(Pay_Num<>"",Sched_Pay+Extra_Pay<Beg_Bal),Beg_Bal-Princ,IF(Pay_Num<>"",0,"")) -> 1823186.6 | J72: ='[3]B11-L8'!J79 -> PAID | BW72: 34058 | BX72: =BW72-BY72 -> -1489.1287 | BY72: =BZ71*16%/12 -> 35547.129 | BZ72: =BZ71-BX72 -> 2667523.8
A73: =IF(Values_Entered,A72+1,"") -> 49 | B73: =B72+28 -> 46466 | C73: =IF(Pay_Num<>"",I72,"") -> 1823186.6 | D73: =IF(Pay_Num<>"",Scheduled_Monthly_Payment,"") -> 32413.313 | F73: =IF(AND(Pay_Num<>"",Sched_Pay+Extra_Pay<Beg_Bal),Sched_Pay+Extra_Pay,IF(Pay_Num<>"",Beg_Bal,"")) -> 32413.313 | G73: =IF(Pay_Num<>"",Total_Pay-Int,"") -> 19499.075 | H73: =IF(Pay_Num<>"",Beg_Bal*Interest_Rate/Num_Pmt_Per_Year,"") -> 12914.239 | I73: =IF(AND(Pay_Num<>"",Sched_Pay+Extra_Pay<Beg_Bal),Beg_Bal-Princ,IF(Pay_Num<>"",0,"")) -> 1803687.6 | J73: ='[3]B11-L8'!J80 -> PAID | BW73: 34058 | BX73: =BW73-BY73 -> -1508.9838 | BY73: =BZ72*16%/12 -> 35566.984 | BZ73: =BZ72-BX73 -> 2669032.8
A74: =IF(Values_Entered,A73+1,"") -> 50 | B74: =B73+31 -> 46497 | C74: =IF(Pay_Num<>"",I73,"") -> 1803687.6 | D74: =IF(Pay_Num<>"",Scheduled_Monthly_Payment,"") -> 32413.313 | F74: =IF(AND(Pay_Num<>"",Sched_Pay+Extra_Pay<Beg_Bal),Sched_Pay+Extra_Pay,IF(Pay_Num<>"",Beg_Bal,"")) -> 32413.313 | G74: =IF(Pay_Num<>"",Total_Pay-Int,"") -> 19637.193 | H74: =IF(Pay_Num<>"",Beg_Bal*Interest_Rate/Num_Pmt_Per_Year,"") -> 12776.12 | I74: =IF(AND(Pay_Num<>"",Sched_Pay+Extra_Pay<Beg_Bal),Beg_Bal-Princ,IF(Pay_Num<>"",0,"")) -> 1784050.4 | J74: ='[3]B11-L8'!J81 -> PAID | BW74: 34058 | BX74: =BW74-BY74 -> -1529.1036 | BY74: =BZ73*16%/12 -> 35587.104 | BZ74: =BZ73-BX74 -> 2670561.9
A75: =IF(Values_Entered,A74+1,"") -> 51 | B75: =B74+30 -> 46527 | C75: =IF(Pay_Num<>"",I74,"") -> 1784050.4 | D75: =IF(Pay_Num<>"",Scheduled_Monthly_Payment,"") -> 32413.313 | F75: =IF(AND(Pay_Num<>"",Sched_Pay+Extra_Pay<Beg_Bal),Sched_Pay+Extra_Pay,IF(Pay_Num<>"",Beg_Bal,"")) -> 32413.313 | G75: =IF(Pay_Num<>"",Total_Pay-Int,"") -> 19776.29 | H75: =IF(Pay_Num<>"",Beg_Bal*Interest_Rate/Num_Pmt_Per_Year,"") -> 12637.023 | I75: =IF(AND(Pay_Num<>"",Sched_Pay+Extra_Pay<Beg_Bal),Beg_Bal-Princ,IF(Pay_Num<>"",0,"")) -> 1764274.1 | J75: ='[3]B11-L8'!J82 -> PAID | BW75: 34058 | BX75: =BW75-BY75 -> -1549.4916 | BY75: =BZ74*16%/12 -> 35607.492 | BZ75: =BZ74-BX75 -> 2672111.4
A76: =IF(Values_Entered,A75+1,"") -> 52 | B76: =B75+31 -> 46558 | C76: =IF(Pay_Num<>"",I75,"") -> 1764274.1 | D76: =IF(Pay_Num<>"",Scheduled_Monthly_Payment,"") -> 32413.313 | F76: =IF(AND(Pay_Num<>"",Sched_Pay+Extra_Pay<Beg_Bal),Sched_Pay+Extra_Pay,IF(Pay_Num<>"",Beg_Bal,"")) -> 32413.313 | G76: =IF(Pay_Num<>"",Total_Pay-Int,"") -> 19916.372 | H76: =IF(Pay_Num<>"",Beg_Bal*Interest_Rate/Num_Pmt_Per_Year,"") -> 12496.941 | I76: =IF(AND(Pay_Num<>"",Sched_Pay+Extra_Pay<Beg_Bal),Beg_Bal-Princ,IF(Pay_Num<>"",0,"")) -> 1744357.7 | J76: ='[3]B11-L8'!J83 -> PAID | BW76: 34058 | BX76: =BW76-BY76 -> -1570.1515 | BY76: =BZ75*16%/12 -> 35628.152 | BZ76: =BZ75-BX76 -> 2673681.5
A77: =IF(Values_Entered,A76+1,"") -> 53 | B77: =B76+30 -> 46588 | C77: =IF(Pay_Num<>"",I76,"") -> 1744357.7 | D77: =IF(Pay_Num<>"",Scheduled_Monthly_Payment,"") -> 32413.313 | F77: =IF(AND(Pay_Num<>"",Sched_Pay+Extra_Pay<Beg_Bal),Sched_Pay+Extra_Pay,IF(Pay_Num<>"",Beg_Bal,"")) -> 32413.313 | G77: =IF(Pay_Num<>"",Total_Pay-Int,"") -> 20057.446 | H77: =IF(Pay_Num<>"",Beg_Bal*Interest_Rate/Num_Pmt_Per_Year,"") -> 12355.867 | I77: =IF(AND(Pay_Num<>"",Sched_Pay+Extra_Pay<Beg_Bal),Beg_Bal-Princ,IF(Pay_Num<>"",0,"")) -> 1724300.3 | J77: ='[3]B11-L8'!J84 -> PAID | BW77: 34058 | BX77: =BW77-BY77 -> -1591.0869 | BY77: =BZ76*16%/12 -> 35649.087 | BZ77: =BZ76-BX77 -> 2675272.6
A78: =IF(Values_Entered,A77+1,"") -> 54 | B78: =B77+31 -> 46619 | C78: =IF(Pay_Num<>"",I77,"") -> 1724300.3 | D78: =IF(Pay_Num<>"",Scheduled_Monthly_Payment,"") -> 32413.313 | F78: =IF(AND(Pay_Num<>"",Sched_Pay+Extra_Pay<Beg_Bal),Sched_Pay+Extra_Pay,IF(Pay_Num<>"",Beg_Bal,"")) -> 32413.313 | G78: =IF(Pay_Num<>"",Total_Pay-Int,"") -> 20199.52 | H78: =IF(Pay_Num<>"",Beg_Bal*Interest_Rate/Num_Pmt_Per_Year,"") -> 12213.793 | I78: =IF(AND(Pay_Num<>"",Sched_Pay+Extra_Pay<Beg_Bal),Beg_Bal-Princ,IF(Pay_Num<>"",0,"")) -> 1704100.7 | J78: ='[3]B11-L8'!J85 -> PAID | BW78: 34058 | BX78: =BW78-BY78 -> -1612.3014 | BY78: =BZ77*16%/12 -> 35670.301 | BZ78: =BZ77-BX78 -> 2676884.9
A79: =IF(Values_Entered,A78+1,"") -> 55 | B79: =B78+31 -> 46650 | C79: =IF(Pay_Num<>"",I78,"") -> 1704100.7 | D79: =IF(Pay_Num<>"",Scheduled_Monthly_Payment,"") -> 32413.313 | F79: =IF(AND(Pay_Num<>"",Sched_Pay+Extra_Pay<Beg_Bal),Sched_Pay+Extra_Pay,IF(Pay_Num<>"",Beg_Bal,"")) -> 32413.313 | G79: =IF(Pay_Num<>"",Total_Pay-Int,"") -> 20342.6 | H79: =IF(Pay_Num<>"",Beg_Bal*Interest_Rate/Num_Pmt_Per_Year,"") -> 12070.714 | I79: =IF(AND(Pay_Num<>"",Sched_Pay+Extra_Pay<Beg_Bal),Beg_Bal-Princ,IF(Pay_Num<>"",0,"")) -> 1683758.1 | J79: ='[3]B11-L8'!J86 -> PAID | BW79: 34058 | BX79: =BW79-BY79 -> -1633.7987 | BY79: =BZ78*16%/12 -> 35691.799 | BZ79: =BZ78-BX79 -> 2678518.7
A80: =IF(Values_Entered,A79+1,"") -> 56 | B80: =B79+30 -> 46680 | C80: =IF(Pay_Num<>"",I79,"") -> 1683758.1 | D80: =IF(Pay_Num<>"",Scheduled_Monthly_Payment,"") -> 32413.313 | F80: =IF(AND(Pay_Num<>"",Sched_Pay+Extra_Pay<Beg_Bal),Sched_Pay+Extra_Pay,IF(Pay_Num<>"",Beg_Bal,"")) -> 32413.313 | G80: =IF(Pay_Num<>"",Total_Pay-Int,"") -> 20486.693 | H80: =IF(Pay_Num<>"",Beg_Bal*Interest_Rate/Num_Pmt_Per_Year,"") -> 11926.62 | I80: =IF(AND(Pay_Num<>"",Sched_Pay+Extra_Pay<Beg_Bal),Beg_Bal-Princ,IF(Pay_Num<>"",0,"")) -> 1663271.4 | J80: ='[3]B11-L8'!J87 -> 0 | BW80: 34058 | BX80: =BW80-BY80 -> -1655.5827 | BY80: =BZ79*16%/12 -> 35713.583 | BZ80: =BZ79-BX80 -> 2680174.3
A81: =IF(Values_Entered,A80+1,"") -> 57 | B81: =B80+31 -> 46711 | C81: =IF(Pay_Num<>"",I80,"") -> 1663271.4 | D81: =IF(Pay_Num<>"",Scheduled_Monthly_Payment,"") -> 32413.313 | F81: =IF(AND(Pay_Num<>"",Sched_Pay+Extra_Pay<Beg_Bal),Sched_Pay+Extra_Pay,IF(Pay_Num<>"",Beg_Bal,"")) -> 32413.313 | G81: =IF(Pay_Num<>"",Total_Pay-Int,"") -> 20631.807 | H81: =IF(Pay_Num<>"",Beg_Bal*Interest_Rate/Num_Pmt_Per_Year,"") -> 11781.506 | I81: =IF(AND(Pay_Num<>"",Sched_Pay+Extra_Pay<Beg_Bal),Beg_Bal-Princ,IF(Pay_Num<>"",0,"")) -> 1642639.6 | J81: ='[3]B11-L8'!J88 -> 0 | BW81: 34058 | BX81: =BW81-BY81 -> -1677.6571 | BY81: =BZ80*16%/12 -> 35735.657 | BZ81: =BZ80-BX81 -> 2681851.9
A82: =IF(Values_Entered,A81+1,"") -> 58 | B82: =B81+30 -> 46741 | C82: =IF(Pay_Num<>"",I81,"") -> 1642639.6 | D82: =IF(Pay_Num<>"",Scheduled_Monthly_Payment,"") -> 32413.313 | F82: =IF(AND(Pay_Num<>"",Sched_Pay+Extra_Pay<Beg_Bal),Sched_Pay+Extra_Pay,IF(Pay_Num<>"",Beg_Bal,"")) -> 32413.313 | G82: =IF(Pay_Num<>"",Total_Pay-Int,"") -> 20777.949 | H82: =IF(Pay_Num<>"",Beg_Bal*Interest_Rate/Num_Pmt_Per_Year,"") -> 11635.364 | I82: =IF(AND(Pay_Num<>"",Sched_Pay+Extra_Pay<Beg_Bal),Beg_Bal-Princ,IF(Pay_Num<>"",0,"")) -> 1621861.7 | J82: ='[3]B11-L8'!J89 -> 0 | BW82: 34058 | BX82: =BW82-BY82 -> -1700.0259 | BY82: =BZ81*16%/12 -> 35758.026 | BZ82: =BZ81-BX82 -> 2683552
A83: =IF(Values_Entered,A82+1,"") -> 59 | B83: =B82+31 -> 46772 | C83: =IF(Pay_Num<>"",I82,"") -> 1621861.7 | D83: =IF(Pay_Num<>"",Scheduled_Monthly_Payment,"") -> 32413.313 | F83: =IF(AND(Pay_Num<>"",Sched_Pay+Extra_Pay<Beg_Bal),Sched_Pay+Extra_Pay,IF(Pay_Num<>"",Beg_Bal,"")) -> 32413.313 | G83: =IF(Pay_Num<>"",Total_Pay-Int,"") -> 20925.126 | H83: =IF(Pay_Num<>"",Beg_Bal*Interest_Rate/Num_Pmt_Per_Year,"") -> 11488.187 | I83: =IF(AND(Pay_Num<>"",Sched_Pay+Extra_Pay<Beg_Bal),Beg_Bal-Princ,IF(Pay_Num<>"",0,"")) -> 1600936.6 | J83: ='[3]B11-L8'!J90 -> 0 | BW83: 34058 | BX83: =BW83-BY83 -> -1722.6929 | BY83: =BZ82*16%/12 -> 35780.693 | BZ83: =BZ82-BX83 -> 2685274.7
A84: =IF(Values_Entered,A83+1,"") -> 60 | B84: =B83+31 -> 46803 | C84: =IF(Pay_Num<>"",I83,"") -> 1600936.6 | D84: =IF(Pay_Num<>"",Scheduled_Monthly_Payment,"") -> 32413.313 | F84: =IF(AND(Pay_Num<>"",Sched_Pay+Extra_Pay<Beg_Bal),Sched_Pay+Extra_Pay,IF(Pay_Num<>"",Beg_Bal,"")) -> 32413.313 | G84: =IF(Pay_Num<>"",Total_Pay-Int,"") -> 21073.346 | H84: =IF(Pay_Num<>"",Beg_Bal*Interest_Rate/Num_Pmt_Per_Year,"") -> 11339.967 | I84: =IF(AND(Pay_Num<>"",Sched_Pay+Extra_Pay<Beg_Bal),Beg_Bal-Princ,IF(Pay_Num<>"",0,"")) -> 1579863.2 | J84: ='[3]B11-L8'!J91 -> 0 | BW84: 34058 | BX84: =BW84-BY84-0.44 -> -1746.1021 | BY84: =BZ83*16%/12 -> 35803.662 | BZ84: =BZ83-BX84 -> 2687020.8
A85: =IF(Values_Entered,A84+1,"") -> 61 | B85: =B84+29 -> 46832 | C85: =IF(Pay_Num<>"",I84,"") -> 1579863.2 | D85: =IF(Pay_Num<>"",Scheduled_Monthly_Payment,"") -> 32413.313 | F85: =IF(AND(Pay_Num<>"",Sched_Pay+Extra_Pay<Beg_Bal),Sched_Pay+Extra_Pay,IF(Pay_Num<>"",Beg_Bal,"")) -> 32413.313 | G85: =IF(Pay_Num<>"",Total_Pay-Int,"") -> 21222.615 | H85: =IF(Pay_Num<>"",Beg_Bal*Interest_Rate/Num_Pmt_Per_Year,"") -> 11190.698 | I85: =IF(AND(Pay_Num<>"",Sched_Pay+Extra_Pay<Beg_Bal),Beg_Bal-Princ,IF(Pay_Num<>"",0,"")) -> 1558640.6
A86: =IF(Values_Entered,A85+1,"") -> 62 | B86: =B85+31 -> 46863 | C86: =IF(Pay_Num<>"",I85,"") -> 1558640.6 | D86: =IF(Pay_Num<>"",Scheduled_Monthly_Payment,"") -> 32413.313 | F86: =IF(AND(Pay_Num<>"",Sched_Pay+Extra_Pay<Beg_Bal),Sched_Pay+Extra_Pay,IF(Pay_Num<>"",Beg_Bal,"")) -> 32413.313 | G86: =IF(Pay_Num<>"",Total_Pay-Int,"") -> 21372.942 | H86: =IF(Pay_Num<>"",Beg_Bal*Interest_Rate/Num_Pmt_Per_Year,"") -> 11040.371 | I86: =IF(AND(Pay_Num<>"",Sched_Pay+Extra_Pay<Beg_Bal),Beg_Bal-Princ,IF(Pay_Num<>"",0,"")) -> 1537267.7
A87: =IF(Values_Entered,A86+1,"") -> 63 | B87: =B86+30 -> 46893 | C87: =IF(Pay_Num<>"",I86,"") -> 1537267.7 | D87: =IF(Pay_Num<>"",Scheduled_Monthly_Payment,"") -> 32413.313 | F87: =IF(AND(Pay_Num<>"",Sched_Pay+Extra_Pay<Beg_Bal),Sched_Pay+Extra_Pay,IF(Pay_Num<>"",Beg_Bal,"")) -> 32413.313 | G87: =F84-H8 -> 32413.313 | H87: =IF(Pay_Num<>"",Beg_Bal*Interest_Rate/Num_Pmt_Per_Year,"") -> 10888.979 | I87: =IF(AND(Pay_Num<>"",Sched_Pay+Extra_Pay<Beg_Bal),Beg_Bal-Princ,IF(Pay_Num<>"",0,"")) -> 1504854.3
A88: =IF(Values_Entered,A87+1,"") -> 64 | B88: =B87+31 -> 46924 | C88: =IF(Pay_Num<>"",I87,"") -> 1504854.3 | D88: =IF(Pay_Num<>"",Scheduled_Monthly_Payment,"") -> 32413.313 | F88: =IF(AND(Pay_Num<>"",Sched_Pay+Extra_Pay<Beg_Bal),Sched_Pay+Extra_Pay,IF(Pay_Num<>"",Beg_Bal,"")) -> 32413.313 | G88: =IF(Pay_Num<>"",Total_Pay-Int,"") -> 21753.928 | H88: =IF(Pay_Num<>"",Beg_Bal*Interest_Rate/Num_Pmt_Per_Year,"") -> 10659.385 | I88: =IF(AND(Pay_Num<>"",Sched_Pay+Extra_Pay<Beg_Bal),Beg_Bal-Princ,IF(Pay_Num<>"",0,"")) -> 1483100.4
A89: =IF(Values_Entered,A88+1,"") -> 65 | B89: =B88+30 -> 46954 | C89: =IF(Pay_Num<>"",I88,"") -> 1483100.4 | D89: =IF(Pay_Num<>"",Scheduled_Monthly_Payment,"") -> 32413.313 | F89: =IF(AND(Pay_Num<>"",Sched_Pay+Extra_Pay<Beg_Bal),Sched_Pay+Extra_Pay,IF(Pay_Num<>"",Beg_Bal,"")) -> 32413.313 | G89: =IF(Pay_Num<>"",Total_Pay-Int,"") -> 21908.019 | H89: =IF(Pay_Num<>"",Beg_Bal*Interest_Rate/Num_Pmt_Per_Year,"") -> 10505.295 | I89: =IF(AND(Pay_Num<>"",Sched_Pay+Extra_Pay<Beg_Bal),Beg_Bal-Princ,IF(Pay_Num<>"",0,"")) -> 1461192.4
A90: =IF(Values_Entered,A89+1,"") -> 66 | B90: =B89+31 -> 46985 | C90: =IF(Pay_Num<>"",I89,"") -> 1461192.4 | D90: =IF(Pay_Num<>"",Scheduled_Monthly_Payment,"") -> 32413.313 | F90: =IF(AND(Pay_Num<>"",Sched_Pay+Extra_Pay<Beg_Bal),Sched_Pay+Extra_Pay,IF(Pay_Num<>"",Beg_Bal,"")) -> 32413.313 | G90: =IF(Pay_Num<>"",Total_Pay-Int,"") -> 22063.2 | H90: =IF(Pay_Num<>"",Beg_Bal*Interest_Rate/Num_Pmt_Per_Year,"") -> 10350.113 | I90: =IF(AND(Pay_Num<>"",Sched_Pay+Extra_Pay<Beg_Bal),Beg_Bal-Princ,IF(Pay_Num<>"",0,"")) -> 1439129.2
A91: =IF(Values_Entered,A90+1,"") -> 67 | B91: =B90+31 -> 47016 | C91: =IF(Pay_Num<>"",I90,"") -> 1439129.2 | D91: =IF(Pay_Num<>"",Scheduled_Monthly_Payment,"") -> 32413.313 | F91: =IF(AND(Pay_Num<>"",Sched_Pay+Extra_Pay<Beg_Bal),Sched_Pay+Extra_Pay,IF(Pay_Num<>"",Beg_Bal,"")) -> 32413.313 | G91: =IF(Pay_Num<>"",Total_Pay-Int,"") -> 22219.481 | H91: =IF(Pay_Num<>"",Beg_Bal*Interest_Rate/Num_Pmt_Per_Year,"") -> 10193.832 | I91: =IF(AND(Pay_Num<>"",Sched_Pay+Extra_Pay<Beg_Bal),Beg_Bal-Princ,IF(Pay_Num<>"",0,"")) -> 1416909.7
A92: =IF(Values_Entered,A91+1,"") -> 68 | B92: =B91+30 -> 47046 | C92: =IF(Pay_Num<>"",I91,"") -> 1416909.7 | D92: =IF(Pay_Num<>"",Scheduled_Monthly_Payment,"") -> 32413.313 | F92: =IF(AND(Pay_Num<>"",Sched_Pay+Extra_Pay<Beg_Bal),Sched_Pay+Extra_Pay,IF(Pay_Num<>"",Beg_Bal,"")) -> 32413.313 | G92: =IF(Pay_Num<>"",Total_Pay-Int,"") -> 22376.869 | H92: =IF(Pay_Num<>"",Beg_Bal*Interest_Rate/Num_Pmt_Per_Year,"") -> 10036.444 | I92: =IF(AND(Pay_Num<>"",Sched_Pay+Extra_Pay<Beg_Bal),Beg_Bal-Princ,IF(Pay_Num<>"",0,"")) -> 1394532.8
A93: =IF(Values_Entered,A92+1,"") -> 69 | B93: =B92+31 -> 47077 | C93: =IF(Pay_Num<>"",I92,"") -> 1394532.8 | D93: =IF(Pay_Num<>"",Scheduled_Monthly_Payment,"") -> 32413.313 | F93: =IF(AND(Pay_Num<>"",Sched_Pay+Extra_Pay<Beg_Bal),Sched_Pay+Extra_Pay,IF(Pay_Num<>"",Beg_Bal,"")) -> 32413.313 | G93: =IF(Pay_Num<>"",Total_Pay-Int,"") -> 22535.372 | H93: =IF(Pay_Num<>"",Beg_Bal*Interest_Rate/Num_Pmt_Per_Year,"") -> 9877.941 | I93: =IF(AND(Pay_Num<>"",Sched_Pay+Extra_Pay<Beg_Bal),Beg_Bal-Princ,IF(Pay_Num<>"",0,"")) -> 1371997.5
A94: =IF(Values_Entered,A93+1,"") -> 70 | B94: =B93+30 -> 47107 | C94: =IF(Pay_Num<>"",I93,"") -> 1371997.5 | D94: =IF(Pay_Num<>"",Scheduled_Monthly_Payment,"") -> 32413.313 | F94: =IF(AND(Pay_Num<>"",Sched_Pay+Extra_Pay<Beg_Bal),Sched_Pay+Extra_Pay,IF(Pay_Num<>"",Beg_Bal,"")) -> 32413.313 | G94: =IF(Pay_Num<>"",Total_Pay-Int,"") -> 22694.998 | H94: =IF(Pay_Num<>"",Beg_Bal*Interest_Rate/Num_Pmt_Per_Year,"") -> 9718.3155 | I94: =IF(AND(Pay_Num<>"",Sched_Pay+Extra_Pay<Beg_Bal),Beg_Bal-Princ,IF(Pay_Num<>"",0,"")) -> 1349302.5
A95: =IF(Values_Entered,A94+1,"") -> 71 | B95: =B94+31 -> 47138 | C95: =IF(Pay_Num<>"",I94,"") -> 1349302.5 | D95: =IF(Pay_Num<>"",Scheduled_Monthly_Payment,"") -> 32413.313 | F95: =IF(AND(Pay_Num<>"",Sched_Pay+Extra_Pay<Beg_Bal),Sched_Pay+Extra_Pay,IF(Pay_Num<>"",Beg_Bal,"")) -> 32413.313 | G95: =IF(Pay_Num<>"",Total_Pay-Int,"") -> 22855.754 | H95: =IF(Pay_Num<>"",Beg_Bal*Interest_Rate/Num_Pmt_Per_Year,"") -> 9557.5592 | I95: =IF(AND(Pay_Num<>"",Sched_Pay+Extra_Pay<Beg_Bal),Beg_Bal-Princ,IF(Pay_Num<>"",0,"")) -> 1326446.7
A96: =IF(Values_Entered,A95+1,"") -> 72 | B96: =B95+31 -> 47169 | C96: =IF(Pay_Num<>"",I95,"") -> 1326446.7 | D96: =IF(Pay_Num<>"",Scheduled_Monthly_Payment,"") -> 32413.313 | F96: =IF(AND(Pay_Num<>"",Sched_Pay+Extra_Pay<Beg_Bal),Sched_Pay+Extra_Pay,IF(Pay_Num<>"",Beg_Bal,"")) -> 32413.313 | G96: =IF(Pay_Num<>"",Total_Pay-Int,"") -> 23017.649 | H96: =IF(Pay_Num<>"",Beg_Bal*Interest_Rate/Num_Pmt_Per_Year,"") -> 9395.6643 | I96: =IF(AND(Pay_Num<>"",Sched_Pay+Extra_Pay<Beg_Bal),Beg_Bal-Princ,IF(Pay_Num<>"",0,"")) -> 1303429.1
A97: =IF(Values_Entered,A96+1,"") -> 73 | B97: =B96+28 -> 47197 | C97: =IF(Pay_Num<>"",I96,"") -> 1303429.1 | D97: =IF(Pay_Num<>"",Scheduled_Monthly_Payment,"") -> 32413.313 | F97: =IF(AND(Pay_Num<>"",Sched_Pay+Extra_Pay<Beg_Bal),Sched_Pay+Extra_Pay,IF(Pay_Num<>"",Beg_Bal,"")) -> 32413.313 | G97: =IF(Pay_Num<>"",Total_Pay-Int,"") -> 23180.691 | H97: =IF(Pay_Num<>"",Beg_Bal*Interest_Rate/Num_Pmt_Per_Year,"") -> 9232.6226 | I97: =IF(AND(Pay_Num<>"",Sched_Pay+Extra_Pay<Beg_Bal),Beg_Bal-Princ,IF(Pay_Num<>"",0,"")) -> 1280248.4
A98: =IF(Values_Entered,A97+1,"") -> 74 | B98: =B97+31 -> 47228 | C98: =IF(Pay_Num<>"",I97,"") -> 1280248.4 | D98: =IF(Pay_Num<>"",Scheduled_Monthly_Payment,"") -> 32413.313 | F98: =IF(AND(Pay_Num<>"",Sched_Pay+Extra_Pay<Beg_Bal),Sched_Pay+Extra_Pay,IF(Pay_Num<>"",Beg_Bal,"")) -> 32413.313 | G98: =IF(Pay_Num<>"",Total_Pay-Int,"") -> 23344.887 | H98: =IF(Pay_Num<>"",Beg_Bal*Interest_Rate/Num_Pmt_Per_Year,"") -> 9068.4261 | I98: =IF(AND(Pay_Num<>"",Sched_Pay+Extra_Pay<Beg_Bal),Beg_Bal-Princ,IF(Pay_Num<>"",0,"")) -> 1256903.5
A99: =IF(Values_Entered,A98+1,"") -> 75 | B99: =B98+30 -> 47258 | C99: =IF(Pay_Num<>"",I98,"") -> 1256903.5 | D99: =IF(Pay_Num<>"",Scheduled_Monthly_Payment,"") -> 32413.313 | F99: =IF(AND(Pay_Num<>"",Sched_Pay+Extra_Pay<Beg_Bal),Sched_Pay+Extra_Pay,IF(Pay_Num<>"",Beg_Bal,"")) -> 32413.313 | G99: =IF(Pay_Num<>"",Total_Pay-Int,"") -> 23510.247 | H99: =IF(Pay_Num<>"",Beg_Bal*Interest_Rate/Num_Pmt_Per_Year,"") -> 8903.0664 | I99: =IF(AND(Pay_Num<>"",Sched_Pay+Extra_Pay<Beg_Bal),Beg_Bal-Princ,IF(Pay_Num<>"",0,"")) -> 1233393.3
A100: =IF(Values_Entered,A99+1,"") -> 76 | B100: =B99+31 -> 47289 | C100: =IF(Pay_Num<>"",I99,"") -> 1233393.3 | D100: =IF(Pay_Num<>"",Scheduled_Monthly_Payment,"") -> 32413.313 | F100: =IF(AND(Pay_Num<>"",Sched_Pay+Extra_Pay<Beg_Bal),Sched_Pay+Extra_Pay,IF(Pay_Num<>"",Beg_Bal,"")) -> 32413.313 | G100: =IF(Pay_Num<>"",Total_Pay-Int,"") -> 23676.778 | H100: =IF(Pay_Num<>"",Beg_Bal*Interest_Rate/Num_Pmt_Per_Year,"") -> 8736.5355 | I100: =IF(AND(Pay_Num<>"",Sched_Pay+Extra_Pay<Beg_Bal),Beg_Bal-Princ,IF(Pay_Num<>"",0,"")) -> 1209716.5
A101: =IF(Values_Entered,A100+1,"") -> 77 | B101: =B100+30 -> 47319 | C101: =IF(Pay_Num<>"",I100,"") -> 1209716.5 | D101: =IF(Pay_Num<>"",Scheduled_Monthly_Payment,"") -> 32413.313 | F101: =IF(AND(Pay_Num<>"",Sched_Pay+Extra_Pay<Beg_Bal),Sched_Pay+Extra_Pay,IF(Pay_Num<>"",Beg_Bal,"")) -> 32413.313 | G101: =IF(Pay_Num<>"",Total_Pay-Int,"") -> 23844.488 | H101: =IF(Pay_Num<>"",Beg_Bal*Interest_Rate/Num_Pmt_Per_Year,"") -> 8568.825 | I101: =IF(AND(Pay_Num<>"",Sched_Pay+Extra_Pay<Beg_Bal),Beg_Bal-Princ,IF(Pay_Num<>"",0,"")) -> 1185872
A102: =IF(Values_Entered,A101+1,"") -> 78 | B102: =B101+31 -> 47350 | C102: =IF(Pay_Num<>"",I101,"") -> 1185872 | D102: =IF(Pay_Num<>"",Scheduled_Monthly_Payment,"") -> 32413.313 | F102: =IF(AND(Pay_Num<>"",Sched_Pay+Extra_Pay<Beg_Bal),Sched_Pay+Extra_Pay,IF(Pay_Num<>"",Beg_Bal,"")) -> 32413.313 | G102: =IF(Pay_Num<>"",Total_Pay-Int,"") -> 24013.387 | H102: =IF(Pay_Num<>"",Beg_Bal*Interest_Rate/Num_Pmt_Per_Year,"") -> 8399.9266 | I102: =IF(AND(Pay_Num<>"",Sched_Pay+Extra_Pay<Beg_Bal),Beg_Bal-Princ,IF(Pay_Num<>"",0,"")) -> 1161858.6
A103: =IF(Values_Entered,A102+1,"") -> 79 | B103: =B102+31 -> 47381 | C103: =IF(Pay_Num<>"",I102,"") -> 1161858.6 | D103: =IF(Pay_Num<>"",Scheduled_Monthly_Payment,"") -> 32413.313 | F103: =IF(AND(Pay_Num<>"",Sched_Pay+Extra_Pay<Beg_Bal),Sched_Pay+Extra_Pay,IF(Pay_Num<>"",Beg_Bal,"")) -> 32413.313 | G103: =IF(Pay_Num<>"",Total_Pay-Int,"") -> 24183.481 | H103: =IF(Pay_Num<>"",Beg_Bal*Interest_Rate/Num_Pmt_Per_Year,"") -> 8229.8317 | I103: =IF(AND(Pay_Num<>"",Sched_Pay+Extra_Pay<Beg_Bal),Beg_Bal-Princ,IF(Pay_Num<>"",0,"")) -> 1137675.1
A104: =IF(Values_Entered,A103+1,"") -> 80 | B104: =B103+30 -> 47411 | C104: =IF(Pay_Num<>"",I103,"") -> 1137675.1 | D104: =IF(Pay_Num<>"",Scheduled_Monthly_Payment,"") -> 32413.313 | F104: =IF(AND(Pay_Num<>"",Sched_Pay+Extra_Pay<Beg_Bal),Sched_Pay+Extra_Pay,IF(Pay_Num<>"",Beg_Bal,"")) -> 32413.313 | G104: =IF(Pay_Num<>"",Total_Pay-Int,"") -> 24354.781 | H104: =IF(Pay_Num<>"",Beg_Bal*Interest_Rate/Num_Pmt_Per_Year,"") -> 8058.5321 | I104: =IF(AND(Pay_Num<>"",Sched_Pay+Extra_Pay<Beg_Bal),Beg_Bal-Princ,IF(Pay_Num<>"",0,"")) -> 1113320.3
A105: =IF(Values_Entered,A104+1,"") -> 81 | B105: =B104+31 -> 47442 | C105: =IF(Pay_Num<>"",I104,"") -> 1113320.3 | D105: =IF(Pay_Num<>"",Scheduled_Monthly_Payment,"") -> 32413.313 | F105: =IF(AND(Pay_Num<>"",Sched_Pay+Extra_Pay<Beg_Bal),Sched_Pay+Extra_Pay,IF(Pay_Num<>"",Beg_Bal,"")) -> 32413.313 | G105: =IF(Pay_Num<>"",Total_Pay-Int,"") -> 24527.294 | H105: =IF(Pay_Num<>"",Beg_Bal*Interest_Rate/Num_Pmt_Per_Year,"") -> 7886.019 | I105: =IF(AND(Pay_Num<>"",Sched_Pay+Extra_Pay<Beg_Bal),Beg_Bal-Princ,IF(Pay_Num<>"",0,"")) -> 1088793
A106: =IF(Values_Entered,A105+1,"") -> 82 | B106: =B105+30 -> 47472 | C106: =IF(Pay_Num<>"",I105,"") -> 1088793 | D106: =IF(Pay_Num<>"",Scheduled_Monthly_Payment,"") -> 32413.313 | F106: =IF(AND(Pay_Num<>"",Sched_Pay+Extra_Pay<Beg_Bal),Sched_Pay+Extra_Pay,IF(Pay_Num<>"",Beg_Bal,"")) -> 32413.313 | G106: =IF(Pay_Num<>"",Total_Pay-Int,"") -> 24701.029 | H106: =IF(Pay_Num<>"",Beg_Bal*Interest_Rate/Num_Pmt_Per_Year,"") -> 7712.284 | I106: =IF(AND(Pay_Num<>"",Sched_Pay+Extra_Pay<Beg_Bal),Beg_Bal-Princ,IF(Pay_Num<>"",0,"")) -> 1064092
A107: =IF(Values_Entered,A106+1,"") -> 83 | B107: =B106+31 -> 47503 | C107: =IF(Pay_Num<>"",I106,"") -> 1064092 | D107: =IF(Pay_Num<>"",Scheduled_Monthly_Payment,"") -> 32413.313 | F107: =IF(AND(Pay_Num<>"",Sched_Pay+Extra_Pay<Beg_Bal),Sched_Pay+Extra_Pay,IF(Pay_Num<>"",Beg_Bal,"")) -> 32413.313 | G107: =IF(Pay_Num<>"",Total_Pay-Int,"") -> 24875.995 | H107: =IF(Pay_Num<>"",Beg_Bal*Interest_Rate/Num_Pmt_Per_Year,"") -> 7537.3184 | I107: =IF(AND(Pay_Num<>"",Sched_Pay+Extra_Pay<Beg_Bal),Beg_Bal-Princ,IF(Pay_Num<>"",0,"")) -> 1039216
A108: =IF(Values_Entered,A107+1,"") -> 84 | B108: =B107+31 -> 47534 | C108: =IF(Pay_Num<>"",I107,"") -> 1039216 | D108: =IF(Pay_Num<>"",Scheduled_Monthly_Payment,"") -> 32413.313 | F108: =IF(AND(Pay_Num<>"",Sched_Pay+Extra_Pay<Beg_Bal),Sched_Pay+Extra_Pay,IF(Pay_Num<>"",Beg_Bal,"")) -> 32413.313 | G108: =IF(Pay_Num<>"",Total_Pay-Int,"") -> 25052.2 | H108: =IF(Pay_Num<>"",Beg_Bal*Interest_Rate/Num_Pmt_Per_Year,"") -> 7361.1135 | I108: =IF(AND(Pay_Num<>"",Sched_Pay+Extra_Pay<Beg_Bal),Beg_Bal-Princ,IF(Pay_Num<>"",0,"")) -> 1014163.8
A109: =IF(Values_Entered,A108+1,"") -> 85 | B109: =B108+28 -> 47562 | C109: =IF(Pay_Num<>"",I108,"") -> 1014163.8 | D109: =IF(Pay_Num<>"",Scheduled_Monthly_Payment,"") -> 32413.313 | F109: =IF(AND(Pay_Num<>"",Sched_Pay+Extra_Pay<Beg_Bal),Sched_Pay+Extra_Pay,IF(Pay_Num<>"",Beg_Bal,"")) -> 32413.313 | G109: =IF(Pay_Num<>"",Total_Pay-Int,"") -> 25229.653 | H109: =IF(Pay_Num<>"",Beg_Bal*Interest_Rate/Num_Pmt_Per_Year,"") -> 7183.6604 | I109: =IF(AND(Pay_Num<>"",Sched_Pay+Extra_Pay<Beg_Bal),Beg_Bal-Princ,IF(Pay_Num<>"",0,"")) -> 988934.17
A110: =IF(Values_Entered,A109+1,"") -> 86 | B110: =B109+31 -> 47593 | C110: =IF(Pay_Num<>"",I109,"") -> 988934.17 | D110: =IF(Pay_Num<>"",Scheduled_Monthly_Payment,"") -> 32413.313 | F110: =IF(AND(Pay_Num<>"",Sched_Pay+Extra_Pay<Beg_Bal),Sched_Pay+Extra_Pay,IF(Pay_Num<>"",Beg_Bal,"")) -> 32413.313 | G110: =IF(Pay_Num<>"",Total_Pay-Int,"") -> 25408.363 | H110: =IF(Pay_Num<>"",Beg_Bal*Interest_Rate/Num_Pmt_Per_Year,"") -> 7004.9503 | I110: =IF(AND(Pay_Num<>"",Sched_Pay+Extra_Pay<Beg_Bal),Beg_Bal-Princ,IF(Pay_Num<>"",0,"")) -> 963525.8
...

Sheet Sheet2
B5: RS DATE | C5: 45047
B6: 1 | C6: 45078
B7: 2 | C7: 45108
B8: 3 | C8: 45139
B9: 4 | C9: 45170
B10: 5 | C10: 45200
B11: 6 | C11: 45231
B12: 7 | C12: 45261
B13: 8 | C13: 45292
B14: 9 | C14: 45323
B15: 10 | C15: 45352
B16: 11 | C16: 45383
B17: 12 | C17: 45413
... B229: 224 | C229: 51867

Sheet Corrected and Updated TSF 1
A1: The Southprime Flats | N1: =O1/J13 -> 95909.091 | O1: =O2+O3 -> 2110000 | AA1: =SUM(J7:J12) -> 178.22 | AP1: =AP2-FK222 -> 0 | AS1: OLD | CB1: NEW. | CI1: =CH1 -> 0 | EX1: Simulation | FT1: Term | FU1: Interest Rate | FV1: Factor Rate | FW1: Ave. 90% Loanable | FX1: Interest for 6 months | GI1: ORIGINAL | GW1: SIMULATION FOR 22 MONTHS
A2: Mandurriao, Iloilo | E2: Lower GF will Ground Floor (Parking Space) | M2: Corner | O2: 110000 | AA2: =SUM(AA4,AA3) -> 3600000 | AM2: =SUBTOTAL(9,AM7:AM216) -> 958510.4 | AN2: =SUBTOTAL(9,AN7:AN216) -> 715972.66 | AO2: =SUBTOTAL(9,AO7:AO216) -> 0 | AP2: =SUBTOTAL(9,AP7:AP216) -> 2336095 | AT2: BIR THRESHOLD | BW2: Top up Incentive | BX2: 50000 | CC2: BIR THRESHOLD | CI2: (Linked to Computation - pls update value if needed) | CR2: =DATE(2025,8,1) -> 45870 | CS2: this month | EX2: TSF B1 UNSOLD | EY2: 65 | FT2: 10 | FU2: 0.085 | FV2: =PMT(FU2/12,FT2*12,-1) -> 0.012398569 | FW2: =FT223 -> 503520.27 | FX2: ='Amort Computation'!CJ32 -> 109616.42
A3: Building 1 Pricelist (Ver.01) | E3: Upper GF will be New 2nd Floor | K3: North | M3: End Unit | O3: 2000000 | AA3: =AA4*12.5% -> 400000 | AQ3: BIR THRESHOLD | AT3: 3199200 | BW3: Doc Incentive | BX3: 15000 | CC3: 3600000 | CI3: VAT threshold | CL3: 3199200 | CR3: =DATE(2028,5,1) -> 46874 | CS3: take out date | FW3: 0.12 | FX3: =FX2*FW3 -> 13153.971
K4: East | M4: Inner | O4: HIDE | P4: =P5*12% -> 2400 | R4: mark up for comm | AA4: 3200000 | AP4: based on 90% LA | AQ4: 3199200 | AT4: BOI THRESHOLD | BW4: Past Incentive | BX4: =-30000*1.12 -> -33600 | CC4: BOI THRESHOLD | CR4: 32 | CS4: commercial (based on TSF B3 term) | CV4: Interest Rate | CZ4: IN HOUSE LOAN MONTHLY AMORT TCP BALANCE | DH4: 45658 | DI4: Based on Construction | FC4: Basis for interest comp. | FF4: 85% Loanable | FI4: 90% Loanable | FW4: 0.08 | FX4: =FX2*FW4 -> 8769.314 | HB4: TSF B1
K5: etc | O5: CTS BARE | P5: 20000 | Q5: 50000 | R5: 0 | T5: 3000 | U5: 1000 | V5: 2500 | W5: 1000 | X5: 200 | Y5: 20000 | Z5: 75000 | AA5: =AA2/AA1 -> 20199.753 | AE5: ( = ) TOTAL ADDITIVES | AF5: 44848 | AG5: 0.025 | AH5: 44849 | AI5: 0.025 | AJ5: SHOULD BE | AK5: 0.05 | AM5: 0.01 | AN5: 27537.41 | AP5: =FK224 -> 0 | AR5: 0.045 | AT5: 2000000 | AW5: 0.12 | AY5: OLD | AZ5: 0.0125 | BA5: =RECOVERIES!H14 -> 165298.77 | BC5: 40656 | BD5: 0.0375 | BE5: 30000 | BG5: =RECOVERIES!H37 -> 73483.2 | BI5: 13104 | BK5: =RECOVERIES!H54 -> 101855.85 | BU5: 13104 | BZ5: =RECOVERIES!H93+RECOVERIES!N93 -> 673086.74 | CC5: 2000000 | CF5: 0.12 | CH5: New Selling Price | CK5: =7.5%+2.75% -> 0.1025 | CL5: 0.035 | CN5: 0.125 | CP5: 30000 | CS5: residential | CV5: 0.07 | CZ5: 0.088848789 | DA5: 0.035157033 | DB5: 0.025393427 | DC5: 0.019325567 | DH5: END OF CONSTRUCTION | DI5: 45231 | DK5: SHOULD BE EQUITY IN PRICELIST | DL5: =DI5 -> 45231 | DS5: WITH ADDITIVES | DT5: NO DISCOUNT APPLICATION | EY5: 0.15 | EZ5: 0.85 | FA5: 0.1 | FB5: 0.9 | FC5: =90%-85% | FF5: 0.85 | FG5: 0.085 | FI5: 0.9 | FJ5: 0.085 | FL5: =90%-85% | FO5: 27537.41 | FT5: 0.9 | FW5: Total | FX5: =SUM(FX2:FX4) -> 131539.71 | HB5: 25 | IE5: 45870
A6: Inventory Count | B6: SALE STATUS | C6: Inventory Count/Floor | D6: Physical Floor | E6: Floor Presentation | F6: Tagging | G6: Unit ID | H6: Unit Code | I6: Unit Type | J6: Area (sqm) | K6: Orientation | L6: View | M6: Classification | N6: Typical Selling Price/Sqm. | O6: Total Typical Selling Prie | P6: Smart Home | Q6: RECOVERY PROGRAM | R6: ( + ) LOFTED | S6: ( + ) NEAR AMENITIES | T6: ( + ) PREMIUM 8TH FLOOR | U6: ( + ) EAST VIEW | V6: ( + ) CORNER | W6: ( + ) END UNIT | X6: ( + ) FACING AMENITIES | Y6: ( + ) LEVEL ADDITIVES (@5th Floor) | Z6: LMF INCREASE | AA6: COMMON PARKING DISTRIBUTION | AB6: COMM RECOVERY | AC6: RENOVATION | AD6: REFUND | AF6: NEW SELLING PRICEL | AG6: 1ST INCREASE | AH6: =AF6 -> NEW SELLING PRICEL | AI6: 2ND INCREASE | AJ6: =AH6 -> NEW SELLING PRICEL | AK6: 3RD INCREASE | AL6: NEW SELLING PRICE | AM6: INCREASE | AN6: RECOVERY AMOUNT_3-29-23 | AP6: ADD: INTEREST FOR 6 MONTHS | AQ6: NEW SELLING PRICE | AR6: PRICE INCREASE_Dec. 1,2023 | AS6: NEW SELLING PRICE | AT6: CTS BARE/DOAS | AU6: HIC/SQM | AV6: HIC | AW6: HIC VAT | AX6: ( = ) TOTAL HIC | AY6: New Selling Price | AZ6: Price Increase (July 2024) | BA6: INCIDENTAL RECOVERY) (OCT 2024 | BB6: New Selling Price (Oct 2024) | BC6: INCIDENTAL RECOVERY (OCT 16, 2024) | BD6: Price Increase (Oct 16, 2024) | BE6: INCENTIVE RECOVERY W 1.12 | BF6: New Selling Price | BG6: INCIDENTAL RECOVERIES (Dec 2024) | BH6: New Selling Price (Dec 2024) | BI6: INCIDENTAL RECOVERIES (Jan 2025) | BJ6: New Selling Price (Jan 2025) | BK6: INCIDENTAL RECOVERIES (Feb 2025) | BL6: New Selling Price (Feb 2025) | BM6: INCIDENTAL RECOVERIES (Mar 2025) | BN6: New Selling Price (Mar 2025) | BO6: INCIDENTAL RECOVERIES (Apr 2025) | BP6: New Selling Price (Apr 2025) | BQ6: INCIDENTAL RECOVERIES (May 2025) | BR6: New Selling Price (May 2025) | BS6: INCIDENTAL RECOVERIES (June 2025) | BT6: New Selling Price (June 2025) | BU6: INCIDENTAL RECOVERIES (July 2025) | BV6: New Selling Price (July 2025) | BW6: INCIDENTAL RECOVERIES (August 2025) | BX6: Top-up Incentive + Documentrary Incentive - Past Cash Incentive | BY6: New Selling Price (Aug 2025) | BZ6: INCIDENTAL RECOVERIES (Sep 2025) | CA6: New Selling Price (Sep 2025) | CB6: New Selling Price | CC6: CTS BARE/DOAS | CD6: HIC/SQM | CE6: HIC | CF6: HIC VAT | CG6: ( = ) TOTAL HIC | CH6: New Selling Price | CI6: New Selling Price | CJ6: 12% VAT | CK6: LMF | CL6: BF | CM6: Total Contract Price | CN6: Equity Rate | CO6: Equity | CP6: Reservation Fee | CQ6: Net Equity | CR6: Equity Term (Months) | CS6: Monthly Equity | CT6: Balance % | CU6: Loanable Amount | CV6: Monthly Amort. 20 years @ 7% | CW6: Monthly Amort. 15 years @ 7% | CX6: Monthly Amort. 10 years @ 7% | CY6: Monthly Amort. 5 years @ 7% | CZ6: IN HOUSE MONTHLY AMORT 1YR. @12% | DA6: IN HOUSE MONTHLY AMORT 3YRS. @16% | DB6: IN HOUSE MONTHLY AMORT 5YRS. @18% | DC6: IN HOUSE MONTHLY AMORT 10YRS. @20% | DD6: HIC % (old) | DE6: HIC % (new) | DF6: TAGGING (old) | DG6: TAGGING (new) | DH6: TURN OVER DATE | DI6: REMAINING EQUITY | DK6: ( + ) 2 MONTHS FOR PMD TURN OVER TO BUYER | DL6: MAXIMIZE EQUITY DP MONTHS | DM6: BOI STATUS | DN6: DOCS STATUS | DO6: HIC / SQM. (INCLUSIVE OF VAT) | DP6: TOTAL HIC AMOUNT | DQ6: HIC PERCENTAGE | DS6: CURRENT PRICE STUDY | DT6: ORIGINAL NSP | DU6: VARIANCE | DW6: NSP/SQM (CURRENT SP) | DZ6: NEW PLAN | EA6: VARIANCE | EB6: CLIENTS NAME | EC6: REMARKS | EJ6: Step-Up Computation | ER6: SALES STATUS | ES6: MASTERLIST | ET6: CHECKING | EX6: TCP | EY6: Required Equity | EZ6: Loanable | FA6: Required Equity | FB6: Loanable | FC6: Variance of Loanable | FF6: Loanable | FG6: Annual Interest | FH6: 6 months interest | FI6: Loanable | FJ6: Annual Interest | FK6: 6 months interest | FL6: Variance of Annual Interest | FM6: Buffer for applying 10/90 formula for the increase | FN6: VS | FO6: Recovery Amount per Unit | FP6: Variance for Recovery | FT6: 90% of TCP | FY6: CURRENT | GA6: UPDATED (APPROVED) | GI6: =CM6 -> Total Contract Price | GJ6: =CN6 -> Equity Rate | GK6: =CO6 -> Equity | GL6: =CP6 -> Reservation Fee | GM6: =CQ6 -> Net Equity | GN6: =CR6 -> Equity Term (Months) | GO6: =CS6 -> Monthly Equity | GP6: =CT6 -> Balance % | ... GU6: =CY6 -> Monthly Amort. 5 years @ 7% | GW6: =GI6 -> Total Contract Price | GX6: =GJ6 -> Equity Rate | GY6: =GK6 -> Equity | GZ6: =GL6 -> Reservation Fee | HA6: =GM6 -> Net Equity | HB6: =GN6 -> Equity Term (Months) | HC6: =GO6 -> Monthly Equity | HD6: =GP6 -> Balance % | ... HI6: =GU6 -> Monthly Amort. 5 years @ 7% | HK6: VARIANCE ON MONTHLY EQUITY | HR6: VARIANCE | IC6: Floor | ID6: Takeout / Client Move In | IE6: Equity Term
A7: 1 | C7: 1 | D7: 2nd Floor | E7: =D7 -> 2nd Floor | G7: C1 | H7: 1 | I7: Commercial | J7: 35.4 | M7: End | N7: 200000 | O7: =J7*N7 -> 7080000 | AA7: =$AA$5*J7 -> 715071.26 | AE7: =SUM(P7:AD7) -> 715071.26 | AF7: =O7+AE7 -> 7795071.3 | AG7: =AF7*$AG$5 -> 194876.78 | AH7: =AF7+AG7 -> 7989948 | AI7: =AH7*$AI$5 -> 199748.7 | AJ7: =AH7+AI7 -> 8189696.7 | AK7: =AJ7*$AK$5 -> 409484.84 | AL7: =AJ7+AK7 -> 8599181.6 | AM7: =AL7*$AM$5 -> 85991.816 | AN7: =$AN$5 -> 27537.41 | AQ7: =AL7+AM7+AP7+AN7+AO7 -> 8712710.8 | AR7: =AQ7*$AR$5 -> 392071.99 | AS7: =AQ7+AR7 -> 9104782.8 | AU7: =AV7/J7 -> 0 | AW7: =AV7*$AW$5 -> 0 | AX7: =AV7+AW7 -> 0 | AY7: =AS7+AW7 -> 9104782.8 | AZ7: =AY7*$AZ$5 -> 113809.78 | BA7: 13774.898 | BB7: =SUM(AY7:BA7) -> 9232367.5 | BC7: 2710.4 | BD7: =BB7*$BD$5 -> 346213.78 | BE7: =$BE$5*1.12 -> 33600 | BF7: =BB7+BC7+BD7+BE7 -> 9614891.7 | BG7: 5248.8 | BH7: =BF7+BG7 -> 9620140.5 | BJ7: =BH7+BI7 -> 9620140.5 | BK7: 5092.7923 | BL7: =BJ7+BK7 -> 9625233.2 | BN7: =BL7+BM7 -> 9625233.2 | BP7: =BN7+BO7 -> 9625233.2 | BR7: =BP7+BQ7 -> 9625233.2 | BT7: =BR7+BS7 -> 9625233.2 | BU7: =$BU$5/24 -> 546 | BV7: =BT7+BU7 -> 9625779.2 | BW7: 0 | BY7: =SUM(BV7:BX7) -> 9625779.2 | CA7: =BY7+BZ7 -> 9625779.2 | CB7: =CA7 -> 9625779.2 | CC7: =CB7 -> 9625779.2 | CF7: =CE7*$AW$5 -> 0 | CG7: =CE7+CF7 -> 0 | CH7: =CC7+CE7+CF7 -> 9625779.2 | CI7: =CH7 -> 9625779.2 | CJ7: =IF(CC7<=$CC$3,0,12%*CC7) -> 1155093.5 | CK7: =CI7*CK$5 -> 986642.37 | CL7: =CI7*CL$5 -> 336902.27 | CM7: =SUM(CI7:CL7) -> 12104417 | CN7: 0.2 | CO7: =CM7*CN7 -> 2420883.5 | CP7: 200000 | CQ7: =CO7-CP7 -> 2220883.5 | CR7: 32 | CS7: =CQ7/CR7 -> 69402.609 | CT7: =100%-CN7 -> 0.8 | CU7: =CM7*CT7 -> 9683533.9 | CV7: =-PMT($CV$5/12,240,CU7,0) -> 75076.335 | CW7: =-PMT($CV$5/12,180,CU7,0) -> 87038.341 | CX7: =-PMT($CV$5/12,120,CU7,0) -> 112434.04 | CY7: =-PMT($CV$5/12,60,CU7,0) -> 191745.58 | CZ7: =(CM7*CT7)*$CZ$5 -> 860370.26 | DA7: =(CM7*CT7)*$DA$5 -> 340444.32 | DB7: =(CM7*CT7)*$DB$5 -> 245898.11 | DC7: =(CM7*CT7)*$DC$5 -> 187139.78 | DH7: =DH4 -> 45658 | DI7: =(YEAR(DH7)-YEAR($DI$5))*12+MONTH(DH7)-MONTH($DI$5) -> 14 | DK7: =DH7+65 -> 45723 | DL7: =(YEAR(DK7)-YEAR($DL$5))*12+MONTH(DK7)-MONTH($DL$5) -> 16 | DM7: NON-BOI | DN7: CTS FITTED | DO7: =DP7/J7 -> 0 | DP7: =AX7 -> 0 | DU7: =DS7-DT7 -> 0 | DW7: =CI7/J7 -> 271914.67 | DZ7: C1 | EA7: =G7=DZ7 -> TRUE | EJ7: Net Equity | EL7: =CQ13 -> 411606.33 | ER7: UNSOLD | ES7: UNSOLD | ET7: =ER7=ES7 -> TRUE | FY7: TERM | FZ7: END EQUITY | GA7: TERM (w/ additional buffer) | GB7: END EQUITY | GC7: For the month of | GI7: =CM7 -> 12104417 | GJ7: =CN7 -> 0.2 | GK7: =CO7 -> 2420883.5 | GL7: =CP7 -> 200000 | GM7: =CQ7 -> 2220883.5 | GN7: =CR7 -> 32 | GO7: =CS7 -> 69402.609 | GP7: =CT7 -> 0.8 | ... GU7: =CY7 -> 191745.58 | GW7: =GI7 -> 12104417 | GX7: =GJ7 -> 0.2 | GY7: =GK7 -> 2420883.5 | GZ7: =GL7 -> 200000 | HA7: =GM7 -> 2220883.5 | HB7: =$HB$5 -> 25 | HC7: =HA7/HB7 -> 88835.339 | HD7: =100%-GX7 -> 0.8 | HE7: =GW7*HD7 -> 9683533.9 | HF7: =-PMT(7%/12,240,HE7,0) -> 75076.335 | HG7: =-PMT(7%/12,180,HE7,0) -> 87038.341 | HH7: =-PMT(7%/12,120,HE7,0) -> 112434.04 | HI7: =-PMT(7%/12,60,HE7,0) -> 191745.58 | HK7: =HC7-GO7 -> 19432.73 | HR7: =CB7-CH7 -> 0
A8: =A7+1 -> 2 | C8: =C7+1 -> 2 | D8: 2nd Floor | E8: =D8 -> 2nd Floor | G8: C2 | H8: =H7+1 -> 2 | I8: Commercial | J8: 20.72 | M8: End | N8: 200000 | O8: =J8*N8 -> 4144000 | AA8: =$AA$5*J8 -> 418538.88 | AE8: =SUM(P8:AD8) -> 418538.88 | AF8: =O8+AE8 -> 4562538.9 | AG8: =AF8*$AG$5 -> 114063.47 | AH8: =AF8+AG8 -> 4676602.4 | AI8: =AH8*$AI$5 -> 116915.06 | AJ8: =AH8+AI8 -> 4793517.4 | AK8: =AJ8*$AK$5 -> 239675.87 | AL8: =AJ8+AK8 -> 5033193.3 | AM8: =AL8*$AM$5 -> 50331.933 | AN8: =$AN$5 -> 27537.41 | AQ8: =AL8+AM8+AP8+AN8+AO8 -> 5111062.6 | AR8: =AQ8*$AR$5 -> 229997.82 | AS8: =AQ8+AR8 -> 5341060.4 | AU8: =AV8/J8 -> 0 | AW8: =AV8*$AW$5 -> 0 | AX8: =AV8+AW8 -> 0 | AY8: =AS8+AW8 -> 5341060.4 | AZ8: =AY8*$AZ$5 -> 66763.256 | BA8: 13774.898 | BB8: =SUM(AY8:BA8) -> 5421598.6 | BC8: 2710.4 | BD8: =BB8*$BD$5 -> 203309.95 | BE8: =$BE$5*1.12 -> 33600 | BF8: =BB8+BC8+BD8+BE8 -> 5661218.9 | BG8: 5248.8 | BH8: =BF8+BG8 -> 5666467.7 | BJ8: =BH8+BI8 -> 5666467.7 | BK8: 5092.7923 | BL8: =BJ8+BK8 -> 5671560.5 | BN8: =BL8+BM8 -> 5671560.5 | BP8: =BN8+BO8 -> 5671560.5 | BR8: =BP8+BQ8 -> 5671560.5 | BT8: =BR8+BS8 -> 5671560.5 | BU8: =$BU$5/24 -> 546 | BV8: =BT8+BU8 -> 5672106.5 | BY8: =SUM(BV8:BX8) -> 5672106.5 | CA8: =BY8+BZ8 -> 5672106.5 | CB8: =CA8 -> 5672106.5 | CC8: =CB8-CE8-CF8 -> 5672106.5 | CE8: =CD8*J8 -> 0 | CF8: =CE8*$AW$5 -> 0 | CG8: =CE8+CF8 -> 0 | CH8: =CC8+CE8+CF8 -> 5672106.5 | CI8: =CH8 -> 5672106.5 | CJ8: =IF(CC8<=$CC$3,0,12%*CC8) -> 680652.78 | CK8: =CI8*CK$5 -> 581390.92 | CL8: =CI8*CL$5 -> 198523.73 | CM8: =SUM(CI8:CL8) -> 7132674 | CN8: 0.2 | CO8: =CM8*CN8 -> 1426534.8 | CP8: 200000 | CQ8: =CO8-CP8 -> 1226534.8 | CR8: 32 | CS8: =CQ8/CR8 -> 38329.212 | CT8: =100%-CN8 -> 0.8 | CU8: =CM8*CT8 -> 5706139.2 | CV8: =-PMT($CV$5/12,240,CU8,0) -> 44239.636 | CW8: =-PMT($CV$5/12,180,CU8,0) -> 51288.392 | CX8: =-PMT($CV$5/12,120,CU8,0) -> 66253.114 | CY8: =-PMT($CV$5/12,60,CU8,0) -> 112988.39 | CZ8: =(CM8*CT8)*$CZ$5 -> 506983.56 | DA8: =(CM8*CT8)*$DA$5 -> 200610.92 | DB8: =(CM8*CT8)*$DB$5 -> 144898.43 | DC8: =(CM8*CT8)*$DC$5 -> 110274.38 | DE8: =CE8/CC8 -> 0 | DH8: =$DH$7 -> 45658 | DI8: =(YEAR(DH8)-YEAR($DI$5))*12+MONTH(DH8)-MONTH($DI$5) -> 14 | DK8: =DH8+65 -> 45723 | DL8: =(YEAR(DK8)-YEAR($DL$5))*12+MONTH(DK8)-MONTH($DL$5)+$DL$4+$DL$3 -> 16 | DM8: NON-BOI | DN8: CTS FITTED | DO8: =DP8/J8 -> 0 | DP8: =AX8 -> 0 | DU8: =DS8-DT8 -> 0 | DW8: =CI8/J8 -> 273750.32 | DZ8: C2 | EA8: =G8=DZ8 -> TRUE | EK8: Months Covered | EL8: Months | EM8: % | EN8: Total | EO8: Monthly | ER8: UNSOLD | ES8: UNSOLD | ET8: =ER8=ES8 -> TRUE | FY8: 28 | FZ8: =EDATE($DL$5,FY8) -> 46082 | GA8: 30 | GB8: =EDATE(GC8,GA8) -> 45962 | GC8: 45047 | GI8: =CM8 -> 7132674 | GJ8: =CN8 -> 0.2 | GK8: =CO8 -> 1426534.8 | GL8: =CP8 -> 200000 | GM8: =CQ8 -> 1226534.8 | GN8: =CR8 -> 32 | GO8: =CS8 -> 38329.212 | GP8: =CT8 -> 0.8 | ... GU8: =CY8 -> 112988.39 | GW8: =GI8 -> 7132674 | GX8: =GJ8 -> 0.2 | GY8: =GK8 -> 1426534.8 | GZ8: =GL8 -> 200000 | HA8: =GM8 -> 1226534.8 | HB8: =$HB$5 -> 25 | HC8: =HA8/HB8 -> 49061.392 | HD8: =100%-GX8 -> 0.8 | HE8: =GW8*HD8 -> 5706139.2 | HF8: =-PMT(7%/12,240,HE8,0) -> 44239.636 | HG8: =-PMT(7%/12,180,HE8,0) -> 51288.392 | HH8: =-PMT(7%/12,120,HE8,0) -> 66253.114 | HI8: =-PMT(7%/12,60,HE8,0) -> 112988.39 | HK8: =HC8-GO8 -> 10732.179 | HM8: Updated schedule as of Oct. 2024 | HR8: =CB8-CH8 -> 0 | IC8: 2nd Floor | ID8: =DATE(2025,10,1) -> 45931 | IE8: =DATEDIF($IE$5,ID8,"m") -> 2
A9: =A8+1 -> 3 | C9: =C8+1 -> 3 | D9: 2nd Floor | E9: =D9 -> 2nd Floor | G9: C3 | H9: =H8+1 -> 3 | I9: Commercial | J9: 20.72 | M9: End | N9: 200000 | O9: =J9*N9 -> 4144000 | AA9: =$AA$5*J9 -> 418538.88 | AE9: =SUM(P9:AD9) -> 418538.88 | AF9: =O9+AE9 -> 4562538.9 | AG9: =AF9*$AG$5 -> 114063.47 | AH9: =AF9+AG9 -> 4676602.4 | AI9: =AH9*$AI$5 -> 116915.06 | AJ9: =AH9+AI9 -> 4793517.4 | AK9: =AJ9*$AK$5 -> 239675.87 | AL9: =AJ9+AK9 -> 5033193.3 | AM9: =AL9*$AM$5 -> 50331.933 | AN9: =$AN$5 -> 27537.41 | AQ9: =AL9+AM9+AP9+AN9+AO9 -> 5111062.6 | AR9: =AQ9*$AR$5 -> 229997.82 | AS9: =AQ9+AR9 -> 5341060.4 | AU9: =AV9/J9 -> 0 | AW9: =AV9*$AW$5 -> 0 | AX9: =AV9+AW9 -> 0 | AY9: =AS9+AW9 -> 5341060.4 | AZ9: =AY9*$AZ$5 -> 66763.256 | BA9: 13774.898 | BB9: =SUM(AY9:BA9) -> 5421598.6 | BC9: 2710.4 | BD9: =BB9*$BD$5 -> 203309.95 | BE9: =$BE$5*1.12 -> 33600 | BF9: =BB9+BC9+BD9+BE9 -> 5661218.9 | BG9: 5248.8 | BH9: =BF9+BG9 -> 5666467.7 | BJ9: =BH9+BI9 -> 5666467.7 | BK9: 5092.7923 | BL9: =BJ9+BK9 -> 5671560.5 | BN9: =BL9+BM9 -> 5671560.5 | BP9: =BN9+BO9 -> 5671560.5 | BR9: =BP9+BQ9 -> 5671560.5 | BT9: =BR9+BS9 -> 5671560.5 | BU9: =$BU$5/24 -> 546 | BV9: =BT9+BU9 -> 5672106.5 | BY9: =SUM(BV9:BX9) -> 5672106.5 | CA9: =BY9+BZ9 -> 5672106.5 | CB9: =CA9 -> 5672106.5 | CC9: =CB9-CE9-CF9 -> 5672106.5 | CE9: =CD9*J9 -> 0 | CF9: =CE9*$AW$5 -> 0 | CG9: =CE9+CF9 -> 0 | CH9: =CC9+CE9+CF9 -> 5672106.5 | CI9: =CH9 -> 5672106.5 | CJ9: =IF(CC9<=$CC$3,0,12%*CC9) -> 680652.78 | CK9: =CI9*CK$5 -> 581390.92 | CL9: =CI9*CL$5 -> 198523.73 | CM9: =SUM(CI9:CL9) -> 7132674 | CN9: 0.2 | CO9: =CM9*CN9 -> 1426534.8 | CP9: 200000 | CQ9: =CO9-CP9 -> 1226534.8 | CR9: 32 | CS9: =CQ9/CR9 -> 38329.212 | CT9: =100%-CN9 -> 0.8 | CU9: =CM9*CT9 -> 5706139.2 | CV9: =-PMT($CV$5/12,240,CU9,0) -> 44239.636 | CW9: =-PMT($CV$5/12,180,CU9,0) -> 51288.392 | CX9: =-PMT($CV$5/12,120,CU9,0) -> 66253.114 | CY9: =-PMT($CV$5/12,60,CU9,0) -> 112988.39 | CZ9: =(CM9*CT9)*$CZ$5 -> 506983.56 | DA9: =(CM9*CT9)*$DA$5 -> 200610.92 | DB9: =(CM9*CT9)*$DB$5 -> 144898.43 | DC9: =(CM9*CT9)*$DC$5 -> 110274.38 | DE9: =CE9/CC9 -> 0 | DH9: =$DH$7 -> 45658 | DI9: =(YEAR(DH9)-YEAR($DI$5))*12+MONTH(DH9)-MONTH($DI$5) -> 14 | DK9: =DH9+65 -> 45723 | DL9: =(YEAR(DK9)-YEAR($DL$5))*12+MONTH(DK9)-MONTH($DL$5)+$DL$4+$DL$3 -> 16 | DM9: NON-BOI | DN9: CTS FITTED | DO9: =DP9/J9 -> 0 | DP9: =AX9 -> 0 | DU9: =DS9-DT9 -> 0 | DW9: =CI9/J9 -> 273750.32 | DZ9: C3 | EA9: =G9=DZ9 -> TRUE | EJ9: Step Up 1 | EN9: =EL7*EM9 -> 0 | EO9: =EN9/EL9 -> #DIV/0! | ER9: UNSOLD | ES9: UNSOLD | ET9: =ER9=ES9 -> TRUE | GA9: 29 | GB9: =EDATE(GC9,GA9) -> 45962 | GC9: 45078 | GI9: =CM9 -> 7132674 | GJ9: =CN9 -> 0.2 | GK9: =CO9 -> 1426534.8 | GL9: =CP9 -> 200000 | GM9: =CQ9 -> 1226534.8 | GN9: =CR9 -> 32 | GO9: =CS9 -> 38329.212 | GP9: =CT9 -> 0.8 | ... GU9: =CY9 -> 112988.39 | GW9: =GI9 -> 7132674 | GX9: =GJ9 -> 0.2 | GY9: =GK9 -> 1426534.8 | GZ9: =GL9 -> 200000 | HA9: =GM9 -> 1226534.8 | HB9: =$HB$5 -> 25 | HC9: =HA9/HB9 -> 49061.392 | HD9: =100%-GX9 -> 0.8 | HE9: =GW9*HD9 -> 5706139.2 | HF9: =-PMT(7%/12,240,HE9,0) -> 44239.636 | HG9: =-PMT(7%/12,180,HE9,0) -> 51288.392 | HH9: =-PMT(7%/12,120,HE9,0) -> 66253.114 | HI9: =-PMT(7%/12,60,HE9,0) -> 112988.39 | HK9: =HC9-GO9 -> 10732.179 | HR9: =CB9-CH9 -> 0 | IC9: 3rd Floor | ID9: =DATE(2025,9,1) -> 45901 | IE9: =DATEDIF($IE$5,ID9,"m") -> 1
A10: =A9+1 -> 4 | C10: =C9+1 -> 4 | D10: 2nd Floor | E10: =D10 -> 2nd Floor | G10: C4 | H10: =H9+1 -> 4 | I10: Commercial | J10: 22.18 | M10: Inner | N10: 200000 | O10: =J10*N10 -> 4436000 | AA10: =$AA$5*J10 -> 448030.52 | AE10: =SUM(P10:AD10) -> 448030.52 | AF10: =O10+AE10 -> 4884030.5 | AG10: =AF10*$AG$5 -> 122100.76 | AH10: =AF10+AG10 -> 5006131.3 | AI10: =AH10*$AI$5 -> 125153.28 | AJ10: =AH10+AI10 -> 5131284.6 | AK10: =AJ10*$AK$5 -> 256564.23 | AL10: =AJ10+AK10 -> 5387848.8 | AM10: =AL10*$AM$5 -> 53878.488 | AN10: =$AN$5 -> 27537.41 | AQ10: =AL10+AM10+AP10+AN10+AO10 -> 5469264.7 | AR10: =AQ10*$AR$5 -> 246116.91 | AS10: =AQ10+AR10 -> 5715381.6 | AU10: =AV10/J10 -> 0 | AW10: =AV10*$AW$5 -> 0 | AX10: =AV10+AW10 -> 0 | AY10: =AS10+AW10 -> 5715381.6 | AZ10: =AY10*$AZ$5 -> 71442.27 | BA10: 13774.898 | BB10: =SUM(AY10:BA10) -> 5800598.8 | BC10: 2710.4 | BD10: =BB10*$BD$5 -> 217522.45 | BE10: =$BE$5*1.12 -> 33600 | BF10: =BB10+BC10+BD10+BE10 -> 6054431.6 | BG10: 5248.8 | BH10: =BF10+BG10 -> 6059680.4 | BJ10: =BH10+BI10 -> 6059680.4 | BK10: 5092.7923 | BL10: =BJ10+BK10 -> 6064773.2 | BN10: =BL10+BM10 -> 6064773.2 | BP10: =BN10+BO10 -> 6064773.2 | BR10: =BP10+BQ10 -> 6064773.2 | BT10: =BR10+BS10 -> 6064773.2 | BU10: =$BU$5/24 -> 546 | BV10: =BT10+BU10 -> 6065319.2 | BY10: =SUM(BV10:BX10) -> 6065319.2 | CA10: =BY10+BZ10 -> 6065319.2 | CB10: =CA10 -> 6065319.2 | CC10: =CB10-CE10-CF10 -> 6065319.2 | CE10: =CD10*J10 -> 0 | CF10: =CE10*$AW$5 -> 0 | CG10: =CE10+CF10 -> 0 | CH10: =CC10+CE10+CF10 -> 6065319.2 | CI10: =CH10 -> 6065319.2 | CJ10: =IF(CC10<=$CC$3,0,12%*CC10) -> 727838.31 | CK10: =CI10*CK$5 -> 621695.22 | CL10: =CI10*CL$5 -> 212286.17 | CM10: =SUM(CI10:CL10) -> 7627138.9 | CN10: 0.2 | CO10: =CM10*CN10 -> 1525427.8 | CP10: 200000 | CQ10: =CO10-CP10 -> 1325427.8 | CR10: 32 | CS10: =CQ10/CR10 -> 41419.618 | CT10: =100%-CN10 -> 0.8 | CU10: =CM10*CT10 -> 6101711.1 | CV10: =-PMT($CV$5/12,240,CU10,0) -> 47306.501 | CW10: =-PMT($CV$5/12,180,CU10,0) -> 54843.905 | CX10: =-PMT($CV$5/12,120,CU10,0) -> 70846.04 | CY10: =-PMT($CV$5/12,60,CU10,0) -> 120821.19 | CZ10: =(CM10*CT10)*$CZ$5 -> 542129.65 | DA10: =(CM10*CT10)*$DA$5 -> 214518.06 | DB10: =(CM10*CT10)*$DB$5 -> 154943.36 | DC10: =(CM10*CT10)*$DC$5 -> 117919.03 | DE10: =CE10/CC10 -> 0 | DH10: =$DH$7 -> 45658 | DI10: =(YEAR(DH10)-YEAR($DI$5))*12+MONTH(DH10)-MONTH($DI$5) -> 14 | DK10: =DH10+65 -> 45723 | DL10: =(YEAR(DK10)-YEAR($DL$5))*12+MONTH(DK10)-MONTH($DL$5)+$DL$4 -> 16 | DM10: NON-BOI | DN10: CTS FITTED | DO10: =DP10/J10 -> 0 | DP10: =AX10 -> 0 | DU10: =DS10-DT10 -> 0 | DW10: =CI10/J10 -> 273458.94 | DZ10: C4 | EA10: =G10=DZ10 -> TRUE | EJ10: Step Up 2 | EN10: =EL7*EM10 -> 0 | EO10: =EN10/EL10 -> #DIV/0! | ER10: UNSOLD | ES10: UNSOLD | ET10: =ER10=ES10 -> TRUE | GA10: 28 | GB10: =EDATE(GC10,GA10) -> 45962 | GC10: 45108 | GI10: =CM10 -> 7627138.9 | GJ10: =CN10 -> 0.2 | GK10: =CO10 -> 1525427.8 | GL10: =CP10 -> 200000 | GM10: =CQ10 -> 1325427.8 | GN10: =CR10 -> 32 | GO10: =CS10 -> 41419.618 | GP10: =CT10 -> 0.8 | ... GU10: =CY10 -> 120821.19 | GW10: =GI10 -> 7627138.9 | GX10: =GJ10 -> 0.2 | GY10: =GK10 -> 1525427.8 | GZ10: =GL10 -> 200000 | HA10: =GM10 -> 1325427.8 | HB10: =$HB$5 -> 25 | HC10: =HA10/HB10 -> 53017.111 | HD10: =100%-GX10 -> 0.8 | HE10: =GW10*HD10 -> 6101711.1 | HF10: =-PMT(7%/12,240,HE10,0) -> 47306.501 | HG10: =-PMT(7%/12,180,HE10,0) -> 54843.905 | HH10: =-PMT(7%/12,120,HE10,0) -> 70846.04 | HI10: =-PMT(7%/12,60,HE10,0) -> 120821.19 | HK10: =HC10-GO10 -> 11597.493 | HR10: =CB10-CH10 -> 0 | IC10: 4th Floor | ID10: =DATE(2025,9,1) -> 45901 | IE10: =DATEDIF($IE$5,ID10,"m") -> 1
A11: =A10+1 -> 5 | C11: =C10+1 -> 5 | D11: 2nd Floor | E11: =D11 -> 2nd Floor | G11: C5 | H11: =H10+1 -> 5 | I11: Commercial | J11: 40 | M11: Inner | N11: 200000 | O11: =J11*N11 -> 8000000 | AA11: =$AA$5*J11 -> 807990.12 | AE11: =SUM(P11:AD11) -> 807990.12 | AF11: =O11+AE11 -> 8807990.1 | AG11: =AF11*$AG$5 -> 220199.75 | AH11: =AF11+AG11 -> 9028189.9 | AI11: =AH11*$AI$5 -> 225704.75 | AJ11: =AH11+AI11 -> 9253894.6 | AK11: =AJ11*$AK$5 -> 462694.73 | AL11: =AJ11+AK11 -> 9716589.4 | AM11: =AL11*$AM$5 -> 97165.894 | AN11: =$AN$5 -> 27537.41 | AQ11: =AL11+AM11+AP11+AN11+AO11 -> 9841292.7 | AR11: =AQ11*$AR$5 -> 442858.17 | AS11: =AQ11+AR11 -> 10284151 | AU11: =AV11/J11 -> 0 | AW11: =AV11*$AW$5 -> 0 | AX11: =AV11+AW11 -> 0 | AY11: =AS11+AW11 -> 10284151 | AZ11: =AY11*$AZ$5 -> 128551.89 | BA11: 13774.898 | BB11: =SUM(AY11:BA11) -> 10426478 | BC11: 2710.4 | BD11: =BB11*$BD$5 -> 390992.91 | BE11: =$BE$5*1.12 -> 33600 | BF11: =BB11+BC11+BD11+BE11 -> 10853781 | BG11: 5248.8 | BH11: =BF11+BG11 -> 10859030 | BJ11: =BH11+BI11 -> 10859030 | BK11: 5092.7923 | BL11: =BJ11+BK11 -> 10864123 | BN11: =BL11+BM11 -> 10864123 | BP11: =BN11+BO11 -> 10864123 | BR11: =BP11+BQ11 -> 10864123 | BT11: =BR11+BS11 -> 10864123 | BU11: =$BU$5/24 -> 546 | BV11: =BT11+BU11 -> 10864669 | BY11: =SUM(BV11:BX11) -> 10864669 | CA11: =BY11+BZ11 -> 10864669 | CB11: =CA11 -> 10864669 | CC11: =CB11-CE11-CF11 -> 10864669 | CE11: =CD11*J11 -> 0 | CF11: =CE11*$AW$5 -> 0 | CG11: =CE11+CF11 -> 0 | CH11: =CB11 -> 10864669 | CI11: =CH11 -> 10864669 | CJ11: =IF(CC11<=$CC$3,0,12%*CC11) -> 1303760.2 | CK11: =CI11*CK$5 -> 1113628.5 | CL11: =CI11*CL$5 -> 380263.4 | CM11: =SUM(CI11:CL11) -> 13662321 | CN11: 0.2 | CO11: =CM11*CN11 -> 2732464.1 | CP11: 200000 | CQ11: =CO11-CP11 -> 2532464.1 | CR11: 32 | CS11: =CQ11/CR11 -> 79139.504 | CT11: =100%-CN11 -> 0.8 | CU11: =CM11*CT11 -> 10929857 | CV11: =-PMT($CV$5/12,240,CU11,0) -> 84739.061 | CW11: =-PMT($CV$5/12,180,CU11,0) -> 98240.64 | CX11: =-PMT($CV$5/12,120,CU11,0) -> 126904.9 | CY11: =-PMT($CV$5/12,60,CU11,0) -> 216424.26 | CZ11: =(CM11*CT11)*$CZ$5 -> 971104.52 | DA11: =(CM11*CT11)*$DA$5 -> 384261.33 | DB11: =(CM11*CT11)*$DB$5 -> 277546.51 | DC11: =(CM11*CT11)*$DC$5 -> 211225.67 | DH11: =$DH$7 -> 45658 | DI11: =(YEAR(DH11)-YEAR($DI$5))*12+MONTH(DH11)-MONTH($DI$5) -> 14 | DK11: =DH11+65 -> 45723 | DL11: =(YEAR(DK11)-YEAR($DL$5))*12+MONTH(DK11)-MONTH($DL$5)+$DL$4+$DL$3 -> 16 | DM11: NON-BOI | DN11: CTS FITTED | DO11: =DP11/J11 -> 0 | DP11: =AX11 -> 0 | DU11: =DS11-DT11 -> 0 | DW11: =CI11/J11 -> 271616.71 | DZ11: C5 | EA11: =G11=DZ11 -> TRUE | EN11: =EL7*EM11 -> 0 | ER11: UNSOLD | ES11: UNSOLD | ET11: =ER11=ES11 -> TRUE | GA11: =27+3 -> 30 | GB11: =EDATE(GC11,GA11) -> 46054 | GC11: 45139 | GI11: =CM11 -> 13662321 | GJ11: =CN11 -> 0.2 | GK11: =CO11 -> 2732464.1 | GL11: =CP11 -> 200000 | GM11: =CQ11 -> 2532464.1 | GN11: =CR11 -> 32 | GO11: =CS11 -> 79139.504 | GP11: =CT11 -> 0.8 | ... GU11: =CY11 -> 216424.26 | GW11: =GI11 -> 13662321 | GX11: =GJ11 -> 0.2 | GY11: =GK11 -> 2732464.1 | GZ11: =GL11 -> 200000 | HA11: =GM11 -> 2532464.1 | HB11: =$HB$5 -> 25 | HC11: =HA11/HB11 -> 101298.57 | HD11: =100%-GX11 -> 0.8 | HE11: =GW11*HD11 -> 10929857 | HF11: =-PMT(7%/12,240,HE11,0) -> 84739.061 | HG11: =-PMT(7%/12,180,HE11,0) -> 98240.64 | HH11: =-PMT(7%/12,120,HE11,0) -> 126904.9 | HI11: =-PMT(7%/12,60,HE11,0) -> 216424.26 | HK11: =HC11-GO11 -> 22159.061 | HR11: =CB11-CH11 -> 0 | IC11: 5th Floor | ID11: =DATE(2025,9,1) -> 45901 | IE11: =DATEDIF($IE$5,ID11,"m") -> 1
A12: =A11+1 -> 6 | C12: =C11+1 -> 6 | D12: 2nd Floor | E12: =D12 -> 2nd Floor | G12: C6 | H12: =H11+1 -> 6 | I12: Commercial | J12: 39.2 | M12: Corner | N12: 200000 | O12: =J12*N12 -> 7840000 | AA12: =$AA$5*J12 -> 791830.32 | AE12: =SUM(P12:AD12) -> 791830.32 | AF12: =O12+AE12 -> 8631830.3 | AG12: =AF12*$AG$5 -> 215795.76 | AH12: =AF12+AG12 -> 8847626.1 | AI12: =AH12*$AI$5 -> 221190.65 | AJ12: =AH12+AI12 -> 9068816.7 | AK12: =AJ12*$AK$5 -> 453440.84 | AL12: =AJ12+AK12 -> 9522257.6 | AM12: =AL12*$AM$5 -> 95222.576 | AN12: =$AN$5 -> 27537.41 | AQ12: =AL12+AM12+AP12+AN12+AO12 -> 9645017.6 | AR12: =AQ12*$AR$5 -> 434025.79 | AS12: =AQ12+AR12 -> 10079043 | AU12: =AV12/J12 -> 0 | AW12: =AV12*$AW$5 -> 0 | AX12: =AV12+AW12 -> 0 | AY12: =AS12+AW12 -> 10079043 | AZ12: =AY12*$AZ$5 -> 125988.04 | BA12: 13774.898 | BB12: =SUM(AY12:BA12) -> 10218806 | BC12: 2710.4 | BD12: =BB12*$BD$5 -> 383205.24 | BE12: =$BE$5*1.12 -> 33600 | BF12: =BB12+BC12+BD12+BE12 -> 10638322 | BG12: 5248.8 | BH12: =BF12+BG12 -> 10643571 | BJ12: =BH12+BI12 -> 10643571 | BK12: 5092.7923 | BL12: =BJ12+BK12 -> 10648664 | BN12: =BL12+BM12 -> 10648664 | BP12: =BN12+BO12 -> 10648664 | BR12: =BP12+BQ12 -> 10648664 | BT12: =BR12+BS12 -> 10648664 | BU12: =$BU$5/24 -> 546 | BV12: =BT12+BU12 -> 10649210 | BY12: =SUM(BV12:BX12) -> 10649210 | CA12: =BY12+BZ12 -> 10649210 | CB12: =CA12 -> 10649210 | CC12: =CB12-CE12-CF12 -> 10649210 | CE12: =CD12*J12 -> 0 | CF12: =CE12*$AW$5 -> 0 | CG12: =CE12+CF12 -> 0 | CH12: =CB12 -> 10649210 | CI12: =CH12 -> 10649210 | CJ12: =IF(CC12<=$CC$3,0,12%*CC12) -> 1277905.1 | CK12: =CI12*CK$5 -> 1091544 | CL12: =CI12*CL$5 -> 372722.33 | CM12: =SUM(CI12:CL12) -> 13391381 | CN12: 0.2 | CO12: =CM12*CN12 -> 2678276.2 | CP12: 200000 | CQ12: =CO12-CP12 -> 2478276.2 | CR12: 32 | CS12: =CQ12/CR12 -> 77446.131 | CT12: =100%-CN12 -> 0.8 | CU12: =CM12*CT12 -> 10713105 | CV12: =-PMT($CV$5/12,240,CU12,0) -> 83058.587 | CW12: =-PMT($CV$5/12,180,CU12,0) -> 96292.414 | CX12: =-PMT($CV$5/12,120,CU12,0) -> 124388.23 | CY12: =-PMT($CV$5/12,60,CU12,0) -> 212132.31 | CZ12: =(CM12*CT12)*$CZ$5 -> 951846.39 | DA12: =(CM12*CT12)*$DA$5 -> 376640.98 | DB12: =(CM12*CT12)*$DB$5 -> 272042.44 | DC12: =(CM12*CT12)*$DC$5 -> 207036.82 | DH12: =$DH$7 -> 45658 | DI12: =(YEAR(DH12)-YEAR($DI$5))*12+MONTH(DH12)-MONTH($DI$5) -> 14 | DK12: =DH12+65 -> 45723 | DL12: =(YEAR(DK12)-YEAR($DL$5))*12+MONTH(DK12)-MONTH($DL$5)+$DL$4+$DL$3 -> 16 | DM12: NON-BOI | DN12: CTS FITTED | DO12: =DP12/J12 -> 0 | DP12: =AX12 -> 0 | DU12: =DS12-DT12 -> 0 | DW12: =CI12/J12 -> 271663.51 | DZ12: C6 | EA12: =G12=DZ12 -> TRUE | EJ12: Total | EL12: =SUM(EL9:EL11) -> 0 | EM12: =SUM(EM9:EM11) -> 0 | EN12: =SUM(EN9:EN11) -> 0 | ER12: UNSOLD | ES12: UNSOLD | ET12: =ER12=ES12 -> TRUE | GA12: 29 | GB12: =EDATE(GC12,GA12) -> 46054 | GC12: 45170 | GI12: =CM12 -> 13391381 | GJ12: =CN12 -> 0.2 | GK12: =CO12 -> 2678276.2 | GL12: =CP12 -> 200000 | GM12: =CQ12 -> 2478276.2 | GN12: =CR12 -> 32 | GO12: =CS12 -> 77446.131 | GP12: =CT12 -> 0.8 | ... GU12: =CY12 -> 212132.31 | GW12: =GI12 -> 13391381 | GX12: =GJ12 -> 0.2 | GY12: =GK12 -> 2678276.2 | GZ12: =GL12 -> 200000 | HA12: =GM12 -> 2478276.2 | HB12: =$HB$5 -> 25 | HC12: =HA12/HB12 -> 99131.048 | HD12: =100%-GX12 -> 0.8 | HE12: =GW12*HD12 -> 10713105 | HF12: =-PMT(7%/12,240,HE12,0) -> 83058.587 | HG12: =-PMT(7%/12,180,HE12,0) -> 96292.414 | HH12: =-PMT(7%/12,120,HE12,0) -> 124388.23 | HI12: =-PMT(7%/12,60,HE12,0) -> 212132.31 | HK12: =HC12-GO12 -> 21684.917 | HR12: =CB12-CH12 -> 0 | IC12: 6th Floor | ID12: =DATE(2025,9,1) -> 45901 | IE12: =DATEDIF($IE$5,ID12,"m") -> 1
A13: =A12+1 -> 7 | B13: SOLD | C13: =C12+1 -> 7 | D13: 2nd Floor | E13: =D13 -> 2nd Floor | G13: 2A | H13: A | I13: Studio Unit | J13: 22 | L13: South | M13: End | N13: 95909.091 | O13: =J13*N13 -> 2110000 | P13: =(P4+P5) -> 22400 | Q13: =$Q$5 -> 50000 | W13: =J13*$W$5 -> 22000 | Z13: =$Z$5 -> 75000 | AE13: =SUM(P13:AD13) -> 169400 | AF13: =O13+AE13 -> 2279400 | AG13: =AF13*$AG$5 -> 56985 | AH13: =AF13+AG13 -> 2336385 | AI13: =AH13*$AI$5 -> 58409.625 | AJ13: =AH13+AI13 -> 2394794.6 | AK13: =AJ13*$AK$5 -> 119739.73 | AL13: =AJ13+AK13 -> 2514534.4 | AM13: =AL13*$AM$5 -> 25145.344 | AN13: =$AN$5 -> 27537.41 | AP13: =FK13 -> 111106.84 | AQ13: =AL13+AM13+AP13+AN13+AO13 -> 2678324 | AR13: =AQ13*$AR$5 -> 120524.58 | AS13: =AQ13+AR13 -> 2798848.5 | AT13: =$AT$5 -> 2000000 | AU13: =AV13/J13 -> 36311.297 | AV13: =AS13-AT13 -> 798848.53 | AW13: =AV13*$AW$5 -> 95861.824 | AX13: =AV13+AW13 -> 894710.35 | AY13: =AS13+AW13 -> 2894710.4 | AZ13: =AY13*$AZ$5 -> 36183.879 | BA13: 0 | BB13: =SUM(AY13:BA13) -> 2930894.2 | BC13: 0 | BD13: =BB13*$BD$5 -> 109908.53 | BE13: =$BE$5*1.12 -> 33600 | BF13: =BB13+BC13+BD13+BE13 -> 3074402.8 | BH13: =BF13+BG13 -> 3074402.8 | BJ13: =BH13+BI13 -> 3074402.8 | BL13: =BJ13+BK13 -> 3074402.8 | BN13: =BL13+BM13 -> 3074402.8 | BP13: =BN13+BO13 -> 3074402.8 | BR13: =BP13+BQ13 -> 3074402.8 | BT13: =BR13+BS13 -> 3074402.8 | BV13: =BT13+BU13 -> 3074402.8 | BX13: =$BX$2+$BX$3-BE13 -> 31400 | BY13: =SUM(BV13:BX13) -> 3105802.8 | CA13: =BY13+BZ13 -> 3105802.8 | CB13: =BY13 -> 3105802.8 | CC13: =CB13-CE13-CF13 -> 3105802.8 | CE13: =CD13*J13 -> 0 | CF13: =CE13*$AW$5 -> 0 | CG13: =CE13+CF13 -> 0 | CH13: =CC13+CE13+CF13 -> 3105802.8 | CI13: =CH13 -> 3105802.8 | CJ13: =IF(CC13<=$CC$3,0,12%*CC13) -> 0 | CK13: =CI13*CK$5 -> 318344.78 | CL13: =CI13*CL$5 -> 108703.1 | CM13: =SUM(CI13:CL13) -> 3532850.6 | CN13: =$CN$5 -> 0.125 | CO13: =CM13*CN13 -> 441606.33 | CP13: =$CP$5 -> 30000 | CQ13: =CO13-CP13 -> 411606.33 | CR13: =VLOOKUP(E13,$IC$6:$IE$19,3,FALSE) -> 2 | CS13: =CQ13/CR13 -> 205803.17 | CT13: =100%-CN13 -> 0.875 | CU13: =CM13*CT13 -> 3091244.3 | CV13: =-PMT($CV$5/12,240,CU13,0) -> 23966.384 | CW13: =-PMT($CV$5/12,180,CU13,0) -> 27784.978 | CX13: =-PMT($CV$5/12,120,CU13,0) -> 35891.968 | CY13: =-PMT($CV$5/12,60,CU13,0) -> 61210.342 | CZ13: =(CM13*80%)*$CZ$5 -> 251111.6 | DA13: =(CM13*80%)*$DA$5 -> 99363.637 | DB13: =(CM13*80%)*$DB$5 -> 71768.948 | DC13: =(CM13*80%)*$DC$5 -> 54619.474 | DD13: =AV13/AT13 -> 0.39942426 | DE13: =CE13/CC13 -> 0 | DF13: BOI (W/ HIC) | DG13: NON BOI- BIR THRESHOLD | DH13: =$DH$7 -> 45658 | DI13: =(YEAR(DH13)-YEAR($DI$5))*12+MONTH(DH13)-MONTH($DI$5) -> 14 | DK13: =DH13+65 -> 45723 | DL13: =(YEAR(DK13)-YEAR($DL$5))*12+MONTH(DK13)-MONTH($DL$5)+$DL$4+$DL$3 -> 16 | DM13: BOI | DN13: CTS BARE WITH HIC | DO13: =DP13/J13 -> 40668.652 | DP13: =AX13 -> 894710.35 | DQ13: =AX13/AT13 -> 0.44735518 | DS13: =CI13 -> 3105802.8 | DT13: ='[4]INTERNAL PRICELIST'!N7 -> 2061900 | DU13: =DS13-DT13 -> 1043902.8 | DW13: =DS13/J13 -> 141172.85 | DZ13: 2A | EA13: =G13=DZ13 -> TRUE | EB13: JUAN CARLOS CALLANGA | EC13: FROM UG TO 2F | ER13: SOLD | ES13: SOLD | ET13: =ER13=ES13 -> TRUE | EX13: 2904754 | EY13: =EX13*$EY$5 -> 435713.1 | EZ13: =EX13*$EZ$5 -> 2469040.9 | FA13: =EX13*$FA$5 -> 290475.4 | FB13: =EX13*$FB$5 -> 2614278.6 | FC13: =FB13-EZ13 -> 145237.7 | FF13: =EZ13 -> 2469040.9 | FG13: =FF13*$FG$5 -> 209868.48 | FH13: =FG13*(6/12) -> 104934.24 | FI13: =FB13 -> 2614278.6 | FJ13: =FI13*$FJ$5 -> 222213.68 | FK13: =FJ13*(6/12) -> 111106.84 | FL13: =FJ13-FG13 -> 12345.204 | FM13: =FK13-FH13 -> 6172.6022 | FN13: =$FN$6 -> VS | FO13: =$FO$5 -> 27537.41 | FP13: =FM13-FO13 -> -21364.808 | GA13: 28 | GB13: =EDATE(GC13,GA13) -> 46054 | GC13: 45200 | GI13: =CM13 -> 3532850.6 | GJ13: =CN13 -> 0.125 | GK13: =CO13 -> 441606.33 | GL13: =CP13 -> 30000 | GM13: =CQ13 -> 411606.33 | GN13: =CR13 -> 2 | GO13: =CS13 -> 205803.17 | GP13: =CT13 -> 0.875 | ... GU13: =CY13 -> 61210.342 | GW13: =GI13 -> 3532850.6 | GX13: =GJ13 -> 0.125 | GY13: =GK13 -> 441606.33 | GZ13: =GL13 -> 30000 | HA13: =GM13 -> 411606.33 | HB13: =$HB$5 -> 25 | HC13: =HA13/HB13 -> 16464.253 | HD13: =100%-GX13 -> 0.875 | HE13: =GW13*HD13 -> 3091244.3 | HF13: =-PMT(7%/12,240,HE13,0) -> 23966.384 | HG13: =-PMT(7%/12,180,HE13,0) -> 27784.978 | HH13: =-PMT(7%/12,120,HE13,0) -> 35891.968 | HI13: =-PMT(7%/12,60,HE13,0) -> 61210.342 | HK13: =HC13-GO13 -> -189338.91 | HR13: =CB13-CH13 -> 0 | IC13: 7th Floor | ID13: =DATE(2025,9,1) -> 45901 | IE13: =DATEDIF($IE$5,ID13,"m") -> 1
A14: =A13+1 -> 8 | B14: SOLD | C14: =C13+1 -> 8 | D14: 2nd Floor | E14: =D14 -> 2nd Floor | G14: 2B | H14: B | I14: Studio Unit | J14: 22 | L14: South | M14: Inner | N14: 95909.091 | O14: =J14*N14 -> 2110000 | P14: =$P$13 -> 22400 | Q14: =$Q$5 -> 50000 | Z14: =$Z$5 -> 75000 | AE14: =SUM(P14:AD14) -> 147400 | AF14: =O14+AE14 -> 2257400 | AG14: =AF14*$AG$5 -> 56435 | AH14: =AF14+AG14 -> 2313835 | AI14: =AH14*$AI$5 -> 57845.875 | AJ14: =AH14+AI14 -> 2371680.9 | AK14: =AJ14*$AK$5 -> 118584.04 | AL14: =AJ14+AK14 -> 2490264.9 | AM14: =AL14*$AM$5 -> 24902.649 | AN14: =$AN$5 -> 27537.41 | AP14: =FK14 -> 109934.58 | AQ14: =AL14+AM14+AP14+AN14+AO14 -> 2652639.6 | AR14: =AQ14*$AR$5 -> 119368.78 | AS14: =AQ14+AR14 -> 2772008.3 | AT14: =$AT$5 -> 2000000 | AU14: =AV14/J14 -> 35091.288 | AV14: =AS14-AT14 -> 772008.34 | AW14: =AV14*$AW$5 -> 92641 | AX14: =AV14+AW14 -> 864649.34 | AY14: =AS14+AW14 -> 2864649.3 | AZ14: =AY14*$AZ$5 -> 35808.117 | BA14: 0 | BB14: =SUM(AY14:BA14) -> 2900457.5 | BC14: 0 | BD14: =BB14*$BD$5 -> 108767.15 | BE14: =$BE$5*1.12 -> 33600 | BF14: =BB14+BC14+BD14+BE14 -> 3042824.6 | BH14: =BF14+BG14 -> 3042824.6 | BJ14: =BH14+BI14 -> 3042824.6 | BL14: =BJ14+BK14 -> 3042824.6 | BN14: =BL14+BM14 -> 3042824.6 | BP14: =BN14+BO14 -> 3042824.6 | BR14: =BP14+BQ14 -> 3042824.6 | BT14: =BR14+BS14 -> 3042824.6 | BV14: =BT14+BU14 -> 3042824.6 | BX14: =$BX$2+$BX$3-BE14 -> 31400 | BY14: =SUM(BV14:BX14) -> 3074224.6 | CA14: =BY14+BZ14 -> 3074224.6 | CB14: =BY14 -> 3074224.6 | CC14: =CB14-CE14-CF14 -> 3074224.6 | CE14: =CD14*J14 -> 0 | CF14: =CE14*$AW$5 -> 0 | CG14: =CE14+CF14 -> 0 | CH14: =CC14+CE14+CF14 -> 3074224.6 | CI14: =CH14 -> 3074224.6 | CJ14: =IF(CC14<=$CC$3,0,12%*CC14) -> 0 | CK14: =CI14*CK$5 -> 315108.02 | CL14: =CI14*CL$5 -> 107597.86 | CM14: =SUM(CI14:CL14) -> 3496930.5 | CN14: =$CN$5 -> 0.125 | CO14: =CM14*CN14 -> 437116.31 | CP14: =$CP$5 -> 30000 | CQ14: =CO14-CP14 -> 407116.31 | CR14: =VLOOKUP(E14,$IC$6:$IE$19,3,FALSE) -> 2 | CS14: =CQ14/CR14 -> 203558.16 | CT14: =100%-CN14 -> 0.875 | CU14: =CM14*CT14 -> 3059814.2 | CV14: =-PMT($CV$5/12,240,CU14,0) -> 23722.707 | CW14: =-PMT($CV$5/12,180,CU14,0) -> 27502.475 | CX14: =-PMT($CV$5/12,120,CU14,0) -> 35527.037 | CY14: =-PMT($CV$5/12,60,CU14,0) -> 60587.988 | CZ14: =(CM14*80%)*$CZ$5 -> 248558.43 | DA14: =(CM14*80%)*$DA$5 -> 98353.361 | DB14: =(CM14*80%)*$DB$5 -> 71039.239 | DC14: =(CM14*80%)*$DC$5 -> 54064.132 | DD14: =AV14/AT14 -> 0.38600417 | DE14: =CE14/CC14 -> 0 | DF14: BOI (W/ HIC) | DG14: NON BOI- BIR THRESHOLD | DH14: =$DH$7 -> 45658 | DI14: =(YEAR(DH14)-YEAR($DI$5))*12+MONTH(DH14)-MONTH($DI$5) -> 14 | DK14: =DH14+65 -> 45723 | DL14: =(YEAR(DK14)-YEAR($DL$5))*12+MONTH(DK14)-MONTH($DL$5)+$DL$4+$DL$3 -> 16 | DM14: BOI | DN14: CTS BARE WITH HIC | DO14: =DP14/J14 -> 39302.243 | DP14: =AX14 -> 864649.34 | DQ14: =AX14/AT14 -> 0.43232467 | DS14: =CI14 -> 3074224.6 | DT14: ='[4]INTERNAL PRICELIST'!N8 -> 2061900 | DU14: =DS14-DT14 -> 1012324.6 | DW14: =DS14/J14 -> 139737.48 | DZ14: 2B | EA14: =G14=DZ14 -> TRUE | EB14: JOYCE CADIAO | EC14: FROM UG TO 2F | ER14: SOLD | ES14: SOLD | ET14: =ER14=ES14 -> TRUE | EX14: 2874106.5 | EY14: =EX14*$EY$5 -> 431115.98 | EZ14: =EX14*$EZ$5 -> 2442990.6 | FA14: =EX14*$FA$5 -> 287410.65 | FB14: =EX14*$FB$5 -> 2586695.9 | FC14: =FB14-EZ14 -> 143705.33 | FF14: =EZ14 -> 2442990.6 | FG14: =FF14*$FG$5 -> 207654.2 | FH14: =FG14*(6/12) -> 103827.1 | FI14: =FB14 -> 2586695.9 | FJ14: =FI14*$FJ$5 -> 219869.15 | FK14: =FJ14*(6/12) -> 109934.58 | FL14: =FJ14-FG14 -> 12214.953 | FM14: =FK14-FH14 -> 6107.4764 | FN14: =$FN$6 -> VS | FO14: =$FO$5 -> 27537.41 | FP14: =FM14-FO14 -> -21429.934 | FT14: =FB14 -> 2586695.9 | GA14: =GA13-1 -> 27 | GB14: =EDATE(GC14,GA14) -> 46054 | GC14: 45231 | GD14: Nov. 1-14,2023 only | GI14: =CM14 -> 3496930.5 | GJ14: =CN14 -> 0.125 | GK14: =CO14 -> 437116.31 | GL14: =CP14 -> 30000 | GM14: =CQ14 -> 407116.31 | GN14: =CR14 -> 2 | GO14: =CS14 -> 203558.16 | GP14: =CT14 -> 0.875 | ... GU14: =CY14 -> 60587.988 | GW14: =GI14 -> 3496930.5 | GX14: =GJ14 -> 0.125 | GY14: =GK14 -> 437116.31 | GZ14: =GL14 -> 30000 | HA14: =GM14 -> 407116.31 | HB14: =$HB$5 -> 25 | HC14: =HA14/HB14 -> 16284.652 | HD14: =100%-GX14 -> 0.875 | HE14: =GW14*HD14 -> 3059814.2 | HF14: =-PMT(7%/12,240,HE14,0) -> 23722.707 | HG14: =-PMT(7%/12,180,HE14,0) -> 27502.475 | HH14: =-PMT(7%/12,120,HE14,0) -> 35527.037 | HI14: =-PMT(7%/12,60,HE14,0) -> 60587.988 | HK14: =HC14-GO14 -> -187273.5 | HR14: =CB14-CH14 -> 0 | IC14: 8th Floor | ID14: =DATE(2025,10,1) -> 45931 | IE14: =DATEDIF($IE$5,ID14,"m") -> 2
A15: =A14+1 -> 9 | B15: SOLD | C15: =C14+1 -> 9 | D15: 2nd Floor | E15: =D15 -> 2nd Floor | G15: 2C | H15: C | I15: Studio Unit | J15: 22 | L15: South | M15: Inner | N15: 95909.091 | O15: =J15*N15 -> 2110000 | P15: =$P$13 -> 22400 | Q15: =$Q$5 -> 50000 | Z15: =$Z$5 -> 75000 | AE15: =SUM(P15:AD15) -> 147400 | AF15: =O15+AE15 -> 2257400 | AG15: =AF15*$AG$5 -> 56435 | AH15: =AF15+AG15 -> 2313835 | AI15: =AH15*$AI$5 -> 57845.875 | AJ15: =AH15+AI15 -> 2371680.9 | AK15: =AJ15*$AK$5 -> 118584.04 | AL15: =AJ15+AK15 -> 2490264.9 | AM15: =AL15*$AM$5 -> 24902.649 | AN15: =$AN$5 -> 27537.41 | AP15: =FK15 -> 109934.58 | AQ15: =AL15+AM15+AP15+AN15+AO15 -> 2652639.6 | AR15: =AQ15*$AR$5 -> 119368.78 | AS15: =AQ15+AR15 -> 2772008.3 | AT15: =$AT$5 -> 2000000 | AU15: =AV15/J15 -> 35091.288 | AV15: =AS15-AT15 -> 772008.34 | AW15: =AV15*$AW$5 -> 92641 | AX15: =AV15+AW15 -> 864649.34 | AY15: =AS15+AW15 -> 2864649.3 | AZ15: =AY15*$AZ$5 -> 35808.117 | BA15: 0 | BB15: =SUM(AY15:BA15) -> 2900457.5 | BC15: 0 | BD15: =BB15*$BD$5 -> 108767.15 | BE15: =$BE$5*1.12 -> 33600 | BF15: =BB15+BC15+BD15+BE15 -> 3042824.6 | BH15: =BF15+BG15 -> 3042824.6 | BJ15: =BH15+BI15 -> 3042824.6 | BL15: =BJ15+BK15 -> 3042824.6 | BN15: =BL15+BM15 -> 3042824.6 | BP15: =BN15+BO15 -> 3042824.6 | BR15: =BP15+BQ15 -> 3042824.6 | BT15: =BR15+BS15 -> 3042824.6 | BV15: =BT15+BU15 -> 3042824.6 | BX15: =$BX$2+$BX$3-BE15 -> 31400 | BY15: =SUM(BV15:BX15) -> 3074224.6 | CA15: =BY15+BZ15 -> 3074224.6 | CB15: =BY15 -> 3074224.6 | CC15: =CB15-CE15-CF15 -> 3074224.6 | CE15: =CD15*J15 -> 0 | CF15: =CE15*$AW$5 -> 0 | CG15: =CE15+CF15 -> 0 | CH15: =CC15+CE15+CF15 -> 3074224.6 | CI15: =CH15 -> 3074224.6 | CJ15: =IF(CC15<=$CC$3,0,12%*CC15) -> 0 | CK15: =CI15*CK$5 -> 315108.02 | CL15: =CI15*CL$5 -> 107597.86 | CM15: =SUM(CI15:CL15) -> 3496930.5 | CN15: =$CN$5 -> 0.125 | CO15: =CM15*CN15 -> 437116.31 | CP15: =$CP$5 -> 30000 | CQ15: =CO15-CP15 -> 407116.31 | CR15: =VLOOKUP(E15,$IC$6:$IE$19,3,FALSE) -> 2 | CS15: =CQ15/CR15 -> 203558.16 | CT15: =100%-CN15 -> 0.875 | CU15: =CM15*CT15 -> 3059814.2 | CV15: =-PMT($CV$5/12,240,CU15,0) -> 23722.707 | CW15: =-PMT($CV$5/12,180,CU15,0) -> 27502.475 | CX15: =-PMT($CV$5/12,120,CU15,0) -> 35527.037 | CY15: =-PMT($CV$5/12,60,CU15,0) -> 60587.988 | CZ15: =(CM15*80%)*$CZ$5 -> 248558.43 | DA15: =(CM15*80%)*$DA$5 -> 98353.361 | DB15: =(CM15*80%)*$DB$5 -> 71039.239 | DC15: =(CM15*80%)*$DC$5 -> 54064.132 | DD15: =AV15/AT15 -> 0.38600417 | DE15: =CE15/CC15 -> 0 | DF15: BOI (W/ HIC) | DG15: NON BOI- BIR THRESHOLD | DH15: =$DH$7 -> 45658 | DI15: =(YEAR(DH15)-YEAR($DI$5))*12+MONTH(DH15)-MONTH($DI$5) -> 14 | DK15: =DH15+65 -> 45723 | DL15: =(YEAR(DK15)-YEAR($DL$5))*12+MONTH(DK15)-MONTH($DL$5)+$DL$4+$DL$3 -> 16 | DM15: BOI | DN15: CTS BARE WITH HIC | DO15: =DP15/J15 -> 39302.243 | DP15: =AX15 -> 864649.34 | DQ15: =AX15/AT15 -> 0.43232467 | DS15: =CI15 -> 3074224.6 | DT15: ='[4]INTERNAL PRICELIST'!N9 -> 2061900 | DU15: =DS15-DT15 -> 1012324.6 | DW15: =DS15/J15 -> 139737.48 | DZ15: 2C | EA15: =G15=DZ15 -> TRUE | EB15: KRISTER D. VILLARUZ | EC15: FROM UG TO 2F | ER15: SOLD | ES15: SOLD | ET15: =ER15=ES15 -> TRUE | EX15: 2874106.5 | EY15: =EX15*$EY$5 -> 431115.98 | EZ15: =EX15*$EZ$5 -> 2442990.6 | FA15: =EX15*$FA$5 -> 287410.65 | FB15: =EX15*$FB$5 -> 2586695.9 | FC15: =FB15-EZ15 -> 143705.33 | FF15: =EZ15 -> 2442990.6 | FG15: =FF15*$FG$5 -> 207654.2 | FH15: =FG15*(6/12) -> 103827.1 | FI15: =FB15 -> 2586695.9 | FJ15: =FI15*$FJ$5 -> 219869.15 | FK15: =FJ15*(6/12) -> 109934.58 | FL15: =FJ15-FG15 -> 12214.953 | FM15: =FK15-FH15 -> 6107.4764 | FN15: =$FN$6 -> VS | FO15: =$FO$5 -> 27537.41 | FP15: =FM15-FO15 -> -21429.934 | FT15: =FB15 -> 2586695.9 | GA15: 24 | GB15: =EDATE(GC15,GA15) -> 45962 | GC15: 45231 | GD15: Nov. 15-30,2023 | GI15: =CM15 -> 3496930.5 | GJ15: =CN15 -> 0.125 | GK15: =CO15 -> 437116.31 | GL15: =CP15 -> 30000 | GM15: =CQ15 -> 407116.31 | GN15: =CR15 -> 2 | GO15: =CS15 -> 203558.16 | GP15: =CT15 -> 0.875 | ... GU15: =CY15 -> 60587.988 | GW15: =GI15 -> 3496930.5 | GX15: =GJ15 -> 0.125 | GY15: =GK15 -> 437116.31 | GZ15: =GL15 -> 30000 | HA15: =GM15 -> 407116.31 | HB15: =$HB$5 -> 25 | HC15: =HA15/HB15 -> 16284.652 | HD15: =100%-GX15 -> 0.875 | HE15: =GW15*HD15 -> 3059814.2 | HF15: =-PMT(7%/12,240,HE15,0) -> 23722.707 | HG15: =-PMT(7%/12,180,HE15,0) -> 27502.475 | HH15: =-PMT(7%/12,120,HE15,0) -> 35527.037 | HI15: =-PMT(7%/12,60,HE15,0) -> 60587.988 | HK15: =HC15-GO15 -> -187273.5 | HR15: =CB15-CH15 -> 0 | IC15: 9th Floor | ID15: =DATE(2025,10,1) -> 45931 | IE15: =DATEDIF($IE$5,ID15,"m") -> 2
A16: =A15+1 -> 10 | B16: SOLD | C16: =C15+1 -> 10 | D16: 2nd Floor | E16: =D16 -> 2nd Floor | G16: 2D | H16: D | I16: Studio Unit | J16: 22 | L16: South | M16: Inner | N16: 95909.091 | O16: =J16*N16 -> 2110000 | P16: =$P$13 -> 22400 | Q16: =$Q$5 -> 50000 | Z16: =$Z$5 -> 75000 | AE16: =SUM(P16:AD16) -> 147400 | AF16: =O16+AE16 -> 2257400 | AG16: =AF16*$AG$5 -> 56435 | AH16: =AF16+AG16 -> 2313835 | AI16: =AH16*$AI$5 -> 57845.875 | AJ16: =AH16+AI16 -> 2371680.9 | AK16: =AJ16*$AK$5 -> 118584.04 | AL16: =AJ16+AK16 -> 2490264.9 | AM16: =AL16*$AM$5 -> 24902.649 | AN16: =$AN$5 -> 27537.41 | AP16: =FK16 -> 109934.58 | AQ16: =AL16+AM16+AP16+AN16+AO16 -> 2652639.6 | AR16: =AQ16*$AR$5 -> 119368.78 | AS16: =AQ16+AR16 -> 2772008.3 | AT16: =$AT$5 -> 2000000 | AU16: =AV16/J16 -> 35091.288 | AV16: =AS16-AT16 -> 772008.34 | AW16: =AV16*$AW$5 -> 92641 | AX16: =AV16+AW16 -> 864649.34 | AY16: =AS16+AW16 -> 2864649.3 | AZ16: =AY16*$AZ$5 -> 35808.117 | BA16: 0 | BB16: =SUM(AY16:BA16) -> 2900457.5 | BC16: 0 | BD16: =BB16*$BD$5 -> 108767.15 | BE16: =$BE$5*1.12 -> 33600 | BF16: =BB16+BC16+BD16+BE16 -> 3042824.6 | BH16: =BF16+BG16 -> 3042824.6 | BJ16: =BH16+BI16 -> 3042824.6 | BL16: =BJ16+BK16 -> 3042824.6 | BN16: =BL16+BM16 -> 3042824.6 | BP16: =BN16+BO16 -> 3042824.6 | BR16: =BP16+BQ16 -> 3042824.6 | BT16: =BR16+BS16 -> 3042824.6 | BV16: =BT16+BU16 -> 3042824.6 | BX16: =$BX$2+$BX$3-BE16 -> 31400 | BY16: =SUM(BV16:BX16) -> 3074224.6 | CA16: =BY16+BZ16 -> 3074224.6 | CB16: =BY16 -> 3074224.6 | CC16: =CB16-CE16-CF16 -> 3074224.6 | CE16: =CD16*J16 -> 0 | CF16: =CE16*$AW$5 -> 0 | CG16: =CE16+CF16 -> 0 | CH16: =CC16+CE16+CF16 -> 3074224.6 | CI16: =CH16 -> 3074224.6 | CJ16: =IF(CC16<=$CC$3,0,12%*CC16) -> 0 | CK16: =CI16*CK$5 -> 315108.02 | CL16: =CI16*CL$5 -> 107597.86 | CM16: =SUM(CI16:CL16) -> 3496930.5 | CN16: =$CN$5 -> 0.125 | CO16: =CM16*CN16 -> 437116.31 | CP16: =$CP$5 -> 30000 | CQ16: =CO16-CP16 -> 407116.31 | CR16: =VLOOKUP(E16,$IC$6:$IE$19,3,FALSE) -> 2 | CS16: =CQ16/CR16 -> 203558.16 | CT16: =100%-CN16 -> 0.875 | CU16: =CM16*CT16 -> 3059814.2 | CV16: =-PMT($CV$5/12,240,CU16,0) -> 23722.707 | CW16: =-PMT($CV$5/12,180,CU16,0) -> 27502.475 | CX16: =-PMT($CV$5/12,120,CU16,0) -> 35527.037 | CY16: =-PMT($CV$5/12,60,CU16,0) -> 60587.988 | CZ16: =(CM16*80%)*$CZ$5 -> 248558.43 | DA16: =(CM16*80%)*$DA$5 -> 98353.361 | DB16: =(CM16*80%)*$DB$5 -> 71039.239 | DC16: =(CM16*80%)*$DC$5 -> 54064.132 | DD16: =AV16/AT16 -> 0.38600417 | DE16: =CE16/CC16 -> 0 | DF16: BOI (W/ HIC) | DG16: NON BOI- BIR THRESHOLD | DH16: =$DH$7 -> 45658 | DI16: =(YEAR(DH16)-YEAR($DI$5))*12+MONTH(DH16)-MONTH($DI$5) -> 14 | DK16: =DH16+65 -> 45723 | DL16: =(YEAR(DK16)-YEAR($DL$5))*12+MONTH(DK16)-MONTH($DL$5)+$DL$4+$DL$3 -> 16 | DM16: BOI | DN16: CTS BARE WITH HIC | DO16: =DP16/J16 -> 39302.243 | DP16: =AX16 -> 864649.34 | DQ16: =AX16/AT16 -> 0.43232467 | DS16: =CI16 -> 3074224.6 | DT16: ='[4]INTERNAL PRICELIST'!N10 -> 2061900 | DU16: =DS16-DT16 -> 1012324.6 | DW16: =DS16/J16 -> 139737.48 | DZ16: 2D | EA16: =G16=DZ16 -> TRUE | EB16: SHALEY MARIE G. PALMARES | EC16: FROM UG TO 2F | ER16: SOLD | ES16: SOLD | ET16: =ER16=ES16 -> TRUE | EX16: 2874106.5 | EY16: =EX16*$EY$5 -> 431115.98 | EZ16: =EX16*$EZ$5 -> 2442990.6 | FA16: =EX16*$FA$5 -> 287410.65 | FB16: =EX16*$FB$5 -> 2586695.9 | FC16: =FB16-EZ16 -> 143705.33 | FF16: =EZ16 -> 2442990.6 | FG16: =FF16*$FG$5 -> 207654.2 | FH16: =FG16*(6/12) -> 103827.1 | FI16: =FB16 -> 2586695.9 | FJ16: =FI16*$FJ$5 -> 219869.15 | FK16: =FJ16*(6/12) -> 109934.58 | FL16: =FJ16-FG16 -> 12214.953 | FM16: =FK16-FH16 -> 6107.4764 | FN16: =$FN$6 -> VS | FO16: =$FO$5 -> 27537.41 | FP16: =FM16-FO16 -> -21429.934 | FT16: =FB16 -> 2586695.9 | GA16: =GA15-1 -> 23 | GB16: =EDATE(GC16,GA16) -> 45962 | GC16: 45261 | GI16: =CM16 -> 3496930.5 | GJ16: =CN16 -> 0.125 | GK16: =CO16 -> 437116.31 | GL16: =CP16 -> 30000 | GM16: =CQ16 -> 407116.31 | GN16: =CR16 -> 2 | GO16: =CS16 -> 203558.16 | GP16: =CT16 -> 0.875 | ... GU16: =CY16 -> 60587.988 | GW16: =GI16 -> 3496930.5 | GX16: =GJ16 -> 0.125 | GY16: =GK16 -> 437116.31 | GZ16: =GL16 -> 30000 | HA16: =GM16 -> 407116.31 | HB16: =$HB$5 -> 25 | HC16: =HA16/HB16 -> 16284.652 | HD16: =100%-GX16 -> 0.875 | HE16: =GW16*HD16 -> 3059814.2 | HF16: =-PMT(7%/12,240,HE16,0) -> 23722.707 | HG16: =-PMT(7%/12,180,HE16,0) -> 27502.475 | HH16: =-PMT(7%/12,120,HE16,0) -> 35527.037 | HI16: =-PMT(7%/12,60,HE16,0) -> 60587.988 | HK16: =HC16-GO16 -> -187273.5 | HR16: =CB16-CH16 -> 0 | IC16: 10th Floor | ID16: =DATE(2025,10,1) -> 45931 | IE16: =DATEDIF($IE$5,ID16,"m") -> 2
A17: =A16+1 -> 11 | B17: SOLD | C17: =C16+1 -> 11 | D17: 2nd Floor | E17: =D17 -> 2nd Floor | G17: 2E | H17: E | I17: Studio Unit | J17: 22 | L17: South | M17: Inner | N17: 95909.091 | O17: =J17*N17 -> 2110000 | P17: =$P$13 -> 22400 | Q17: =$Q$5 -> 50000 | Z17: =$Z$5 -> 75000 | AE17: =SUM(P17:AD17) -> 147400 | AF17: =O17+AE17 -> 2257400 | AG17: =AF17*$AG$5 -> 56435 | AH17: =AF17+AG17 -> 2313835 | AI17: =AH17*$AI$5 -> 57845.875 | AJ17: =AH17+AI17 -> 2371680.9 | AK17: =AJ17*$AK$5 -> 118584.04 | AL17: =AJ17+AK17 -> 2490264.9 | AM17: =AL17*$AM$5 -> 24902.649 | AN17: =$AN$5 -> 27537.41 | AP17: =FK17 -> 109934.58 | AQ17: =AL17+AM17+AP17+AN17+AO17 -> 2652639.6 | AR17: =AQ17*$AR$5 -> 119368.78 | AS17: =AQ17+AR17 -> 2772008.3 | AT17: =$AT$5 -> 2000000 | AU17: =AV17/J17 -> 35091.288 | AV17: =AS17-AT17 -> 772008.34 | AW17: =AV17*$AW$5 -> 92641 | AX17: =AV17+AW17 -> 864649.34 | AY17: =AS17+AW17 -> 2864649.3 | AZ17: =AY17*$AZ$5 -> 35808.117 | BA17: 0 | BB17: =SUM(AY17:BA17) -> 2900457.5 | BC17: 0 | BD17: =BB17*$BD$5 -> 108767.15 | BE17: =$BE$5*1.12 -> 33600 | BF17: =BB17+BC17+BD17+BE17 -> 3042824.6 | BH17: =BF17+BG17 -> 3042824.6 | BJ17: =BH17+BI17 -> 3042824.6 | BL17: =BJ17+BK17 -> 3042824.6 | BN17: =BL17+BM17 -> 3042824.6 | BP17: =BN17+BO17 -> 3042824.6 | BR17: =BP17+BQ17 -> 3042824.6 | BT17: =BR17+BS17 -> 3042824.6 | BV17: =BT17+BU17 -> 3042824.6 | BX17: =$BX$2+$BX$3-BE17 -> 31400 | BY17: =SUM(BV17:BX17) -> 3074224.6 | CA17: =BY17+BZ17 -> 3074224.6 | CB17: =BY17 -> 3074224.6 | CC17: =CB17-CE17-CF17 -> 3074224.6 | CE17: =CD17*J17 -> 0 | CF17: =CE17*$AW$5 -> 0 | CG17: =CE17+CF17 -> 0 | CH17: =CC17+CE17+CF17 -> 3074224.6 | CI17: =CH17 -> 3074224.6 | CJ17: =IF(CC17<=$CC$3,0,12%*CC17) -> 0 | CK17: =CI17*CK$5 -> 315108.02 | CL17: =CI17*CL$5 -> 107597.86 | CM17: =SUM(CI17:CL17) -> 3496930.5 | CN17: =$CN$5 -> 0.125 | CO17: =CM17*CN17 -> 437116.31 | CP17: =$CP$5 -> 30000 | CQ17: =CO17-CP17 -> 407116.31 | CR17: =VLOOKUP(E17,$IC$6:$IE$19,3,FALSE) -> 2 | CS17: =CQ17/CR17 -> 203558.16 | CT17: =100%-CN17 -> 0.875 | CU17: =CM17*CT17 -> 3059814.2 | CV17: =-PMT($CV$5/12,240,CU17,0) -> 23722.707 | CW17: =-PMT($CV$5/12,180,CU17,0) -> 27502.475 | CX17: =-PMT($CV$5/12,120,CU17,0) -> 35527.037 | CY17: =-PMT($CV$5/12,60,CU17,0) -> 60587.988 | CZ17: =(CM17*80%)*$CZ$5 -> 248558.43 | DA17: =(CM17*80%)*$DA$5 -> 98353.361 | DB17: =(CM17*80%)*$DB$5 -> 71039.239 | DC17: =(CM17*80%)*$DC$5 -> 54064.132 | DD17: =AV17/AT17 -> 0.38600417 | DE17: =CE17/CC17 -> 0 | DF17: BOI (W/ HIC) | DG17: NON BOI- BIR THRESHOLD | DH17: =$DH$7 -> 45658 | DI17: =(YEAR(DH17)-YEAR($DI$5))*12+MONTH(DH17)-MONTH($DI$5) -> 14 | DK17: =DH17+65 -> 45723 | DL17: =(YEAR(DK17)-YEAR($DL$5))*12+MONTH(DK17)-MONTH($DL$5)+$DL$4+$DL$3 -> 16 | DM17: BOI | DN17: CTS BARE WITH HIC | DO17: =DP17/J17 -> 39302.243 | DP17: =AX17 -> 864649.34 | DQ17: =AX17/AT17 -> 0.43232467 | DS17: =CI17 -> 3074224.6 | DT17: ='[4]INTERNAL PRICELIST'!N11 -> 2061900 | DU17: =DS17-DT17 -> 1012324.6 | DW17: =DS17/J17 -> 139737.48 | DZ17: 2E | EA17: =G17=DZ17 -> TRUE | EB17: MICHELLE DAWN T. VERGARA | EC17: FROM UG TO 2F | ER17: SOLD | ES17: SOLD | ET17: =ER17=ES17 -> TRUE | EX17: 2874106.5 | EY17: =EX17*$EY$5 -> 431115.98 | EZ17: =EX17*$EZ$5 -> 2442990.6 | FA17: =EX17*$FA$5 -> 287410.65 | FB17: =EX17*$FB$5 -> 2586695.9 | FC17: =FB17-EZ17 -> 143705.33 | FF17: =EZ17 -> 2442990.6 | FG17: =FF17*$FG$5 -> 207654.2 | FH17: =FG17*(6/12) -> 103827.1 | FI17: =FB17 -> 2586695.9 | FJ17: =FI17*$FJ$5 -> 219869.15 | FK17: =FJ17*(6/12) -> 109934.58 | FL17: =FJ17-FG17 -> 12214.953 | FM17: =FK17-FH17 -> 6107.4764 | FN17: =$FN$6 -> VS | FO17: =$FO$5 -> 27537.41 | FP17: =FM17-FO17 -> -21429.934 | GA17: =GA16-1 -> 22 | GB17: =EDATE(GC17,GA17) -> 45962 | GC17: 45292 | GI17: =CM17 -> 3496930.5 | GJ17: =CN17 -> 0.125 | GK17: =CO17 -> 437116.31 | GL17: =CP17 -> 30000 | GM17: =CQ17 -> 407116.31 | GN17: =CR17 -> 2 | GO17: =CS17 -> 203558.16 | GP17: =CT17 -> 0.875 | ... GU17: =CY17 -> 60587.988 | GW17: =GI17 -> 3496930.5 | GX17: =GJ17 -> 0.125 | GY17: =GK17 -> 437116.31 | GZ17: =GL17 -> 30000 | HA17: =GM17 -> 407116.31 | HB17: =$HB$5 -> 25 | HC17: =HA17/HB17 -> 16284.652 | HD17: =100%-GX17 -> 0.875 | HE17: =GW17*HD17 -> 3059814.2 | HF17: =-PMT(7%/12,240,HE17,0) -> 23722.707 | HG17: =-PMT(7%/12,180,HE17,0) -> 27502.475 | HH17: =-PMT(7%/12,120,HE17,0) -> 35527.037 | HI17: =-PMT(7%/12,60,HE17,0) -> 60587.988 | HK17: =HC17-GO17 -> -187273.5 | HR17: =CB17-CH17 -> 0 | IC17: 11th Floor | ID17: =DATE(2025,10,1) -> 45931 | IE17: =DATEDIF($IE$5,ID17,"m") -> 2
A18: =A17+1 -> 12 | B18: SOLD | C18: =C17+1 -> 12 | D18: 2nd Floor | E18: =D18 -> 2nd Floor | G18: 2F | H18: F | I18: Studio Unit | J18: 22 | L18: South | M18: Corner | N18: 95909.091 | O18: =J18*N18 -> 2110000 | P18: =$P$13 -> 22400 | Q18: =$Q$5 -> 50000 | V18: =J18*$V$5 -> 55000 | Z18: =$Z$5 -> 75000 | AE18: =SUM(P18:AD18) -> 202400 | AF18: =O18+AE18 -> 2312400 | AG18: =AF18*$AG$5 -> 57810 | AH18: =AF18+AG18 -> 2370210 | AI18: =AH18*$AI$5 -> 59255.25 | AJ18: =AH18+AI18 -> 2429465.3 | AK18: =AJ18*$AK$5 -> 121473.26 | AL18: =AJ18+AK18 -> 2550938.5 | AM18: =AL18*$AM$5 -> 25509.385 | AN18: =$AN$5 -> 27537.41 | AP18: =FK18 -> 115067.59 | AQ18: =AL18+AM18+AP18+AN18+AO18 -> 2719052.9 | AR18: =AQ18*$AR$5 -> 122357.38 | AS18: =AQ18+AR18 -> 2841410.3 | AT18: =$AT$5 -> 2000000 | AU18: =AV18/J18 -> 38245.922 | AV18: =AS18-AT18 -> 841410.28 | AW18: =AV18*$AW$5 -> 100969.23 | AX18: =AV18+AW18 -> 942379.52 | AY18: =AS18+AW18 -> 2942379.5 | AZ18: =AY18*$AZ$5 -> 36779.744 | BA18: 0 | BB18: =SUM(AY18:BA18) -> 2979159.3 | BC18: 0 | BD18: =BB18*$BD$5 -> 111718.47 | BE18: =$BE$5*1.12 -> 33600 | BF18: =BB18+BC18+BD18+BE18 -> 3124477.7 | BH18: =BF18+BG18 -> 3124477.7 | BJ18: =BH18+BI18 -> 3124477.7 | BK18: 5092.7923 | BL18: =BJ18+BK18 -> 3129570.5 | BN18: =BL18+BM18 -> 3129570.5 | BP18: =BN18+BO18 -> 3129570.5 | BR18: =BP18+BQ18 -> 3129570.5 | BT18: =BR18+BS18 -> 3129570.5 | BU18: =$BU$5/24 -> 546 | BV18: =BT18+BU18 -> 3130116.5 | BX18: =$BX$2+$BX$3-BE18 -> 31400 | BY18: =SUM(BV18:BX18) -> 3161516.5 | BZ18: =$BZ$5/20 -> 33654.337 | CA18: =BY18+BZ18 -> 3195170.9 | CB18: =CA18 -> 3195170.9 | CC18: =CB18-CE18-CF18 -> 3195170.9 | CE18: =CD18*J18 -> 0 | CF18: =CE18*$AW$5 -> 0 | CG18: =CE18+CF18 -> 0 | CH18: =CC18+CE18+CF18 -> 3195170.9 | CI18: =CH18 -> 3195170.9 | CJ18: =IF(CC18<=$CC$3,0,12%*CC18) -> 0 | CK18: =CI18*CK$5 -> 327505.01 | CL18: =CI18*CL$5 -> 111830.98 | CM18: =SUM(CI18:CL18) -> 3634506.9 | CN18: =$CN$5 -> 0.125 | CO18: =CM18*CN18 -> 454313.36 | CP18: =$CP$5 -> 30000 | CQ18: =CO18-CP18 -> 424313.36 | CR18: 1 | CS18: =CQ18/CR18 -> 424313.36 | CT18: =100%-CN18 -> 0.875 | CU18: =CM18*CT18 -> 3180193.5 | CV18: =-PMT($CV$5/12,240,CU18,0) -> 24656.006 | CW18: =-PMT($CV$5/12,180,CU18,0) -> 28584.478 | CX18: =-PMT($CV$5/12,120,CU18,0) -> 36924.743 | CY18: =-PMT($CV$5/12,60,CU18,0) -> 62971.643 | CZ18: =(CM18*80%)*$CZ$5 -> 258337.23 | DA18: =(CM18*80%)*$DA$5 -> 102222.78 | DB18: =(CM18*80%)*$DB$5 -> 73834.068 | DC18: =(CM18*80%)*$DC$5 -> 56191.125 | DD18: =AV18/AT18 -> 0.42070514 | DE18: =CE18/CC18 -> 0 | DF18: BOI (W/ HIC) | DG18: NON BOI- BIR THRESHOLD | DH18: =$DH$7 -> 45658 | DI18: =(YEAR(DH18)-YEAR($DI$5))*12+MONTH(DH18)-MONTH($DI$5) -> 14 | DK18: =DH18+65 -> 45723 | DL18: =(YEAR(DK18)-YEAR($DL$5))*12+MONTH(DK18)-MONTH($DL$5)+$DL$4+$DL$3 -> 16 | DM18: BOI | DN18: CTS BARE WITH HIC | DO18: =DP18/J18 -> 42835.433 | DP18: =AX18 -> 942379.52 | DQ18: =AX18/AT18 -> 0.47118976 | DS18: =CI18 -> 3195170.9 | DT18: ='[4]INTERNAL PRICELIST'!N12 -> 2061900 | DU18: =DS18-DT18 -> 1133270.9 | DW18: =DS18/J18 -> 145235.04 | DZ18: 2F | EA18: =G18=DZ18 -> TRUE | EB18: MICHELLE DAWN T. VERGARA | EC18: FROM UG TO 2F | ER18: UNSOLD | ES18: UNSOLD | ET18: =ER18=ES18 -> TRUE | EX18: 3008303.1 | EY18: =EX18*$EY$5 -> 451245.46 | EZ18: =EX18*$EZ$5 -> 2557057.6 | FA18: =EX18*$FA$5 -> 300830.31 | FB18: =EX18*$FB$5 -> 2707472.8 | FC18: =FB18-EZ18 -> 150415.15 | FF18: =EZ18 -> 2557057.6 | FG18: =FF18*$FG$5 -> 217349.9 | FH18: =FG18*(6/12) -> 108674.95 | FI18: =FB18 -> 2707472.8 | FJ18: =FI18*$FJ$5 -> 230135.19 | FK18: =FJ18*(6/12) -> 115067.59 | FL18: =FJ18-FG18 -> 12785.288 | FM18: =FK18-FH18 -> 6392.6441 | FN18: =$FN$6 -> VS | FO18: =$FO$5 -> 27537.41 | FP18: =FM18-FO18 -> -21144.766 | FT18: =FB18 -> 2707472.8 | GA18: =GA17-1 -> 21 | GB18: =EDATE(GC18,GA18) -> 45962 | GC18: 45323 | GI18: =CM18 -> 3634506.9 | GJ18: =CN18 -> 0.125 | GK18: =CO18 -> 454313.36 | GL18: =CP18 -> 30000 | GM18: =CQ18 -> 424313.36 | GN18: =CR18 -> 1 | GO18: =CS18 -> 424313.36 | GP18: =CT18 -> 0.875 | ... GU18: =CY18 -> 62971.643 | GW18: =GI18 -> 3634506.9 | GX18: =GJ18 -> 0.125 | GY18: =GK18 -> 454313.36 | GZ18: =GL18 -> 30000 | HA18: =GM18 -> 424313.36 | HB18: =$HB$5 -> 25 | HC18: =HA18/HB18 -> 16972.534 | HD18: =100%-GX18 -> 0.875 | HE18: =GW18*HD18 -> 3180193.5 | HF18: =-PMT(7%/12,240,HE18,0) -> 24656.006 | HG18: =-PMT(7%/12,180,HE18,0) -> 28584.478 | HH18: =-PMT(7%/12,120,HE18,0) -> 36924.743 | HI18: =-PMT(7%/12,60,HE18,0) -> 62971.643 | HK18: =HC18-GO18 -> -407340.82 | HR18: =CB18-CH18 -> 0 | IC18: 12th Floor | ID18: =DATE(2025,10,1) -> 45931 | IE18: =DATEDIF($IE$5,ID18,"m") -> 2
A19: =A18+1 -> 13 | C19: 1 | D19: 3rd Floor | E19: =D19 -> 3rd Floor | G19: 3A | H19: A | I19: Studio Unit | J19: 22 | L19: North | M19: Corner | N19: 95909.091 | O19: =J19*N19 -> 2110000 | P19: =$P$13 -> 22400 | Q19: =$Q$5 -> 50000 | V19: =J19*$V$5 -> 55000 | Z19: =$Z$5 -> 75000 | AE19: =SUM(P19:AD19) -> 202400 | AF19: =O19+AE19 -> 2312400 | AG19: =AF19*$AG$5 -> 57810 | AH19: =AF19+AG19 -> 2370210 | AI19: =AH19*$AI$5 -> 59255.25 | AJ19: =AH19+AI19 -> 2429465.3 | AK19: =AJ19*$AK$5 -> 121473.26 | AL19: =AJ19+AK19 -> 2550938.5 | AM19: =AL19*$AM$5 -> 25509.385 | AN19: =$AN$5 -> 27537.41 | AP19: =FK19 -> 115067.59 | AQ19: =AL19+AM19+AP19+AN19+AO19 -> 2719052.9 | AR19: =AQ19*$AR$5 -> 122357.38 | AS19: =AQ19+AR19 -> 2841410.3 | AT19: =$AT$5 -> 2000000 | AU19: =AV19/J19 -> 38245.922 | AV19: =AS19-AT19 -> 841410.28 | AW19: =AV19*$AW$5 -> 100969.23 | AX19: =AV19+AW19 -> 942379.52 | AY19: =AS19+AW19 -> 2942379.5 | AZ19: =AY19*$AZ$5 -> 36779.744 | BA19: 0 | BB19: =SUM(AY19:BA19) -> 2979159.3 | BC19: 0 | BD19: =BB19*$BD$5 -> 111718.47 | BE19: =$BE$5*1.12 -> 33600 | BF19: =BB19+BC19+BD19+BE19 -> 3124477.7 | BH19: =BF19+BG19 -> 3124477.7 | BJ19: =BH19+BI19 -> 3124477.7 | BL19: =BJ19+BK19 -> 3124477.7 | BN19: =BL19+BM19 -> 3124477.7 | BP19: =BN19+BO19 -> 3124477.7 | BR19: =BP19+BQ19 -> 3124477.7 | BT19: =BR19+BS19 -> 3124477.7 | BV19: =BT19+BU19 -> 3124477.7 | BX19: =$BX$2+$BX$3-BE19 -> 31400 | BY19: =SUM(BV19:BX19) -> 3155877.7 | CA19: =BY19+BZ19 -> 3155877.7 | CB19: =BY19 -> 3155877.7 | CC19: =CB19-CE19-CF19 -> 3155877.7 | CE19: =CD19*J19 -> 0 | CF19: =CE19*$AW$5 -> 0 | CG19: =CE19+CF19 -> 0 | CH19: =CC19+CE19+CF19 -> 3155877.7 | CI19: =CH19 -> 3155877.7 | CJ19: =IF(CC19<=$CC$3,0,12%*CC19) -> 0 | CK19: =CI19*CK$5 -> 323477.47 | CL19: =CI19*CL$5 -> 110455.72 | CM19: =SUM(CI19:CL19) -> 3589810.9 | CN19: =$CN$5 -> 0.125 | CO19: =CM19*CN19 -> 448726.37 | CP19: =$CP$5 -> 30000 | CQ19: =CO19-CP19 -> 418726.37 | CR19: =VLOOKUP(E19,$IC$6:$IE$19,3,FALSE) -> 1 | CS19: =CQ19/CR19 -> 418726.37 | CT19: =100%-CN19 -> 0.875 | CU19: =CM19*CT19 -> 3141084.6 | CV19: =-PMT($CV$5/12,240,CU19,0) -> 24352.795 | CW19: =-PMT($CV$5/12,180,CU19,0) -> 28232.956 | CX19: =-PMT($CV$5/12,120,CU19,0) -> 36470.655 | CY19: =-PMT($CV$5/12,60,CU19,0) -> 62197.239 | CZ19: =(CM19*80%)*$CZ$5 -> 255160.28 | DA19: =(CM19*80%)*$DA$5 -> 100965.68 | DB19: =(CM19*80%)*$DB$5 -> 72926.081 | DC19: =(CM19*80%)*$DC$5 -> 55500.105 | DD19: =AV19/AT19 -> 0.42070514 | DE19: =CE19/CC19 -> 0 | DF19: BOI (W/ HIC) | DG19: NON BOI- BIR THRESHOLD | DH19: =$DH$7 -> 45658 | DI19: =(YEAR(DH19)-YEAR($DI$5))*12+MONTH(DH19)-MONTH($DI$5) -> 14 | DK19: =DH19+65 -> 45723 | DL19: =(YEAR(DK19)-YEAR($DL$5))*12+MONTH(DK19)-MONTH($DL$5)+$DL$4+$DL$3 -> 16 | DM19: BOI | DN19: CTS BARE WITH HIC | DO19: =DP19/J19 -> 42835.433 | DP19: =AX19 -> 942379.52 | DQ19: =AX19/AT19 -> 0.47118976 | DS19: =CI19 -> 3155877.7 | DT19: ='[4]INTERNAL PRICELIST'!N13 -> 2063804 | DU19: =DS19-DT19 -> 1092073.7 | DW19: =DS19/J19 -> 143448.99 | DZ19: 3A | EA19: =G19=DZ19 -> TRUE | ER19: SOLD | ES19: SOLD | ET19: =ER19=ES19 -> TRUE | EX19: 3008303.1 | EY19: =EX19*$EY$5 -> 451245.46 | EZ19: =EX19*$EZ$5 -> 2557057.6 | FA19: =EX19*$FA$5 -> 300830.31 | FB19: =EX19*$FB$5 -> 2707472.8 | FC19: =FB19-EZ19 -> 150415.15 | FF19: =EZ19 -> 2557057.6 | FG19: =FF19*$FG$5 -> 217349.9 | FH19: =FG19*(6/12) -> 108674.95 | FI19: =FB19 -> 2707472.8 | FJ19: =FI19*$FJ$5 -> 230135.19 | FK19: =FJ19*(6/12) -> 115067.59 | FL19: =FJ19-FG19 -> 12785.288 | FM19: =FK19-FH19 -> 6392.6441 | FN19: =$FN$6 -> VS | FO19: =$FO$5 -> 27537.41 | FP19: =FM19-FO19 -> -21144.766 | GA19: =GA18-1 -> 20 | GB19: =EDATE(GC19,GA19) -> 45962 | GC19: 45352 | GI19: =CM19 -> 3589810.9 | GJ19: =CN19 -> 0.125 | GK19: =CO19 -> 448726.37 | GL19: =CP19 -> 30000 | GM19: =CQ19 -> 418726.37 | GN19: =CR19 -> 1 | GO19: =CS19 -> 418726.37 | GP19: =CT19 -> 0.875 | ... GU19: =CY19 -> 62197.239 | GW19: =GI19 -> 3589810.9 | GX19: =GJ19 -> 0.125 | GY19: =GK19 -> 448726.37 | GZ19: =GL19 -> 30000 | HA19: =GM19 -> 418726.37 | HB19: =$HB$5 -> 25 | HC19: =HA19/HB19 -> 16749.055 | HD19: =100%-GX19 -> 0.875 | HE19: =GW19*HD19 -> 3141084.6 | HF19: =-PMT(7%/12,240,HE19,0) -> 24352.795 | HG19: =-PMT(7%/12,180,HE19,0) -> 28232.956 | HH19: =-PMT(7%/12,120,HE19,0) -> 36470.655 | HI19: =-PMT(7%/12,60,HE19,0) -> 62197.239 | HK19: =HC19-GO19 -> -401977.31 | HR19: =CB19-CH19 -> 0 | IC19: 14th Floor | ID19: =DATE(2025,10,1) -> 45931 | IE19: =DATEDIF($IE$5,ID19,"m") -> 2
A20: =A19+1 -> 14 | C20: =C19+1 -> 2 | D20: 3rd Floor | E20: =D20 -> 3rd Floor | G20: 3B | H20: B | I20: Studio Unit | J20: 22 | L20: North | M20: End | N20: 95909.091 | O20: =J20*N20 -> 2110000 | P20: =$P$13 -> 22400 | Q20: =$Q$5 -> 50000 | W20: =J20*$W$5 -> 22000 | Z20: =$Z$5 -> 75000 | AE20: =SUM(P20:AD20) -> 169400 | AF20: =O20+AE20 -> 2279400 | AG20: =AF20*$AG$5 -> 56985 | AH20: =AF20+AG20 -> 2336385 | AI20: =AH20*$AI$5 -> 58409.625 | AJ20: =AH20+AI20 -> 2394794.6 | AK20: =AJ20*$AK$5 -> 119739.73 | AL20: =AJ20+AK20 -> 2514534.4 | AM20: =AL20*$AM$5 -> 25145.344 | AN20: =$AN$5 -> 27537.41 | AP20: =FK20 -> 111106.84 | AQ20: =AL20+AM20+AP20+AN20+AO20 -> 2678324 | AR20: =AQ20*$AR$5 -> 120524.58 | AS20: =AQ20+AR20 -> 2798848.5 | AT20: =$AT$5 -> 2000000 | AU20: =AV20/J20 -> 36311.297 | AV20: =AS20-AT20 -> 798848.53 | AW20: =AV20*$AW$5 -> 95861.824 | AX20: =AV20+AW20 -> 894710.35 | AY20: =AS20+AW20 -> 2894710.4 | AZ20: =AY20*$AZ$5 -> 36183.879 | BA20: 0 | BB20: =SUM(AY20:BA20) -> 2930894.2 | BC20: 0 | BD20: =BB20*$BD$5 -> 109908.53 | BE20: =$BE$5*1.12 -> 33600 | BF20: =BB20+BC20+BD20+BE20 -> 3074402.8 | BH20: =BF20+BG20 -> 3074402.8 | BJ20: =BH20+BI20 -> 3074402.8 | BL20: =BJ20+BK20 -> 3074402.8 | BN20: =BL20+BM20 -> 3074402.8 | BP20: =BN20+BO20 -> 3074402.8 | BR20: =BP20+BQ20 -> 3074402.8 | BT20: =BR20+BS20 -> 3074402.8 | BV20: =BT20+BU20 -> 3074402.8 | BX20: =$BX$2+$BX$3-BE20 -> 31400 | BY20: =SUM(BV20:BX20) -> 3105802.8 | CA20: =BY20+BZ20 -> 3105802.8 | CB20: =BY20 -> 3105802.8 | CC20: =CB20-CE20-CF20 -> 3105802.8 | CE20: =CD20*J20 -> 0 | CF20: =CE20*$AW$5 -> 0 | CG20: =CE20+CF20 -> 0 | CH20: =CC20+CE20+CF20 -> 3105802.8 | CI20: =CH20 -> 3105802.8 | CJ20: =IF(CC20<=$CC$3,0,12%*CC20) -> 0 | CK20: =CI20*CK$5 -> 318344.78 | CL20: =CI20*CL$5 -> 108703.1 | CM20: =SUM(CI20:CL20) -> 3532850.6 | CN20: =$CN$5 -> 0.125 | CO20: =CM20*CN20 -> 441606.33 | CP20: =$CP$5 -> 30000 | CQ20: =CO20-CP20 -> 411606.33 | CR20: =VLOOKUP(E20,$IC$6:$IE$19,3,FALSE) -> 1 | CS20: =CQ20/CR20 -> 411606.33 | CT20: =100%-CN20 -> 0.875 | CU20: =CM20*CT20 -> 3091244.3 | CV20: =-PMT($CV$5/12,240,CU20,0) -> 23966.384 | CW20: =-PMT($CV$5/12,180,CU20,0) -> 27784.978 | CX20: =-PMT($CV$5/12,120,CU20,0) -> 35891.968 | CY20: =-PMT($CV$5/12,60,CU20,0) -> 61210.342 | CZ20: =(CM20*80%)*$CZ$5 -> 251111.6 | DA20: =(CM20*80%)*$DA$5 -> 99363.637 | DB20: =(CM20*80%)*$DB$5 -> 71768.948 | DC20: =(CM20*80%)*$DC$5 -> 54619.474 | DD20: =AV20/AT20 -> 0.39942426 | DE20: =CE20/CC20 -> 0 | DF20: BOI (W/ HIC) | DG20: NON BOI- BIR THRESHOLD | DH20: =$DH$7 -> 45658 | DI20: =(YEAR(DH20)-YEAR($DI$5))*12+MONTH(DH20)-MONTH($DI$5) -> 14 | DK20: =DH20+65 -> 45723 | DL20: =(YEAR(DK20)-YEAR($DL$5))*12+MONTH(DK20)-MONTH($DL$5)+$DL$4+$DL$3 -> 16 | DM20: BOI | DN20: CTS BARE WITH HIC | DO20: =DP20/J20 -> 40668.652 | DP20: =AX20 -> 894710.35 | DQ20: =AX20/AT20 -> 0.44735518 | DS20: =CI20 -> 3105802.8 | DT20: ='[4]INTERNAL PRICELIST'!N14 -> 2061900 | DU20: =DS20-DT20 -> 1043902.8 | DW20: =DS20/J20 -> 141172.85 | DZ20: 3B | EA20: =G20=DZ20 -> TRUE | ER20: SOLD | ES20: SOLD | ET20: =ER20=ES20 -> TRUE | EX20: 2904754 | EY20: =EX20*$EY$5 -> 435713.1 | EZ20: =EX20*$EZ$5 -> 2469040.9 | FA20: =EX20*$FA$5 -> 290475.4 | FB20: =EX20*$FB$5 -> 2614278.6 | FC20: =FB20-EZ20 -> 145237.7 | FF20: =EZ20 -> 2469040.9 | FG20: =FF20*$FG$5 -> 209868.48 | FH20: =FG20*(6/12) -> 104934.24 | FI20: =FB20 -> 2614278.6 | FJ20: =FI20*$FJ$5 -> 222213.68 | FK20: =FJ20*(6/12) -> 111106.84 | FL20: =FJ20-FG20 -> 12345.204 | FM20: =FK20-FH20 -> 6172.6022 | FN20: =$FN$6 -> VS | FO20: =$FO$5 -> 27537.41 | FP20: =FM20-FO20 -> -21364.808 | GA20: =GA19-1 -> 19 | GB20: =EDATE(GC20,GA20) -> 45962 | GC20: 45383 | GI20: =CM20 -> 3532850.6 | GJ20: =CN20 -> 0.125 | GK20: =CO20 -> 441606.33 | GL20: =CP20 -> 30000 | GM20: =CQ20 -> 411606.33 | GN20: =CR20 -> 1 | GO20: =CS20 -> 411606.33 | GP20: =CT20 -> 0.875 | ... GU20: =CY20 -> 61210.342 | GW20: =GI20 -> 3532850.6 | GX20: =GJ20 -> 0.125 | GY20: =GK20 -> 441606.33 | GZ20: =GL20 -> 30000 | HA20: =GM20 -> 411606.33 | HB20: =$HB$5 -> 25 | HC20: =HA20/HB20 -> 16464.253 | HD20: =100%-GX20 -> 0.875 | HE20: =GW20*HD20 -> 3091244.3 | HF20: =-PMT(7%/12,240,HE20,0) -> 23966.384 | HG20: =-PMT(7%/12,180,HE20,0) -> 27784.978 | HH20: =-PMT(7%/12,120,HE20,0) -> 35891.968 | HI20: =-PMT(7%/12,60,HE20,0) -> 61210.342 | HK20: =HC20-GO20 -> -395142.08 | HR20: =CB20-CH20 -> 0
A21: =A20+1 -> 15 | C21: =C20+1 -> 3 | D21: 3rd Floor | E21: =D21 -> 3rd Floor | G21: 3C | H21: C | I21: Studio Unit | J21: 22 | L21: North | M21: End | N21: 95909.091 | O21: =J21*N21 -> 2110000 | P21: =$P$13 -> 22400 | Q21: =$Q$5 -> 50000 | W21: =J21*$W$5 -> 22000 | Z21: =$Z$5 -> 75000 | AE21: =SUM(P21:AD21) -> 169400 | AF21: =O21+AE21 -> 2279400 | AG21: =AF21*$AG$5 -> 56985 | AH21: =AF21+AG21 -> 2336385 | AI21: =AH21*$AI$5 -> 58409.625 | AJ21: =AH21+AI21 -> 2394794.6 | AK21: =AJ21*$AK$5 -> 119739.73 | AL21: =AJ21+AK21 -> 2514534.4 | AM21: =AL21*$AM$5 -> 25145.344 | AN21: =$AN$5 -> 27537.41 | AP21: =FK21 -> 111106.84 | AQ21: =AL21+AM21+AP21+AN21+AO21 -> 2678324 | AR21: =AQ21*$AR$5 -> 120524.58 | AS21: =AQ21+AR21 -> 2798848.5 | AT21: =$AT$5 -> 2000000 | AU21: =AV21/J21 -> 36311.297 | AV21: =AS21-AT21 -> 798848.53 | AW21: =AV21*$AW$5 -> 95861.824 | AX21: =AV21+AW21 -> 894710.35 | AY21: =AS21+AW21 -> 2894710.4 | AZ21: =AY21*$AZ$5 -> 36183.879 | BA21: 0 | BB21: =SUM(AY21:BA21) -> 2930894.2 | BC21: 0 | BD21: =BB21*$BD$5 -> 109908.53 | BE21: =$BE$5*1.12 -> 33600 | BF21: =BB21+BC21+BD21+BE21 -> 3074402.8 | BH21: =BF21+BG21 -> 3074402.8 | BJ21: =BH21+BI21 -> 3074402.8 | BL21: =BJ21+BK21 -> 3074402.8 | BN21: =BL21+BM21 -> 3074402.8 | BP21: =BN21+BO21 -> 3074402.8 | BR21: =BP21+BQ21 -> 3074402.8 | BT21: =BR21+BS21 -> 3074402.8 | BV21: =BT21+BU21 -> 3074402.8 | BX21: =$BX$2+$BX$3-BE21 -> 31400 | BY21: =SUM(BV21:BX21) -> 3105802.8 | CA21: =BY21+BZ21 -> 3105802.8 | CB21: =BY21 -> 3105802.8 | CC21: =CB21-CE21-CF21 -> 3105802.8 | CE21: =CD21*J21 -> 0 | CF21: =CE21*$AW$5 -> 0 | CG21: =CE21+CF21 -> 0 | CH21: =CC21+CE21+CF21 -> 3105802.8 | CI21: =CH21 -> 3105802.8 | CJ21: =IF(CC21<=$CC$3,0,12%*CC21) -> 0 | CK21: =CI21*CK$5 -> 318344.78 | CL21: =CI21*CL$5 -> 108703.1 | CM21: =SUM(CI21:CL21) -> 3532850.6 | CN21: =$CN$5 -> 0.125 | CO21: =CM21*CN21 -> 441606.33 | CP21: =$CP$5 -> 30000 | CQ21: =CO21-CP21 -> 411606.33 | CR21: =VLOOKUP(E21,$IC$6:$IE$19,3,FALSE) -> 1 | CS21: =CQ21/CR21 -> 411606.33 | CT21: =100%-CN21 -> 0.875 | CU21: =CM21*CT21 -> 3091244.3 | CV21: =-PMT($CV$5/12,240,CU21,0) -> 23966.384 | CW21: =-PMT($CV$5/12,180,CU21,0) -> 27784.978 | CX21: =-PMT($CV$5/12,120,CU21,0) -> 35891.968 | CY21: =-PMT($CV$5/12,60,CU21,0) -> 61210.342 | CZ21: =(CM21*80%)*$CZ$5 -> 251111.6 | DA21: =(CM21*80%)*$DA$5 -> 99363.637 | DB21: =(CM21*80%)*$DB$5 -> 71768.948 | DC21: =(CM21*80%)*$DC$5 -> 54619.474 | DD21: =AV21/AT21 -> 0.39942426 | DE21: =CE21/CC21 -> 0 | DF21: BOI (W/ HIC) | DG21: NON BOI- BIR THRESHOLD | DH21: =$DH$7 -> 45658 | DI21: =(YEAR(DH21)-YEAR($DI$5))*12+MONTH(DH21)-MONTH($DI$5) -> 14 | DK21: =DH21+65 -> 45723 | DL21: =(YEAR(DK21)-YEAR($DL$5))*12+MONTH(DK21)-MONTH($DL$5)+$DL$4+$DL$3 -> 16 | DM21: BOI | DN21: CTS BARE WITH HIC | DO21: =DP21/J21 -> 40668.652 | DP21: =AX21 -> 894710.35 | DQ21: =AX21/AT21 -> 0.44735518 | DS21: =CI21 -> 3105802.8 | DT21: ='[4]INTERNAL PRICELIST'!N15 -> 2061900 | DU21: =DS21-DT21 -> 1043902.8 | DW21: =DS21/J21 -> 141172.85 | DZ21: 3C | EA21: =G21=DZ21 -> TRUE | EK21: Edit every month | ER21: SOLD | ES21: SOLD | ET21: =ER21=ES21 -> TRUE | EX21: 2904754 | EY21: =EX21*$EY$5 -> 435713.1 | EZ21: =EX21*$EZ$5 -> 2469040.9 | FA21: =EX21*$FA$5 -> 290475.4 | FB21: =EX21*$FB$5 -> 2614278.6 | FC21: =FB21-EZ21 -> 145237.7 | FF21: =EZ21 -> 2469040.9 | FG21: =FF21*$FG$5 -> 209868.48 | FH21: =FG21*(6/12) -> 104934.24 | FI21: =FB21 -> 2614278.6 | FJ21: =FI21*$FJ$5 -> 222213.68 | FK21: =FJ21*(6/12) -> 111106.84 | FL21: =FJ21-FG21 -> 12345.204 | FM21: =FK21-FH21 -> 6172.6022 | FN21: =$FN$6 -> VS | FO21: =$FO$5 -> 27537.41 | FP21: =FM21-FO21 -> -21364.808 | GA21: =GA20-1 -> 18 | GB21: =EDATE(GC21,GA21) -> 45962 | GC21: 45413 | GI21: =CM21 -> 3532850.6 | GJ21: =CN21 -> 0.125 | GK21: =CO21 -> 441606.33 | GL21: =CP21 -> 30000 | GM21: =CQ21 -> 411606.33 | GN21: =CR21 -> 1 | GO21: =CS21 -> 411606.33 | GP21: =CT21 -> 0.875 | ... GU21: =CY21 -> 61210.342 | GW21: =GI21 -> 3532850.6 | GX21: =GJ21 -> 0.125 | GY21: =GK21 -> 441606.33 | GZ21: =GL21 -> 30000 | HA21: =GM21 -> 411606.33 | HB21: =$HB$5 -> 25 | HC21: =HA21/HB21 -> 16464.253 | HD21: =100%-GX21 -> 0.875 | HE21: =GW21*HD21 -> 3091244.3 | HF21: =-PMT(7%/12,240,HE21,0) -> 23966.384 | HG21: =-PMT(7%/12,180,HE21,0) -> 27784.978 | HH21: =-PMT(7%/12,120,HE21,0) -> 35891.968 | HI21: =-PMT(7%/12,60,HE21,0) -> 61210.342 | HK21: =HC21-GO21 -> -395142.08 | HR21: =CB21-CH21 -> 0
A22: =A21+1 -> 16 | C22: =C21+1 -> 4 | D22: 3rd Floor | E22: =D22 -> 3rd Floor | G22: 3D | H22: D | I22: Studio Unit | J22: 22 | L22: North | M22: End | N22: 95909.091 | O22: =J22*N22 -> 2110000 | P22: =$P$13 -> 22400 | Q22: =$Q$5 -> 50000 | W22: =J22*$W$5 -> 22000 | Z22: =$Z$5 -> 75000 | AE22: =SUM(P22:AD22) -> 169400 | AF22: =O22+AE22 -> 2279400 | AG22: =AF22*$AG$5 -> 56985 | AH22: =AF22+AG22 -> 2336385 | AI22: =AH22*$AI$5 -> 58409.625 | AJ22: =AH22+AI22 -> 2394794.6 | AK22: =AJ22*$AK$5 -> 119739.73 | AL22: =AJ22+AK22 -> 2514534.4 | AM22: =AL22*$AM$5 -> 25145.344 | AN22: =$AN$5 -> 27537.41 | AP22: =FK22 -> 111106.84 | AQ22: =AL22+AM22+AP22+AN22+AO22 -> 2678324 | AR22: =AQ22*$AR$5 -> 120524.58 | AS22: =AQ22+AR22 -> 2798848.5 | AT22: =$AT$5 -> 2000000 | AU22: =AV22/J22 -> 36311.297 | AV22: =AS22-AT22 -> 798848.53 | AW22: =AV22*$AW$5 -> 95861.824 | AX22: =AV22+AW22 -> 894710.35 | AY22: =AS22+AW22 -> 2894710.4 | AZ22: =AY22*$AZ$5 -> 36183.879 | BA22: 0 | BB22: =SUM(AY22:BA22) -> 2930894.2 | BC22: 0 | BD22: =BB22*$BD$5 -> 109908.53 | BE22: =$BE$5*1.12 -> 33600 | BF22: =BB22+BC22+BD22+BE22 -> 3074402.8 | BH22: =BF22+BG22 -> 3074402.8 | BJ22: =BH22+BI22 -> 3074402.8 | BL22: =BJ22+BK22 -> 3074402.8 | BN22: =BL22+BM22 -> 3074402.8 | BP22: =BN22+BO22 -> 3074402.8 | BR22: =BP22+BQ22 -> 3074402.8 | BT22: =BR22+BS22 -> 3074402.8 | BV22: =BT22+BU22 -> 3074402.8 | BX22: =$BX$2+$BX$3-BE22 -> 31400 | BY22: =SUM(BV22:BX22) -> 3105802.8 | CA22: =BY22+BZ22 -> 3105802.8 | CB22: =BY22 -> 3105802.8 | CC22: =CB22-CE22-CF22 -> 3105802.8 | CE22: =CD22*J22 -> 0 | CF22: =CE22*$AW$5 -> 0 | CG22: =CE22+CF22 -> 0 | CH22: =CC22+CE22+CF22 -> 3105802.8 | CI22: =CH22 -> 3105802.8 | CJ22: =IF(CC22<=$CC$3,0,12%*CC22) -> 0 | CK22: =CI22*CK$5 -> 318344.78 | CL22: =CI22*CL$5 -> 108703.1 | CM22: =SUM(CI22:CL22) -> 3532850.6 | CN22: =$CN$5 -> 0.125 | CO22: =CM22*CN22 -> 441606.33 | CP22: =$CP$5 -> 30000 | CQ22: =CO22-CP22 -> 411606.33 | CR22: =VLOOKUP(E22,$IC$6:$IE$19,3,FALSE) -> 1 | CS22: =CQ22/CR22 -> 411606.33 | CT22: =100%-CN22 -> 0.875 | CU22: =CM22*CT22 -> 3091244.3 | CV22: =-PMT($CV$5/12,240,CU22,0) -> 23966.384 | CW22: =-PMT($CV$5/12,180,CU22,0) -> 27784.978 | CX22: =-PMT($CV$5/12,120,CU22,0) -> 35891.968 | CY22: =-PMT($CV$5/12,60,CU22,0) -> 61210.342 | CZ22: =(CM22*80%)*$CZ$5 -> 251111.6 | DA22: =(CM22*80%)*$DA$5 -> 99363.637 | DB22: =(CM22*80%)*$DB$5 -> 71768.948 | DC22: =(CM22*80%)*$DC$5 -> 54619.474 | DD22: =AV22/AT22 -> 0.39942426 | DE22: =CE22/CC22 -> 0 | DF22: BOI (W/ HIC) | DG22: NON BOI- BIR THRESHOLD | DH22: =$DH$7 -> 45658 | DI22: =(YEAR(DH22)-YEAR($DI$5))*12+MONTH(DH22)-MONTH($DI$5) -> 14 | DK22: =DH22+65 -> 45723 | DL22: =(YEAR(DK22)-YEAR($DL$5))*12+MONTH(DK22)-MONTH($DL$5)+$DL$4+$DL$3 -> 16 | DM22: BOI | DN22: CTS BARE WITH HIC | DO22: =DP22/J22 -> 40668.652 | DP22: =AX22 -> 894710.35 | DQ22: =AX22/AT22 -> 0.44735518 | DS22: =CI22 -> 3105802.8 | DT22: ='[4]INTERNAL PRICELIST'!N16 -> 2061900 | DU22: =DS22-DT22 -> 1043902.8 | DW22: =DS22/J22 -> 141172.85 | DZ22: 3D | EA22: =G22=DZ22 -> TRUE | EN22: New Construction Sched: | ER22: SOLD | ES22: SOLD | ET22: =ER22=ES22 -> TRUE | EX22: 2904754 | EY22: =EX22*$EY$5 -> 435713.1 | EZ22: =EX22*$EZ$5 -> 2469040.9 | FA22: =EX22*$FA$5 -> 290475.4 | FB22: =EX22*$FB$5 -> 2614278.6 | FC22: =FB22-EZ22 -> 145237.7 | FF22: =EZ22 -> 2469040.9 | FG22: =FF22*$FG$5 -> 209868.48 | FH22: =FG22*(6/12) -> 104934.24 | FI22: =FB22 -> 2614278.6 | FJ22: =FI22*$FJ$5 -> 222213.68 | FK22: =FJ22*(6/12) -> 111106.84 | FL22: =FJ22-FG22 -> 12345.204 | FM22: =FK22-FH22 -> 6172.6022 | FN22: =$FN$6 -> VS | FO22: =$FO$5 -> 27537.41 | FP22: =FM22-FO22 -> -21364.808 | GA22: =GA21-1 -> 17 | GB22: =EDATE(GC22,GA22) -> 45962 | GC22: 45444 | GI22: =CM22 -> 3532850.6 | GJ22: =CN22 -> 0.125 | GK22: =CO22 -> 441606.33 | GL22: =CP22 -> 30000 | GM22: =CQ22 -> 411606.33 | GN22: =CR22 -> 1 | GO22: =CS22 -> 411606.33 | GP22: =CT22 -> 0.875 | ... GU22: =CY22 -> 61210.342 | GW22: =GI22 -> 3532850.6 | GX22: =GJ22 -> 0.125 | GY22: =GK22 -> 441606.33 | GZ22: =GL22 -> 30000 | HA22: =GM22 -> 411606.33 | HB22: =$HB$5 -> 25 | HC22: =HA22/HB22 -> 16464.253 | HD22: =100%-GX22 -> 0.875 | HE22: =GW22*HD22 -> 3091244.3 | HF22: =-PMT(7%/12,240,HE22,0) -> 23966.384 | HG22: =-PMT(7%/12,180,HE22,0) -> 27784.978 | HH22: =-PMT(7%/12,120,HE22,0) -> 35891.968 | HI22: =-PMT(7%/12,60,HE22,0) -> 61210.342 | HK22: =HC22-GO22 -> -395142.08 | HR22: =CB22-CH22 -> 0
A23: =A22+1 -> 17 | C23: =C22+1 -> 5 | D23: 3rd Floor | E23: =D23 -> 3rd Floor | G23: 3E | H23: E | I23: Studio Unit | J23: 22 | L23: North | M23: End | N23: 95909.091 | O23: =J23*N23 -> 2110000 | P23: =$P$13 -> 22400 | Q23: =$Q$5 -> 50000 | W23: =J23*$W$5 -> 22000 | Z23: =$Z$5 -> 75000 | AE23: =SUM(P23:AD23) -> 169400 | AF23: =O23+AE23 -> 2279400 | AG23: =AF23*$AG$5 -> 56985 | AH23: =AF23+AG23 -> 2336385 | AI23: =AH23*$AI$5 -> 58409.625 | AJ23: =AH23+AI23 -> 2394794.6 | AK23: =AJ23*$AK$5 -> 119739.73 | AL23: =AJ23+AK23 -> 2514534.4 | AM23: =AL23*$AM$5 -> 25145.344 | AN23: =$AN$5 -> 27537.41 | AP23: =FK23 -> 111106.84 | AQ23: =AL23+AM23+AP23+AN23+AO23 -> 2678324 | AR23: =AQ23*$AR$5 -> 120524.58 | AS23: =AQ23+AR23 -> 2798848.5 | AT23: =$AT$5 -> 2000000 | AU23: =AV23/J23 -> 36311.297 | AV23: =AS23-AT23 -> 798848.53 | AW23: =AV23*$AW$5 -> 95861.824 | AX23: =AV23+AW23 -> 894710.35 | AY23: =AS23+AW23 -> 2894710.4 | AZ23: =AY23*$AZ$5 -> 36183.879 | BA23: 0 | BB23: =SUM(AY23:BA23) -> 2930894.2 | BC23: 0 | BD23: =BB23*$BD$5 -> 109908.53 | BE23: =$BE$5*1.12 -> 33600 | BF23: =BB23+BC23+BD23+BE23 -> 3074402.8 | BH23: =BF23+BG23 -> 3074402.8 | BJ23: =BH23+BI23 -> 3074402.8 | BL23: =BJ23+BK23 -> 3074402.8 | BN23: =BL23+BM23 -> 3074402.8 | BP23: =BN23+BO23 -> 3074402.8 | BR23: =BP23+BQ23 -> 3074402.8 | BT23: =BR23+BS23 -> 3074402.8 | BV23: =BT23+BU23 -> 3074402.8 | BX23: =$BX$2+$BX$3-BE23 -> 31400 | BY23: =SUM(BV23:BX23) -> 3105802.8 | CA23: =BY23+BZ23 -> 3105802.8 | CB23: =BY23 -> 3105802.8 | CC23: =CB23-CE23-CF23 -> 3105802.8 | CE23: =CD23*J23 -> 0 | CF23: =CE23*$AW$5 -> 0 | CG23: =CE23+CF23 -> 0 | CH23: =CC23+CE23+CF23 -> 3105802.8 | CI23: =CH23 -> 3105802.8 | CJ23: =IF(CC23<=$CC$3,0,12%*CC23) -> 0 | CK23: =CI23*CK$5 -> 318344.78 | CL23: =CI23*CL$5 -> 108703.1 | CM23: =SUM(CI23:CL23) -> 3532850.6 | CN23: =$CN$5 -> 0.125 | CO23: =CM23*CN23 -> 441606.33 | CP23: =$CP$5 -> 30000 | CQ23: =CO23-CP23 -> 411606.33 | CR23: =VLOOKUP(E23,$IC$6:$IE$19,3,FALSE) -> 1 | CS23: =CQ23/CR23 -> 411606.33 | CT23: =100%-CN23 -> 0.875 | CU23: =CM23*CT23 -> 3091244.3 | CV23: =-PMT($CV$5/12,240,CU23,0) -> 23966.384 | CW23: =-PMT($CV$5/12,180,CU23,0) -> 27784.978 | CX23: =-PMT($CV$5/12,120,CU23,0) -> 35891.968 | CY23: =-PMT($CV$5/12,60,CU23,0) -> 61210.342 | CZ23: =(CM23*80%)*$CZ$5 -> 251111.6 | DA23: =(CM23*80%)*$DA$5 -> 99363.637 | DB23: =(CM23*80%)*$DB$5 -> 71768.948 | DC23: =(CM23*80%)*$DC$5 -> 54619.474 | DD23: =AV23/AT23 -> 0.39942426 | DE23: =CE23/CC23 -> 0 | DF23: BOI (W/ HIC) | DG23: NON BOI- BIR THRESHOLD | DH23: =$DH$7 -> 45658 | DI23: =(YEAR(DH23)-YEAR($DI$5))*12+MONTH(DH23)-MONTH($DI$5) -> 14 | DK23: =DH23+65 -> 45723 | DL23: =(YEAR(DK23)-YEAR($DL$5))*12+MONTH(DK23)-MONTH($DL$5)+$DL$4+$DL$3 -> 16 | DM23: BOI | DN23: CTS BARE WITH HIC | DO23: =DP23/J23 -> 40668.652 | DP23: =AX23 -> 894710.35 | DQ23: =AX23/AT23 -> 0.44735518 | DS23: =CI23 -> 3105802.8 | DT23: ='[4]INTERNAL PRICELIST'!N17 -> 2061900 | DU23: =DS23-DT23 -> 1043902.8 | DW23: =DS23/J23 -> 141172.85 | DZ23: 3E | EA23: =G23=DZ23 -> TRUE | ER23: SOLD | ES23: SOLD | ET23: =ER23=ES23 -> TRUE | EX23: 2904754 | EY23: =EX23*$EY$5 -> 435713.1 | EZ23: =EX23*$EZ$5 -> 2469040.9 | FA23: =EX23*$FA$5 -> 290475.4 | FB23: =EX23*$FB$5 -> 2614278.6 | FC23: =FB23-EZ23 -> 145237.7 | FF23: =EZ23 -> 2469040.9 | FG23: =FF23*$FG$5 -> 209868.48 | FH23: =FG23*(6/12) -> 104934.24 | FI23: =FB23 -> 2614278.6 | FJ23: =FI23*$FJ$5 -> 222213.68 | FK23: =FJ23*(6/12) -> 111106.84 | FL23: =FJ23-FG23 -> 12345.204 | FM23: =FK23-FH23 -> 6172.6022 | FN23: =$FN$6 -> VS | FO23: =$FO$5 -> 27537.41 | FP23: =FM23-FO23 -> -21364.808 | GA23: =GA22-1 -> 16 | GB23: =EDATE(GC23,GA23) -> 45962 | GC23: 45474 | GI23: =CM23 -> 3532850.6 | GJ23: =CN23 -> 0.125 | GK23: =CO23 -> 441606.33 | GL23: =CP23 -> 30000 | GM23: =CQ23 -> 411606.33 | GN23: =CR23 -> 1 | GO23: =CS23 -> 411606.33 | GP23: =CT23 -> 0.875 | ... GU23: =CY23 -> 61210.342 | GW23: =GI23 -> 3532850.6 | GX23: =GJ23 -> 0.125 | GY23: =GK23 -> 441606.33 | GZ23: =GL23 -> 30000 | HA23: =GM23 -> 411606.33 | HB23: =$HB$5 -> 25 | HC23: =HA23/HB23 -> 16464.253 | HD23: =100%-GX23 -> 0.875 | HE23: =GW23*HD23 -> 3091244.3 | HF23: =-PMT(7%/12,240,HE23,0) -> 23966.384 | HG23: =-PMT(7%/12,180,HE23,0) -> 27784.978 | HH23: =-PMT(7%/12,120,HE23,0) -> 35891.968 | HI23: =-PMT(7%/12,60,HE23,0) -> 61210.342 | HK23: =HC23-GO23 -> -395142.08 | HR23: =CB23-CH23 -> 0
A24: =A23+1 -> 18 | C24: =C23+1 -> 6 | D24: 3rd Floor | E24: =D24 -> 3rd Floor | G24: 3F | H24: F | I24: Studio Unit | J24: 22 | L24: North | M24: Inner | N24: 95909.091 | O24: =J24*N24 -> 2110000 | P24: =$P$13 -> 22400 | Q24: =$Q$5 -> 50000 | Z24: =$Z$5 -> 75000 | AE24: =SUM(P24:AD24) -> 147400 | AF24: =O24+AE24 -> 2257400 | AG24: =AF24*$AG$5 -> 56435 | AH24: =AF24+AG24 -> 2313835 | AI24: =AH24*$AI$5 -> 57845.875 | AJ24: =AH24+AI24 -> 2371680.9 | AK24: =AJ24*$AK$5 -> 118584.04 | AL24: =AJ24+AK24 -> 2490264.9 | AM24: =AL24*$AM$5 -> 24902.649 | AN24: =$AN$5 -> 27537.41 | AP24: =FK24 -> 109934.58 | AQ24: =AL24+AM24+AP24+AN24+AO24 -> 2652639.6 | AR24: =AQ24*$AR$5 -> 119368.78 | AS24: =AQ24+AR24 -> 2772008.3 | AT24: =$AT$5 -> 2000000 | AU24: =AV24/J24 -> 35091.288 | AV24: =AS24-AT24 -> 772008.34 | AW24: =AV24*$AW$5 -> 92641 | AX24: =AV24+AW24 -> 864649.34 | AY24: =AS24+AW24 -> 2864649.3 | AZ24: =AY24*$AZ$5 -> 35808.117 | BA24: 0 | BB24: =SUM(AY24:BA24) -> 2900457.5 | BC24: 0 | BD24: =BB24*$BD$5 -> 108767.15 | BE24: =$BE$5*1.12 -> 33600 | BF24: =BB24+BC24+BD24+BE24 -> 3042824.6 | BH24: =BF24+BG24 -> 3042824.6 | BJ24: =BH24+BI24 -> 3042824.6 | BL24: =BJ24+BK24 -> 3042824.6 | BN24: =BL24+BM24 -> 3042824.6 | BP24: =BN24+BO24 -> 3042824.6 | BR24: =BP24+BQ24 -> 3042824.6 | BT24: =BR24+BS24 -> 3042824.6 | BV24: =BT24+BU24 -> 3042824.6 | BX24: =$BX$2+$BX$3-BE24 -> 31400 | BY24: =SUM(BV24:BX24) -> 3074224.6 | CA24: =BY24+BZ24 -> 3074224.6 | CB24: =BY24 -> 3074224.6 | CC24: =CB24-CE24-CF24 -> 3074224.6 | CE24: =CD24*J24 -> 0 | CF24: =CE24*$AW$5 -> 0 | CG24: =CE24+CF24 -> 0 | CH24: =CC24+CE24+CF24 -> 3074224.6 | CI24: =CH24 -> 3074224.6 | CJ24: =IF(CC24<=$CC$3,0,12%*CC24) -> 0 | CK24: =CI24*CK$5 -> 315108.02 | CL24: =CI24*CL$5 -> 107597.86 | CM24: =SUM(CI24:CL24) -> 3496930.5 | CN24: =$CN$5 -> 0.125 | CO24: =CM24*CN24 -> 437116.31 | CP24: =$CP$5 -> 30000 | CQ24: =CO24-CP24 -> 407116.31 | CR24: =VLOOKUP(E24,$IC$6:$IE$19,3,FALSE) -> 1 | CS24: =CQ24/CR24 -> 407116.31 | CT24: =100%-CN24 -> 0.875 | CU24: =CM24*CT24 -> 3059814.2 | CV24: =-PMT($CV$5/12,240,CU24,0) -> 23722.707 | CW24: =-PMT($CV$5/12,180,CU24,0) -> 27502.475 | CX24: =-PMT($CV$5/12,120,CU24,0) -> 35527.037 | CY24: =-PMT($CV$5/12,60,CU24,0) -> 60587.988 | CZ24: =(CM24*80%)*$CZ$5 -> 248558.43 | DA24: =(CM24*80%)*$DA$5 -> 98353.361 | DB24: =(CM24*80%)*$DB$5 -> 71039.239 | DC24: =(CM24*80%)*$DC$5 -> 54064.132 | DD24: =AV24/AT24 -> 0.38600417 | DE24: =CE24/CC24 -> 0 | DF24: BOI (W/ HIC) | DG24: NON BOI- BIR THRESHOLD | DH24: =$DH$7 -> 45658 | DI24: =(YEAR(DH24)-YEAR($DI$5))*12+MONTH(DH24)-MONTH($DI$5) -> 14 | DK24: =DH24+65 -> 45723 | DL24: =(YEAR(DK24)-YEAR($DL$5))*12+MONTH(DK24)-MONTH($DL$5)+$DL$4+$DL$3 -> 16 | DM24: BOI | DN24: CTS BARE WITH HIC | DO24: =DP24/J24 -> 39302.243 | DP24: =AX24 -> 864649.34 | DQ24: =AX24/AT24 -> 0.43232467 | DS24: =CI24 -> 3074224.6 | DT24: ='[4]INTERNAL PRICELIST'!N18 -> 2061900 | DU24: =DS24-DT24 -> 1012324.6 | DW24: =DS24/J24 -> 139737.48 | DZ24: 3F | EA24: =G24=DZ24 -> TRUE | EJ24: Step Up: | EK24: Step-up | ER24: SOLD | ES24: SOLD | ET24: =ER24=ES24 -> TRUE | EX24: 2874106.5 | EY24: =EX24*$EY$5 -> 431115.98 | EZ24: =EX24*$EZ$5 -> 2442990.6 | FA24: =EX24*$FA$5 -> 287410.65 | FB24: =EX24*$FB$5 -> 2586695.9 | FC24: =FB24-EZ24 -> 143705.33 | FF24: =EZ24 -> 2442990.6 | FG24: =FF24*$FG$5 -> 207654.2 | FH24: =FG24*(6/12) -> 103827.1 | FI24: =FB24 -> 2586695.9 | FJ24: =FI24*$FJ$5 -> 219869.15 | FK24: =FJ24*(6/12) -> 109934.58 | FL24: =FJ24-FG24 -> 12214.953 | FM24: =FK24-FH24 -> 6107.4764 | FN24: =$FN$6 -> VS | FO24: =$FO$5 -> 27537.41 | FP24: =FM24-FO24 -> -21429.934 | GA24: =GA23-1 -> 15 | GB24: =EDATE(GC24,GA24) -> 45962 | GC24: 45505 | GI24: =CM24 -> 3496930.5 | GJ24: =CN24 -> 0.125 | GK24: =CO24 -> 437116.31 | GL24: =CP24 -> 30000 | GM24: =CQ24 -> 407116.31 | GN24: =CR24 -> 1 | GO24: =CS24 -> 407116.31 | GP24: =CT24 -> 0.875 | ... GU24: =CY24 -> 60587.988 | GW24: =GI24 -> 3496930.5 | GX24: =GJ24 -> 0.125 | GY24: =GK24 -> 437116.31 | GZ24: =GL24 -> 30000 | HA24: =GM24 -> 407116.31 | HB24: =$HB$5 -> 25 | HC24: =HA24/HB24 -> 16284.652 | HD24: =100%-GX24 -> 0.875 | HE24: =GW24*HD24 -> 3059814.2 | HF24: =-PMT(7%/12,240,HE24,0) -> 23722.707 | HG24: =-PMT(7%/12,180,HE24,0) -> 27502.475 | HH24: =-PMT(7%/12,120,HE24,0) -> 35527.037 | HI24: =-PMT(7%/12,60,HE24,0) -> 60587.988 | HK24: =HC24-GO24 -> -390831.66 | HR24: =CB24-CH24 -> 0
A25: =A24+1 -> 19 | B25: SOLD | C25: =C24+1 -> 7 | D25: 3rd Floor | E25: =D25 -> 3rd Floor | G25: 3G | H25: G | I25: Studio Unit | J25: 22 | L25: North | M25: End | N25: 95909.091 | O25: =J25*N25 -> 2110000 | P25: =$P$13 -> 22400 | Q25: =$Q$5 -> 50000 | W25: =J25*$W$5 -> 22000 | Z25: =$Z$5 -> 75000 | AE25: =SUM(P25:AD25) -> 169400 | AF25: =O25+AE25 -> 2279400 | AG25: =AF25*$AG$5 -> 56985 | AH25: =AF25+AG25 -> 2336385 | AI25: =AH25*$AI$5 -> 58409.625 | AJ25: =AH25+AI25 -> 2394794.6 | AK25: =AJ25*$AK$5 -> 119739.73 | AL25: =AJ25+AK25 -> 2514534.4 | AM25: =AL25*$AM$5 -> 25145.344 | AN25: =$AN$5 -> 27537.41 | AP25: =FK25 -> 111106.84 | AQ25: =AL25+AM25+AP25+AN25+AO25 -> 2678324 | AR25: =AQ25*$AR$5 -> 120524.58 | AS25: =AQ25+AR25 -> 2798848.5 | AT25: =$AT$5 -> 2000000 | AU25: =AV25/J25 -> 36311.297 | AV25: =AS25-AT25 -> 798848.53 | AW25: =AV25*$AW$5 -> 95861.824 | AX25: =AV25+AW25 -> 894710.35 | AY25: =AS25+AW25 -> 2894710.4 | AZ25: =AY25*$AZ$5 -> 36183.879 | BA25: 0 | BB25: =SUM(AY25:BA25) -> 2930894.2 | BC25: 0 | BD25: =BB25*$BD$5 -> 109908.53 | BE25: =$BE$5*1.12 -> 33600 | BF25: =BB25+BC25+BD25+BE25 -> 3074402.8 | BH25: =BF25+BG25 -> 3074402.8 | BJ25: =BH25+BI25 -> 3074402.8 | BL25: =BJ25+BK25 -> 3074402.8 | BN25: =BL25+BM25 -> 3074402.8 | BP25: =BN25+BO25 -> 3074402.8 | BR25: =BP25+BQ25 -> 3074402.8 | BT25: =BR25+BS25 -> 3074402.8 | BV25: =BT25+BU25 -> 3074402.8 | BX25: =$BX$2+$BX$3-BE25 -> 31400 | BY25: =SUM(BV25:BX25) -> 3105802.8 | CA25: =BY25+BZ25 -> 3105802.8 | CB25: =BY25 -> 3105802.8 | CC25: =CB25-CE25-CF25 -> 3105802.8 | CE25: =CD25*J25 -> 0 | CF25: =CE25*$AW$5 -> 0 | CG25: =CE25+CF25 -> 0 | CH25: =CC25+CE25+CF25 -> 3105802.8 | CI25: =CH25 -> 3105802.8 | CJ25: =IF(CC25<=$CC$3,0,12%*CC25) -> 0 | CK25: =CI25*CK$5 -> 318344.78 | CL25: =CI25*CL$5 -> 108703.1 | CM25: =SUM(CI25:CL25) -> 3532850.6 | CN25: =$CN$5 -> 0.125 | CO25: =CM25*CN25 -> 441606.33 | CP25: =$CP$5 -> 30000 | CQ25: =CO25-CP25 -> 411606.33 | CR25: =VLOOKUP(E25,$IC$6:$IE$19,3,FALSE) -> 1 | CS25: =CQ25/CR25 -> 411606.33 | CT25: =100%-CN25 -> 0.875 | CU25: =CM25*CT25 -> 3091244.3 | CV25: =-PMT($CV$5/12,240,CU25,0) -> 23966.384 | CW25: =-PMT($CV$5/12,180,CU25,0) -> 27784.978 | CX25: =-PMT($CV$5/12,120,CU25,0) -> 35891.968 | CY25: =-PMT($CV$5/12,60,CU25,0) -> 61210.342 | CZ25: =(CM25*80%)*$CZ$5 -> 251111.6 | DA25: =(CM25*80%)*$DA$5 -> 99363.637 | DB25: =(CM25*80%)*$DB$5 -> 71768.948 | DC25: =(CM25*80%)*$DC$5 -> 54619.474 | DD25: =AV25/AT25 -> 0.39942426 | DE25: =CE25/CC25 -> 0 | DF25: BOI (W/ HIC) | DG25: NON BOI- BIR THRESHOLD | DH25: =$DH$7 -> 45658 | DI25: =(YEAR(DH25)-YEAR($DI$5))*12+MONTH(DH25)-MONTH($DI$5) -> 14 | DK25: =DH25+65 -> 45723 | DL25: =(YEAR(DK25)-YEAR($DL$5))*12+MONTH(DK25)-MONTH($DL$5)+$DL$4+$DL$3 -> 16 | DM25: BOI | DN25: CTS BARE WITH HIC | DO25: =DP25/J25 -> 40668.652 | DP25: =AX25 -> 894710.35 | DQ25: =AX25/AT25 -> 0.44735518 | DS25: =CI25 -> 3105802.8 | DT25: ='[4]INTERNAL PRICELIST'!N19 -> 2061900 | DU25: =DS25-DT25 -> 1043902.8 | DW25: =DS25/J25 -> 141172.85 | DZ25: 3G | EA25: =G25=DZ25 -> TRUE | EB25: JOSEPH WINSTON S. BENUEZA | EC25: FROM UG TO 3F | EJ25: Step Up w/ 2.5%: | EK25: Step-up, 2.50% Lumpsum | ER25: SOLD | ES25: SOLD | ET25: =ER25=ES25 -> TRUE | EX25: 2904754 | EY25: =EX25*$EY$5 -> 435713.1 | EZ25: =EX25*$EZ$5 -> 2469040.9 | FA25: =EX25*$FA$5 -> 290475.4 | FB25: =EX25*$FB$5 -> 2614278.6 | FC25: =FB25-EZ25 -> 145237.7 | FF25: =EZ25 -> 2469040.9 | FG25: =FF25*$FG$5 -> 209868.48 | FH25: =FG25*(6/12) -> 104934.24 | FI25: =FB25 -> 2614278.6 | FJ25: =FI25*$FJ$5 -> 222213.68 | FK25: =FJ25*(6/12) -> 111106.84 | FL25: =FJ25-FG25 -> 12345.204 | FM25: =FK25-FH25 -> 6172.6022 | FN25: =$FN$6 -> VS | FO25: =$FO$5 -> 27537.41 | FP25: =FM25-FO25 -> -21364.808 | GA25: =GA24-1 -> 14 | GB25: =EDATE(GC25,GA25) -> 45962 | GC25: 45536 | GI25: =CM25 -> 3532850.6 | GJ25: =CN25 -> 0.125 | GK25: =CO25 -> 441606.33 | GL25: =CP25 -> 30000 | GM25: =CQ25 -> 411606.33 | GN25: =CR25 -> 1 | GO25: =CS25 -> 411606.33 | GP25: =CT25 -> 0.875 | ... GU25: =CY25 -> 61210.342 | GW25: =GI25 -> 3532850.6 | GX25: =GJ25 -> 0.125 | GY25: =GK25 -> 441606.33 | GZ25: =GL25 -> 30000 | HA25: =GM25 -> 411606.33 | HB25: =$HB$5 -> 25 | HC25: =HA25/HB25 -> 16464.253 | HD25: =100%-GX25 -> 0.875 | HE25: =GW25*HD25 -> 3091244.3 | HF25: =-PMT(7%/12,240,HE25,0) -> 23966.384 | HG25: =-PMT(7%/12,180,HE25,0) -> 27784.978 | HH25: =-PMT(7%/12,120,HE25,0) -> 35891.968 | HI25: =-PMT(7%/12,60,HE25,0) -> 61210.342 | HK25: =HC25-GO25 -> -395142.08 | HR25: =CB25-CH25 -> 0
A26: =A25+1 -> 20 | B26: SOLD | C26: =C25+1 -> 8 | D26: 3rd Floor | E26: =D26 -> 3rd Floor | G26: 3H | H26: H | I26: Studio Unit | J26: 22 | L26: South | M26: Corner | N26: 95909.091 | O26: =J26*N26 -> 2110000 | P26: =$P$13 -> 22400 | Q26: =$Q$5 -> 50000 | V26: =J26*$V$5 -> 55000 | Z26: =$Z$5 -> 75000 | AE26: =SUM(P26:AD26) -> 202400 | AF26: =O26+AE26 -> 2312400 | AG26: =AF26*$AG$5 -> 57810 | AH26: =AF26+AG26 -> 2370210 | AI26: =AH26*$AI$5 -> 59255.25 | AJ26: =AH26+AI26 -> 2429465.3 | AK26: =AJ26*$AK$5 -> 121473.26 | AL26: =AJ26+AK26 -> 2550938.5 | AM26: =AL26*$AM$5 -> 25509.385 | AN26: =$AN$5 -> 27537.41 | AP26: =FK26 -> 115067.59 | AQ26: =AL26+AM26+AP26+AN26+AO26 -> 2719052.9 | AR26: =AQ26*$AR$5 -> 122357.38 | AS26: =AQ26+AR26 -> 2841410.3 | AT26: =$AT$5 -> 2000000 | AU26: =AV26/J26 -> 38245.922 | AV26: =AS26-AT26 -> 841410.28 | AW26: =AV26*$AW$5 -> 100969.23 | AX26: =AV26+AW26 -> 942379.52 | AY26: =AS26+AW26 -> 2942379.5 | AZ26: =AY26*$AZ$5 -> 36779.744 | BA26: 0 | BB26: =SUM(AY26:BA26) -> 2979159.3 | BC26: 0 | BD26: =BB26*$BD$5 -> 111718.47 | BE26: =$BE$5*1.12 -> 33600 | BF26: =BB26+BC26+BD26+BE26 -> 3124477.7 | BH26: =BF26+BG26 -> 3124477.7 | BJ26: =BH26+BI26 -> 3124477.7 | BL26: =BJ26+BK26 -> 3124477.7 | BN26: =BL26+BM26 -> 3124477.7 | BP26: =BN26+BO26 -> 3124477.7 | BR26: =BP26+BQ26 -> 3124477.7 | BT26: =BR26+BS26 -> 3124477.7 | BV26: =BT26+BU26 -> 3124477.7 | BX26: =$BX$2+$BX$3-BE26 -> 31400 | BY26: =SUM(BV26:BX26) -> 3155877.7 | CA26: =BY26+BZ26 -> 3155877.7 | CB26: =BY26 -> 3155877.7 | CC26: =CB26-CE26-CF26 -> 3155877.7 | CE26: =CD26*J26 -> 0 | CF26: =CE26*$AW$5 -> 0 | CG26: =CE26+CF26 -> 0 | CH26: =CC26+CE26+CF26 -> 3155877.7 | CI26: =CH26 -> 3155877.7 | CJ26: =IF(CC26<=$CC$3,0,12%*CC26) -> 0 | CK26: =CI26*CK$5 -> 323477.47 | CL26: =CI26*CL$5 -> 110455.72 | CM26: =SUM(CI26:CL26) -> 3589810.9 | CN26: =$CN$5 -> 0.125 | CO26: =CM26*CN26 -> 448726.37 | CP26: =$CP$5 -> 30000 | CQ26: =CO26-CP26 -> 418726.37 | CR26: =VLOOKUP(E26,$IC$6:$IE$19,3,FALSE) -> 1 | CS26: =CQ26/CR26 -> 418726.37 | CT26: =100%-CN26 -> 0.875 | CU26: =CM26*CT26 -> 3141084.6 | CV26: =-PMT($CV$5/12,240,CU26,0) -> 24352.795 | CW26: =-PMT($CV$5/12,180,CU26,0) -> 28232.956 | CX26: =-PMT($CV$5/12,120,CU26,0) -> 36470.655 | CY26: =-PMT($CV$5/12,60,CU26,0) -> 62197.239 | CZ26: =(CM26*80%)*$CZ$5 -> 255160.28 | DA26: =(CM26*80%)*$DA$5 -> 100965.68 | DB26: =(CM26*80%)*$DB$5 -> 72926.081 | DC26: =(CM26*80%)*$DC$5 -> 55500.105 | DD26: =AV26/AT26 -> 0.42070514 | DE26: =CE26/CC26 -> 0 | DF26: BOI (W/ HIC) | DG26: NON BOI- BIR THRESHOLD | DH26: =$DH$7 -> 45658 | DI26: =(YEAR(DH26)-YEAR($DI$5))*12+MONTH(DH26)-MONTH($DI$5) -> 14 | DK26: =DH26+65 -> 45723 | DL26: =(YEAR(DK26)-YEAR($DL$5))*12+MONTH(DK26)-MONTH($DL$5)+$DL$4+$DL$3 -> 16 | DM26: BOI | DN26: CTS BARE WITH HIC | DO26: =DP26/J26 -> 42835.433 | DP26: =AX26 -> 942379.52 | DQ26: =AX26/AT26 -> 0.47118976 | DS26: =CI26 -> 3155877.7 | DT26: ='[4]INTERNAL PRICELIST'!N20 -> 2061900 | DU26: =DS26-DT26 -> 1093977.7 | DW26: =DS26/J26 -> 143448.99 | DZ26: 3H | EA26: =G26=DZ26 -> TRUE | EB26: CARYL KAY C. CALLANGA | EC26: FROM UG TO 3F | EJ26: w/ 2.5% Lumpsum: | EK26: Equity spread, 2.50% Lumpsum | ER26: SOLD | ES26: SOLD | ET26: =ER26=ES26 -> TRUE | EX26: 3008303.1 | EY26: =EX26*$EY$5 -> 451245.46 | EZ26: =EX26*$EZ$5 -> 2557057.6 | FA26: =EX26*$FA$5 -> 300830.31 | FB26: =EX26*$FB$5 -> 2707472.8 | FC26: =FB26-EZ26 -> 150415.15 | FF26: =EZ26 -> 2557057.6 | FG26: =FF26*$FG$5 -> 217349.9 | FH26: =FG26*(6/12) -> 108674.95 | FI26: =FB26 -> 2707472.8 | FJ26: =FI26*$FJ$5 -> 230135.19 | FK26: =FJ26*(6/12) -> 115067.59 | FL26: =FJ26-FG26 -> 12785.288 | FM26: =FK26-FH26 -> 6392.6441 | FN26: =$FN$6 -> VS | FO26: =$FO$5 -> 27537.41 | FP26: =FM26-FO26 -> -21144.766 | GA26: =GA25-1 -> 13 | GB26: =EDATE(GC26,GA26) -> 45962 | GC26: 45566 | GI26: =CM26 -> 3589810.9 | GJ26: =CN26 -> 0.125 | GK26: =CO26 -> 448726.37 | GL26: =CP26 -> 30000 | GM26: =CQ26 -> 418726.37 | GN26: =CR26 -> 1 | GO26: =CS26 -> 418726.37 | GP26: =CT26 -> 0.875 | ... GU26: =CY26 -> 62197.239 | GW26: =GI26 -> 3589810.9 | GX26: =GJ26 -> 0.125 | GY26: =GK26 -> 448726.37 | GZ26: =GL26 -> 30000 | HA26: =GM26 -> 418726.37 | HB26: =$HB$5 -> 25 | HC26: =HA26/HB26 -> 16749.055 | HD26: =100%-GX26 -> 0.875 | HE26: =GW26*HD26 -> 3141084.6 | HF26: =-PMT(7%/12,240,HE26,0) -> 24352.795 | HG26: =-PMT(7%/12,180,HE26,0) -> 28232.956 | HH26: =-PMT(7%/12,120,HE26,0) -> 36470.655 | HI26: =-PMT(7%/12,60,HE26,0) -> 62197.239 | HK26: =HC26-GO26 -> -401977.31 | HR26: =CB26-CH26 -> 0
A27: =A26+1 -> 21 | B27: SOLD | C27: =C26+1 -> 9 | D27: 3rd Floor | E27: =D27 -> 3rd Floor | G27: 3I | H27: I | I27: Studio Unit | J27: 22 | L27: South | M27: Inner | N27: 95909.091 | O27: =J27*N27 -> 2110000 | P27: =$P$13 -> 22400 | Q27: =$Q$5 -> 50000 | Z27: =$Z$5 -> 75000 | AE27: =SUM(P27:AD27) -> 147400 | AF27: =O27+AE27 -> 2257400 | AG27: =AF27*$AG$5 -> 56435 | AH27: =AF27+AG27 -> 2313835 | AI27: =AH27*$AI$5 -> 57845.875 | AJ27: =AH27+AI27 -> 2371680.9 | AK27: =AJ27*$AK$5 -> 118584.04 | AL27: =AJ27+AK27 -> 2490264.9 | AM27: =AL27*$AM$5 -> 24902.649 | AN27: =$AN$5 -> 27537.41 | AP27: =FK27 -> 109934.58 | AQ27: =AL27+AM27+AP27+AN27+AO27 -> 2652639.6 | AR27: =AQ27*$AR$5 -> 119368.78 | AS27: =AQ27+AR27 -> 2772008.3 | AT27: =$AT$5 -> 2000000 | AU27: =AV27/J27 -> 35091.288 | AV27: =AS27-AT27 -> 772008.34 | AW27: =AV27*$AW$5 -> 92641 | AX27: =AV27+AW27 -> 864649.34 | AY27: =AS27+AW27 -> 2864649.3 | AZ27: =AY27*$AZ$5 -> 35808.117 | BA27: 0 | BB27: =SUM(AY27:BA27) -> 2900457.5 | BC27: 0 | BD27: =BB27*$BD$5 -> 108767.15 | BE27: =$BE$5*1.12 -> 33600 | BF27: =BB27+BC27+BD27+BE27 -> 3042824.6 | BH27: =BF27+BG27 -> 3042824.6 | BJ27: =BH27+BI27 -> 3042824.6 | BL27: =BJ27+BK27 -> 3042824.6 | BN27: =BL27+BM27 -> 3042824.6 | BP27: =BN27+BO27 -> 3042824.6 | BR27: =BP27+BQ27 -> 3042824.6 | BT27: =BR27+BS27 -> 3042824.6 | BV27: =BT27+BU27 -> 3042824.6 | BX27: =$BX$2+$BX$3-BE27 -> 31400 | BY27: =SUM(BV27:BX27) -> 3074224.6 | CA27: =BY27+BZ27 -> 3074224.6 | CB27: =BY27 -> 3074224.6 | CC27: =CB27-CE27-CF27 -> 3074224.6 | CE27: =CD27*J27 -> 0 | CF27: =CE27*$AW$5 -> 0 | CG27: =CE27+CF27 -> 0 | CH27: =CC27+CE27+CF27 -> 3074224.6 | CI27: =CH27 -> 3074224.6 | CJ27: =IF(CC27<=$CC$3,0,12%*CC27) -> 0 | CK27: =CI27*CK$5 -> 315108.02 | CL27: =CI27*CL$5 -> 107597.86 | CM27: =SUM(CI27:CL27) -> 3496930.5 | CN27: =$CN$5 -> 0.125 | CO27: =CM27*CN27 -> 437116.31 | CP27: =$CP$5 -> 30000 | CQ27: =CO27-CP27 -> 407116.31 | CR27: =VLOOKUP(E27,$IC$6:$IE$19,3,FALSE) -> 1 | CS27: =CQ27/CR27 -> 407116.31 | CT27: =100%-CN27 -> 0.875 | CU27: =CM27*CT27 -> 3059814.2 | CV27: =-PMT($CV$5/12,240,CU27,0) -> 23722.707 | CW27: =-PMT($CV$5/12,180,CU27,0) -> 27502.475 | CX27: =-PMT($CV$5/12,120,CU27,0) -> 35527.037 | CY27: =-PMT($CV$5/12,60,CU27,0) -> 60587.988 | CZ27: =(CM27*80%)*$CZ$5 -> 248558.43 | DA27: =(CM27*80%)*$DA$5 -> 98353.361 | DB27: =(CM27*80%)*$DB$5 -> 71039.239 | DC27: =(CM27*80%)*$DC$5 -> 54064.132 | DD27: =AV27/AT27 -> 0.38600417 | DE27: =CE27/CC27 -> 0 | DF27: BOI (W/ HIC) | DG27: NON BOI- BIR THRESHOLD | DH27: =$DH$7 -> 45658 | DI27: =(YEAR(DH27)-YEAR($DI$5))*12+MONTH(DH27)-MONTH($DI$5) -> 14 | DK27: =DH27+65 -> 45723 | DL27: =(YEAR(DK27)-YEAR($DL$5))*12+MONTH(DK27)-MONTH($DL$5)+$DL$4+$DL$3 -> 16 | DM27: BOI | DN27: CTS BARE WITH HIC | DO27: =DP27/J27 -> 39302.243 | DP27: =AX27 -> 864649.34 | DQ27: =AX27/AT27 -> 0.43232467 | DS27: =CI27 -> 3074224.6 | DT27: ='[4]INTERNAL PRICELIST'!N21 -> 2061900 | DU27: =DS27-DT27 -> 1012324.6 | DW27: =DS27/J27 -> 139737.48 | DZ27: 3I | EA27: =G27=DZ27 -> TRUE | EB27: FREDERIC E. QUIACHON | EC27: FROM UG TO 3F | ER27: SOLD | ES27: SOLD | ET27: =ER27=ES27 -> TRUE | EX27: 2874106.5 | EY27: =EX27*$EY$5 -> 431115.98 | EZ27: =EX27*$EZ$5 -> 2442990.6 | FA27: =EX27*$FA$5 -> 287410.65 | FB27: =EX27*$FB$5 -> 2586695.9 | FC27: =FB27-EZ27 -> 143705.33 | FF27: =EZ27 -> 2442990.6 | FG27: =FF27*$FG$5 -> 207654.2 | FH27: =FG27*(6/12) -> 103827.1 | FI27: =FB27 -> 2586695.9 | FJ27: =FI27*$FJ$5 -> 219869.15 | FK27: =FJ27*(6/12) -> 109934.58 | FL27: =FJ27-FG27 -> 12214.953 | FM27: =FK27-FH27 -> 6107.4764 | FN27: =$FN$6 -> VS | FO27: =$FO$5 -> 27537.41 | FP27: =FM27-FO27 -> -21429.934 | GA27: 9 | GB27: =EDATE(GC27,GA27) -> 45870 | GC27: 45597 | GD27: BASED ON NEW SCHEDULE (July 2025+2 months PMD) | GI27: =CM27 -> 3496930.5 | GJ27: =CN27 -> 0.125 | GK27: =CO27 -> 437116.31 | GL27: =CP27 -> 30000 | GM27: =CQ27 -> 407116.31 | GN27: =CR27 -> 1 | GO27: =CS27 -> 407116.31 | GP27: =CT27 -> 0.875 | ... GU27: =CY27 -> 60587.988 | GW27: =GI27 -> 3496930.5 | GX27: =GJ27 -> 0.125 | GY27: =GK27 -> 437116.31 | GZ27: =GL27 -> 30000 | HA27: =GM27 -> 407116.31 | HB27: =$HB$5 -> 25 | HC27: =HA27/HB27 -> 16284.652 | HD27: =100%-GX27 -> 0.875 | HE27: =GW27*HD27 -> 3059814.2 | HF27: =-PMT(7%/12,240,HE27,0) -> 23722.707 | HG27: =-PMT(7%/12,180,HE27,0) -> 27502.475 | HH27: =-PMT(7%/12,120,HE27,0) -> 35527.037 | HI27: =-PMT(7%/12,60,HE27,0) -> 60587.988 | HK27: =HC27-GO27 -> -390831.66 | HR27: =CB27-CH27 -> 0
A28: =A27+1 -> 22 | B28: SOLD | C28: =C27+1 -> 10 | D28: 3rd Floor | E28: =D28 -> 3rd Floor | G28: 3J | H28: J | I28: Studio Unit | J28: 22 | L28: South | M28: Inner | N28: 95909.091 | O28: =J28*N28 -> 2110000 | P28: =$P$13 -> 22400 | Q28: =$Q$5 -> 50000 | Z28: =$Z$5 -> 75000 | AE28: =SUM(P28:AD28) -> 147400 | AF28: =O28+AE28 -> 2257400 | AG28: =AF28*$AG$5 -> 56435 | AH28: =AF28+AG28 -> 2313835 | AI28: =AH28*$AI$5 -> 57845.875 | AJ28: =AH28+AI28 -> 2371680.9 | AK28: =AJ28*$AK$5 -> 118584.04 | AL28: =AJ28+AK28 -> 2490264.9 | AM28: =AL28*$AM$5 -> 24902.649 | AN28: =$AN$5 -> 27537.41 | AP28: =FK28 -> 109934.58 | AQ28: =AL28+AM28+AP28+AN28+AO28 -> 2652639.6 | AR28: =AQ28*$AR$5 -> 119368.78 | AS28: =AQ28+AR28 -> 2772008.3 | AT28: =$AT$5 -> 2000000 | AU28: =AV28/J28 -> 35091.288 | AV28: =AS28-AT28 -> 772008.34 | AW28: =AV28*$AW$5 -> 92641 | AX28: =AV28+AW28 -> 864649.34 | AY28: =AS28+AW28 -> 2864649.3 | AZ28: =AY28*$AZ$5 -> 35808.117 | BA28: 0 | BB28: =SUM(AY28:BA28) -> 2900457.5 | BC28: 0 | BD28: =BB28*$BD$5 -> 108767.15 | BE28: =$BE$5*1.12 -> 33600 | BF28: =BB28+BC28+BD28+BE28 -> 3042824.6 | BH28: =BF28+BG28 -> 3042824.6 | BJ28: =BH28+BI28 -> 3042824.6 | BL28: =BJ28+BK28 -> 3042824.6 | BN28: =BL28+BM28 -> 3042824.6 | BP28: =BN28+BO28 -> 3042824.6 | BR28: =BP28+BQ28 -> 3042824.6 | BT28: =BR28+BS28 -> 3042824.6 | BV28: =BT28+BU28 -> 3042824.6 | BX28: =$BX$2+$BX$3-BE28 -> 31400 | BY28: =SUM(BV28:BX28) -> 3074224.6 | CA28: =BY28+BZ28 -> 3074224.6 | CB28: =BY28 -> 3074224.6 | CC28: =CB28-CE28-CF28 -> 3074224.6 | CE28: =CD28*J28 -> 0 | CF28: =CE28*$AW$5 -> 0 | CG28: =CE28+CF28 -> 0 | CH28: =CC28+CE28+CF28 -> 3074224.6 | CI28: =CH28 -> 3074224.6 | CJ28: =IF(CC28<=$CC$3,0,12%*CC28) -> 0 | CK28: =CI28*CK$5 -> 315108.02 | CL28: =CI28*CL$5 -> 107597.86 | CM28: =SUM(CI28:CL28) -> 3496930.5 | CN28: =$CN$5 -> 0.125 | CO28: =CM28*CN28 -> 437116.31 | CP28: =$CP$5 -> 30000 | CQ28: =CO28-CP28 -> 407116.31 | CR28: =VLOOKUP(E28,$IC$6:$IE$19,3,FALSE) -> 1 | CS28: =CQ28/CR28 -> 407116.31 | CT28: =100%-CN28 -> 0.875 | CU28: =CM28*CT28 -> 3059814.2 | CV28: =-PMT($CV$5/12,240,CU28,0) -> 23722.707 | CW28: =-PMT($CV$5/12,180,CU28,0) -> 27502.475 | CX28: =-PMT($CV$5/12,120,CU28,0) -> 35527.037 | CY28: =-PMT($CV$5/12,60,CU28,0) -> 60587.988 | CZ28: =(CM28*80%)*$CZ$5 -> 248558.43 | DA28: =(CM28*80%)*$DA$5 -> 98353.361 | DB28: =(CM28*80%)*$DB$5 -> 71039.239 | DC28: =(CM28*80%)*$DC$5 -> 54064.132 | DD28: =AV28/AT28 -> 0.38600417 | DE28: =CE28/CC28 -> 0 | DF28: BOI (W/ HIC) | DG28: NON BOI- BIR THRESHOLD | DH28: =$DH$7 -> 45658 | DI28: =(YEAR(DH28)-YEAR($DI$5))*12+MONTH(DH28)-MONTH($DI$5) -> 14 | DK28: =DH28+65 -> 45723 | DL28: =(YEAR(DK28)-YEAR($DL$5))*12+MONTH(DK28)-MONTH($DL$5)+$DL$4+$DL$3 -> 16 | DM28: BOI | DN28: CTS BARE WITH HIC | DO28: =DP28/J28 -> 39302.243 | DP28: =AX28 -> 864649.34 | DQ28: =AX28/AT28 -> 0.43232467 | DS28: =CI28 -> 3074224.6 | DT28: ='[4]INTERNAL PRICELIST'!N22 -> 2061900 | DU28: =DS28-DT28 -> 1012324.6 | DW28: =DS28/J28 -> 139737.48 | DZ28: 3J | EA28: =G28=DZ28 -> TRUE | EB28: CYRUSCHAD B. TUTOR | EC28: FROM UG TO 3F | ER28: SOLD | ES28: SOLD | ET28: =ER28=ES28 -> TRUE | EX28: 2874106.5 | EY28: =EX28*$EY$5 -> 431115.98 | EZ28: =EX28*$EZ$5 -> 2442990.6 | FA28: =EX28*$FA$5 -> 287410.65 | FB28: =EX28*$FB$5 -> 2586695.9 | FC28: =FB28-EZ28 -> 143705.33 | FF28: =EZ28 -> 2442990.6 | FG28: =FF28*$FG$5 -> 207654.2 | FH28: =FG28*(6/12) -> 103827.1 | FI28: =FB28 -> 2586695.9 | FJ28: =FI28*$FJ$5 -> 219869.15 | FK28: =FJ28*(6/12) -> 109934.58 | FL28: =FJ28-FG28 -> 12214.953 | FM28: =FK28-FH28 -> 6107.4764 | FN28: =$FN$6 -> VS | FO28: =$FO$5 -> 27537.41 | FP28: =FM28-FO28 -> -21429.934 | GA28: =GA27-1 -> 8 | GB28: =EDATE(GC28,GA28) -> 45870 | GC28: 45627 | GI28: =CM28 -> 3496930.5 | GJ28: =CN28 -> 0.125 | GK28: =CO28 -> 437116.31 | GL28: =CP28 -> 30000 | GM28: =CQ28 -> 407116.31 | GN28: =CR28 -> 1 | GO28: =CS28 -> 407116.31 | GP28: =CT28 -> 0.875 | ... GU28: =CY28 -> 60587.988 | GW28: =GI28 -> 3496930.5 | GX28: =GJ28 -> 0.125 | GY28: =GK28 -> 437116.31 | GZ28: =GL28 -> 30000 | HA28: =GM28 -> 407116.31 | HB28: =$HB$5 -> 25 | HC28: =HA28/HB28 -> 16284.652 | HD28: =100%-GX28 -> 0.875 | HE28: =GW28*HD28 -> 3059814.2 | HF28: =-PMT(7%/12,240,HE28,0) -> 23722.707 | HG28: =-PMT(7%/12,180,HE28,0) -> 27502.475 | HH28: =-PMT(7%/12,120,HE28,0) -> 35527.037 | HI28: =-PMT(7%/12,60,HE28,0) -> 60587.988 | HK28: =HC28-GO28 -> -390831.66 | HR28: =CB28-CH28 -> 0
A29: =A28+1 -> 23 | B29: SOLD | C29: =C28+1 -> 11 | D29: 3rd Floor | E29: =D29 -> 3rd Floor | G29: 3K | H29: K | I29: Studio Unit | J29: 22 | L29: South | M29: Inner | N29: 95909.091 | O29: =J29*N29 -> 2110000 | P29: =$P$13 -> 22400 | Q29: =$Q$5 -> 50000 | Z29: =$Z$5 -> 75000 | AE29: =SUM(P29:AD29) -> 147400 | AF29: =O29+AE29 -> 2257400 | AG29: =AF29*$AG$5 -> 56435 | AH29: =AF29+AG29 -> 2313835 | AI29: =AH29*$AI$5 -> 57845.875 | AJ29: =AH29+AI29 -> 2371680.9 | AK29: =AJ29*$AK$5 -> 118584.04 | AL29: =AJ29+AK29 -> 2490264.9 | AM29: =AL29*$AM$5 -> 24902.649 | AN29: =$AN$5 -> 27537.41 | AP29: =FK29 -> 109934.58 | AQ29: =AL29+AM29+AP29+AN29+AO29 -> 2652639.6 | AR29: =AQ29*$AR$5 -> 119368.78 | AS29: =AQ29+AR29 -> 2772008.3 | AT29: =$AT$5 -> 2000000 | AU29: =AV29/J29 -> 35091.288 | AV29: =AS29-AT29 -> 772008.34 | AW29: =AV29*$AW$5 -> 92641 | AX29: =AV29+AW29 -> 864649.34 | AY29: =AS29+AW29 -> 2864649.3 | AZ29: =AY29*$AZ$5 -> 35808.117 | BA29: 0 | BB29: =SUM(AY29:BA29) -> 2900457.5 | BC29: 0 | BD29: =BB29*$BD$5 -> 108767.15 | BE29: =$BE$5*1.12 -> 33600 | BF29: =BB29+BC29+BD29+BE29 -> 3042824.6 | BH29: =BF29+BG29 -> 3042824.6 | BJ29: =BH29+BI29 -> 3042824.6 | BL29: =BJ29+BK29 -> 3042824.6 | BN29: =BL29+BM29 -> 3042824.6 | BP29: =BN29+BO29 -> 3042824.6 | BR29: =BP29+BQ29 -> 3042824.6 | BT29: =BR29+BS29 -> 3042824.6 | BV29: =BT29+BU29 -> 3042824.6 | BX29: =$BX$2+$BX$3-BE29 -> 31400 | BY29: =SUM(BV29:BX29) -> 3074224.6 | CA29: =BY29+BZ29 -> 3074224.6 | CB29: =BY29 -> 3074224.6 | CC29: =CB29-CE29-CF29 -> 3074224.6 | CE29: =CD29*J29 -> 0 | CF29: =CE29*$AW$5 -> 0 | CG29: =CE29+CF29 -> 0 | CH29: =CC29+CE29+CF29 -> 3074224.6 | CI29: =CH29 -> 3074224.6 | CJ29: =IF(CC29<=$CC$3,0,12%*CC29) -> 0 | CK29: =CI29*CK$5 -> 315108.02 | CL29: =CI29*CL$5 -> 107597.86 | CM29: =SUM(CI29:CL29) -> 3496930.5 | CN29: =$CN$5 -> 0.125 | CO29: =CM29*CN29 -> 437116.31 | CP29: =$CP$5 -> 30000 | CQ29: =CO29-CP29 -> 407116.31 | CR29: =VLOOKUP(E29,$IC$6:$IE$19,3,FALSE) -> 1 | CS29: =CQ29/CR29 -> 407116.31 | CT29: =100%-CN29 -> 0.875 | CU29: =CM29*CT29 -> 3059814.2 | CV29: =-PMT($CV$5/12,240,CU29,0) -> 23722.707 | CW29: =-PMT($CV$5/12,180,CU29,0) -> 27502.475 | CX29: =-PMT($CV$5/12,120,CU29,0) -> 35527.037 | CY29: =-PMT($CV$5/12,60,CU29,0) -> 60587.988 | CZ29: =(CM29*80%)*$CZ$5 -> 248558.43 | DA29: =(CM29*80%)*$DA$5 -> 98353.361 | DB29: =(CM29*80%)*$DB$5 -> 71039.239 | DC29: =(CM29*80%)*$DC$5 -> 54064.132 | DD29: =AV29/AT29 -> 0.38600417 | DE29: =CE29/CC29 -> 0 | DF29: BOI (W/ HIC) | DG29: NON BOI- BIR THRESHOLD | DH29: =$DH$7 -> 45658 | DI29: =(YEAR(DH29)-YEAR($DI$5))*12+MONTH(DH29)-MONTH($DI$5) -> 14 | DK29: =DH29+65 -> 45723 | DL29: =(YEAR(DK29)-YEAR($DL$5))*12+MONTH(DK29)-MONTH($DL$5)+$DL$4+$DL$3 -> 16 | DM29: BOI | DN29: CTS BARE WITH HIC | DO29: =DP29/J29 -> 39302.243 | DP29: =AX29 -> 864649.34 | DQ29: =AX29/AT29 -> 0.43232467 | DS29: =CI29 -> 3074224.6 | DT29: ='[4]INTERNAL PRICELIST'!N23 -> 2063804 | DU29: =DS29-DT29 -> 1010420.6 | DW29: =DS29/J29 -> 139737.48 | DZ29: 3K | EA29: =G29=DZ29 -> TRUE | EB29: JULIE ANNE P. ABANGAN | EC29: FROM UG TO 3F | ER29: SOLD | ES29: SOLD | ET29: =ER29=ES29 -> TRUE | EX29: 2874106.5 | EY29: =EX29*$EY$5 -> 431115.98 | EZ29: =EX29*$EZ$5 -> 2442990.6 | FA29: =EX29*$FA$5 -> 287410.65 | FB29: =EX29*$FB$5 -> 2586695.9 | FC29: =FB29-EZ29 -> 143705.33 | FF29: =EZ29 -> 2442990.6 | FG29: =FF29*$FG$5 -> 207654.2 | FH29: =FG29*(6/12) -> 103827.1 | FI29: =FB29 -> 2586695.9 | FJ29: =FI29*$FJ$5 -> 219869.15 | FK29: =FJ29*(6/12) -> 109934.58 | FL29: =FJ29-FG29 -> 12214.953 | FM29: =FK29-FH29 -> 6107.4764 | FN29: =$FN$6 -> VS | FO29: =$FO$5 -> 27537.41 | FP29: =FM29-FO29 -> -21429.934 | GA29: =GA28-1 -> 7 | GB29: =EDATE(GC29,GA29) -> 45870 | GC29: 45658 | GI29: =CM29 -> 3496930.5 | GJ29: =CN29 -> 0.125 | GK29: =CO29 -> 437116.31 | GL29: =CP29 -> 30000 | GM29: =CQ29 -> 407116.31 | GN29: =CR29 -> 1 | GO29: =CS29 -> 407116.31 | GP29: =CT29 -> 0.875 | ... GU29: =CY29 -> 60587.988 | GW29: =GI29 -> 3496930.5 | GX29: =GJ29 -> 0.125 | GY29: =GK29 -> 437116.31 | GZ29: =GL29 -> 30000 | HA29: =GM29 -> 407116.31 | HB29: =$HB$5 -> 25 | HC29: =HA29/HB29 -> 16284.652 | HD29: =100%-GX29 -> 0.875 | HE29: =GW29*HD29 -> 3059814.2 | HF29: =-PMT(7%/12,240,HE29,0) -> 23722.707 | HG29: =-PMT(7%/12,180,HE29,0) -> 27502.475 | HH29: =-PMT(7%/12,120,HE29,0) -> 35527.037 | HI29: =-PMT(7%/12,60,HE29,0) -> 60587.988 | HK29: =HC29-GO29 -> -390831.66 | HR29: =CB29-CH29 -> 0
A30: =A29+1 -> 24 | B30: SOLD | C30: =C29+1 -> 12 | D30: 3rd Floor | E30: =D30 -> 3rd Floor | G30: 3L | H30: L | I30: Studio Unit | J30: 22 | L30: South | M30: Inner | N30: 95909.091 | O30: =J30*N30 -> 2110000 | P30: =$P$13 -> 22400 | Q30: =$Q$5 -> 50000 | Z30: =$Z$5 -> 75000 | AE30: =SUM(P30:AD30) -> 147400 | AF30: =O30+AE30 -> 2257400 | AG30: =AF30*$AG$5 -> 56435 | AH30: =AF30+AG30 -> 2313835 | AI30: =AH30*$AI$5 -> 57845.875 | AJ30: =AH30+AI30 -> 2371680.9 | AK30: =AJ30*$AK$5 -> 118584.04 | AL30: =AJ30+AK30 -> 2490264.9 | AM30: =AL30*$AM$5 -> 24902.649 | AN30: =$AN$5 -> 27537.41 | AP30: =FK30 -> 109934.58 | AQ30: =AL30+AM30+AP30+AN30+AO30 -> 2652639.6 | AR30: =AQ30*$AR$5 -> 119368.78 | AS30: =AQ30+AR30 -> 2772008.3 | AT30: =$AT$5 -> 2000000 | AU30: =AV30/J30 -> 35091.288 | AV30: =AS30-AT30 -> 772008.34 | AW30: =AV30*$AW$5 -> 92641 | AX30: =AV30+AW30 -> 864649.34 | AY30: =AS30+AW30 -> 2864649.3 | AZ30: =AY30*$AZ$5 -> 35808.117 | BA30: 0 | BB30: =SUM(AY30:BA30) -> 2900457.5 | BC30: 0 | BD30: =BB30*$BD$5 -> 108767.15 | BE30: =$BE$5*1.12 -> 33600 | BF30: =BB30+BC30+BD30+BE30 -> 3042824.6 | BH30: =BF30+BG30 -> 3042824.6 | BJ30: =BH30+BI30 -> 3042824.6 | BL30: =BJ30+BK30 -> 3042824.6 | BN30: =BL30+BM30 -> 3042824.6 | BP30: =BN30+BO30 -> 3042824.6 | BR30: =BP30+BQ30 -> 3042824.6 | BT30: =BR30+BS30 -> 3042824.6 | BV30: =BT30+BU30 -> 3042824.6 | BX30: =$BX$2+$BX$3-BE30 -> 31400 | BY30: =SUM(BV30:BX30) -> 3074224.6 | CA30: =BY30+BZ30 -> 3074224.6 | CB30: =BY30 -> 3074224.6 | CC30: =CB30-CE30-CF30 -> 3074224.6 | CE30: =CD30*J30 -> 0 | CF30: =CE30*$AW$5 -> 0 | CG30: =CE30+CF30 -> 0 | CH30: =CC30+CE30+CF30 -> 3074224.6 | CI30: =CH30 -> 3074224.6 | CJ30: =IF(CC30<=$CC$3,0,12%*CC30) -> 0 | CK30: =CI30*CK$5 -> 315108.02 | CL30: =CI30*CL$5 -> 107597.86 | CM30: =SUM(CI30:CL30) -> 3496930.5 | CN30: =$CN$5 -> 0.125 | CO30: =CM30*CN30 -> 437116.31 | CP30: =$CP$5 -> 30000 | CQ30: =CO30-CP30 -> 407116.31 | CR30: =VLOOKUP(E30,$IC$6:$IE$19,3,FALSE) -> 1 | CS30: =CQ30/CR30 -> 407116.31 | CT30: =100%-CN30 -> 0.875 | CU30: =CM30*CT30 -> 3059814.2 | CV30: =-PMT($CV$5/12,240,CU30,0) -> 23722.707 | CW30: =-PMT($CV$5/12,180,CU30,0) -> 27502.475 | CX30: =-PMT($CV$5/12,120,CU30,0) -> 35527.037 | CY30: =-PMT($CV$5/12,60,CU30,0) -> 60587.988 | CZ30: =(CM30*80%)*$CZ$5 -> 248558.43 | DA30: =(CM30*80%)*$DA$5 -> 98353.361 | DB30: =(CM30*80%)*$DB$5 -> 71039.239 | DC30: =(CM30*80%)*$DC$5 -> 54064.132 | DD30: =AV30/AT30 -> 0.38600417 | DE30: =CE30/CC30 -> 0 | DF30: BOI (W/ HIC) | DG30: NON BOI- BIR THRESHOLD | DH30: =$DH$7 -> 45658 | DI30: =(YEAR(DH30)-YEAR($DI$5))*12+MONTH(DH30)-MONTH($DI$5) -> 14 | DK30: =DH30+65 -> 45723 | DL30: =(YEAR(DK30)-YEAR($DL$5))*12+MONTH(DK30)-MONTH($DL$5)+$DL$4+$DL$3 -> 16 | DM30: BOI | DN30: CTS BARE WITH HIC | DO30: =DP30/J30 -> 39302.243 | DP30: =AX30 -> 864649.34 | DQ30: =AX30/AT30 -> 0.43232467 | DS30: =CI30 -> 3074224.6 | DT30: ='[4]INTERNAL PRICELIST'!N24 -> 2061900 | DU30: =DS30-DT30 -> 1012324.6 | DW30: =DS30/J30 -> 139737.48 | DZ30: 3L | EA30: =G30=DZ30 -> TRUE | EB30: ANTHENOR R. ALEJANDRIA | EC30: FROM UG TO 3F | EJ30: SPECIAL STEP-UP TERM | ER30: SOLD | ES30: SOLD | ET30: =ER30=ES30 -> TRUE | EX30: 2874106.5 | EY30: =EX30*$EY$5 -> 431115.98 | EZ30: =EX30*$EZ$5 -> 2442990.6 | FA30: =EX30*$FA$5 -> 287410.65 | FB30: =EX30*$FB$5 -> 2586695.9 | FC30: =FB30-EZ30 -> 143705.33 | FF30: =EZ30 -> 2442990.6 | FG30: =FF30*$FG$5 -> 207654.2 | FH30: =FG30*(6/12) -> 103827.1 | FI30: =FB30 -> 2586695.9 | FJ30: =FI30*$FJ$5 -> 219869.15 | FK30: =FJ30*(6/12) -> 109934.58 | FL30: =FJ30-FG30 -> 12214.953 | FM30: =FK30-FH30 -> 6107.4764 | FN30: =$FN$6 -> VS | FO30: =$FO$5 -> 27537.41 | FP30: =FM30-FO30 -> -21429.934 | GA30: 6 | GB30: =EDATE(GC30,GA30) -> 45870 | GC30: 45689 | GD30: (Tech-June 2025 +2 months PMD) from sir Toff | GI30: =CM30 -> 3496930.5 | GJ30: =CN30 -> 0.125 | GK30: =CO30 -> 437116.31 | GL30: =CP30 -> 30000 | GM30: =CQ30 -> 407116.31 | GN30: =CR30 -> 1 | GO30: =CS30 -> 407116.31 | GP30: =CT30 -> 0.875 | ... GU30: =CY30 -> 60587.988 | GW30: =GI30 -> 3496930.5 | GX30: =GJ30 -> 0.125 | GY30: =GK30 -> 437116.31 | GZ30: =GL30 -> 30000 | HA30: =GM30 -> 407116.31 | HB30: =$HB$5 -> 25 | HC30: =HA30/HB30 -> 16284.652 | HD30: =100%-GX30 -> 0.875 | HE30: =GW30*HD30 -> 3059814.2 | HF30: =-PMT(7%/12,240,HE30,0) -> 23722.707 | HG30: =-PMT(7%/12,180,HE30,0) -> 27502.475 | HH30: =-PMT(7%/12,120,HE30,0) -> 35527.037 | HI30: =-PMT(7%/12,60,HE30,0) -> 60587.988 | HK30: =HC30-GO30 -> -390831.66 | HR30: =CB30-CH30 -> 0
A31: =A30+1 -> 25 | C31: =C30+1 -> 13 | D31: 3rd Floor | E31: =D31 -> 3rd Floor | G31: 3M | H31: M | I31: Studio Unit | J31: 22 | L31: South | M31: Inner | N31: 95909.091 | O31: =J31*N31 -> 2110000 | P31: =$P$13 -> 22400 | Q31: =$Q$5 -> 50000 | Z31: =$Z$5 -> 75000 | AE31: =SUM(P31:AD31) -> 147400 | AF31: =O31+AE31 -> 2257400 | AG31: =AF31*$AG$5 -> 56435 | AH31: =AF31+AG31 -> 2313835 | AI31: =AH31*$AI$5 -> 57845.875 | AJ31: =AH31+AI31 -> 2371680.9 | AK31: =AJ31*$AK$5 -> 118584.04 | AL31: =AJ31+AK31 -> 2490264.9 | AM31: =AL31*$AM$5 -> 24902.649 | AN31: =$AN$5 -> 27537.41 | AP31: =FK31 -> 109934.58 | AQ31: =AL31+AM31+AP31+AN31+AO31 -> 2652639.6 | AR31: =AQ31*$AR$5 -> 119368.78 | AS31: =AQ31+AR31 -> 2772008.3 | AT31: =$AT$5 -> 2000000 | AU31: =AV31/J31 -> 35091.288 | AV31: =AS31-AT31 -> 772008.34 | AW31: =AV31*$AW$5 -> 92641 | AX31: =AV31+AW31 -> 864649.34 | AY31: =AS31+AW31 -> 2864649.3 | AZ31: =AY31*$AZ$5 -> 35808.117 | BA31: 0 | BB31: =SUM(AY31:BA31) -> 2900457.5 | BC31: 0 | BD31: =BB31*$BD$5 -> 108767.15 | BE31: =$BE$5*1.12 -> 33600 | BF31: =BB31+BC31+BD31+BE31 -> 3042824.6 | BH31: =BF31+BG31 -> 3042824.6 | BJ31: =BH31+BI31 -> 3042824.6 | BL31: =BJ31+BK31 -> 3042824.6 | BN31: =BL31+BM31 -> 3042824.6 | BP31: =BN31+BO31 -> 3042824.6 | BR31: =BP31+BQ31 -> 3042824.6 | BT31: =BR31+BS31 -> 3042824.6 | BV31: =BT31+BU31 -> 3042824.6 | BX31: =$BX$2+$BX$3-BE31 -> 31400 | BY31: =SUM(BV31:BX31) -> 3074224.6 | CA31: =BY31+BZ31 -> 3074224.6 | CB31: =BY31 -> 3074224.6 | CC31: =CB31-CE31-CF31 -> 3074224.6 | CE31: =CD31*J31 -> 0 | CF31: =CE31*$AW$5 -> 0 | CG31: =CE31+CF31 -> 0 | CH31: =CC31+CE31+CF31 -> 3074224.6 | CI31: =CH31 -> 3074224.6 | CJ31: =IF(CC31<=$CC$3,0,12%*CC31) -> 0 | CK31: =CI31*CK$5 -> 315108.02 | CL31: =CI31*CL$5 -> 107597.86 | CM31: =SUM(CI31:CL31) -> 3496930.5 | CN31: =$CN$5 -> 0.125 | CO31: =CM31*CN31 -> 437116.31 | CP31: =$CP$5 -> 30000 | CQ31: =CO31-CP31 -> 407116.31 | CR31: =VLOOKUP(E31,$IC$6:$IE$19,3,FALSE) -> 1 | CS31: =CQ31/CR31 -> 407116.31 | CT31: =100%-CN31 -> 0.875 | CU31: =CM31*CT31 -> 3059814.2 | CV31: =-PMT($CV$5/12,240,CU31,0) -> 23722.707 | CW31: =-PMT($CV$5/12,180,CU31,0) -> 27502.475 | CX31: =-PMT($CV$5/12,120,CU31,0) -> 35527.037 | CY31: =-PMT($CV$5/12,60,CU31,0) -> 60587.988 | CZ31: =(CM31*80%)*$CZ$5 -> 248558.43 | DA31: =(CM31*80%)*$DA$5 -> 98353.361 | DB31: =(CM31*80%)*$DB$5 -> 71039.239 | DC31: =(CM31*80%)*$DC$5 -> 54064.132 | DD31: =AV31/AT31 -> 0.38600417 | DE31: =CE31/CC31 -> 0 | DF31: BOI (W/ HIC) | DG31: NON BOI- BIR THRESHOLD | DH31: =$DH$7 -> 45658 | DI31: =(YEAR(DH31)-YEAR($DI$5))*12+MONTH(DH31)-MONTH($DI$5) -> 14 | DK31: =DH31+65 -> 45723 | DL31: =(YEAR(DK31)-YEAR($DL$5))*12+MONTH(DK31)-MONTH($DL$5)+$DL$4+$DL$3 -> 16 | DM31: BOI | DN31: CTS BARE WITH HIC | DO31: =DP31/J31 -> 39302.243 | DP31: =AX31 -> 864649.34 | DQ31: =AX31/AT31 -> 0.43232467 | DS31: =CI31 -> 3074224.6 | DT31: ='[4]INTERNAL PRICELIST'!N25 -> 2061900 | DU31: =DS31-DT31 -> 1012324.6 | DW31: =DS31/J31 -> 139737.48 | DZ31: 3M | EA31: =G31=DZ31 -> TRUE | EJ31: =EL9 -> 0 | EK31: =EK9 -> 0 | ER31: SOLD | ES31: SOLD | ET31: =ER31=ES31 -> TRUE | EX31: 2874106.5 | EY31: =EX31*$EY$5 -> 431115.98 | EZ31: =EX31*$EZ$5 -> 2442990.6 | FA31: =EX31*$FA$5 -> 287410.65 | FB31: =EX31*$FB$5 -> 2586695.9 | FC31: =FB31-EZ31 -> 143705.33 | FF31: =EZ31 -> 2442990.6 | FG31: =FF31*$FG$5 -> 207654.2 | FH31: =FG31*(6/12) -> 103827.1 | FI31: =FB31 -> 2586695.9 | FJ31: =FI31*$FJ$5 -> 219869.15 | FK31: =FJ31*(6/12) -> 109934.58 | FL31: =FJ31-FG31 -> 12214.953 | FM31: =FK31-FH31 -> 6107.4764 | FN31: =$FN$6 -> VS | FO31: =$FO$5 -> 27537.41 | FP31: =FM31-FO31 -> -21429.934 | GA31: =GA30-1 -> 5 | GB31: =EDATE(GC31,GA31) -> 45870 | GC31: 45717 | GI31: =CM31 -> 3496930.5 | GJ31: =CN31 -> 0.125 | GK31: =CO31 -> 437116.31 | GL31: =CP31 -> 30000 | GM31: =CQ31 -> 407116.31 | GN31: =CR31 -> 1 | GO31: =CS31 -> 407116.31 | GP31: =CT31 -> 0.875 | ... GU31: =CY31 -> 60587.988 | GW31: =GI31 -> 3496930.5 | GX31: =GJ31 -> 0.125 | GY31: =GK31 -> 437116.31 | GZ31: =GL31 -> 30000 | HA31: =GM31 -> 407116.31 | HB31: =$HB$5 -> 25 | HC31: =HA31/HB31 -> 16284.652 | HD31: =100%-GX31 -> 0.875 | HE31: =GW31*HD31 -> 3059814.2 | HF31: =-PMT(7%/12,240,HE31,0) -> 23722.707 | HG31: =-PMT(7%/12,180,HE31,0) -> 27502.475 | HH31: =-PMT(7%/12,120,HE31,0) -> 35527.037 | HI31: =-PMT(7%/12,60,HE31,0) -> 60587.988 | HK31: =HC31-GO31 -> -390831.66 | HR31: =CB31-CH31 -> 0
A32: =A31+1 -> 26 | B32: SOLD | C32: =C31+1 -> 14 | D32: 3rd Floor | E32: =D32 -> 3rd Floor | G32: 3N | H32: N | I32: Studio Unit | J32: 22 | L32: South | M32: Inner | N32: 95909.091 | O32: =J32*N32 -> 2110000 | P32: =$P$13 -> 22400 | Q32: =$Q$5 -> 50000 | Z32: =$Z$5 -> 75000 | AE32: =SUM(P32:AD32) -> 147400 | AF32: =O32+AE32 -> 2257400 | AG32: =AF32*$AG$5 -> 56435 | AH32: =AF32+AG32 -> 2313835 | AI32: =AH32*$AI$5 -> 57845.875 | AJ32: =AH32+AI32 -> 2371680.9 | AK32: =AJ32*$AK$5 -> 118584.04 | AL32: =AJ32+AK32 -> 2490264.9 | AM32: =AL32*$AM$5 -> 24902.649 | AN32: =$AN$5 -> 27537.41 | AP32: =FK32 -> 109934.58 | AQ32: =AL32+AM32+AP32+AN32+AO32 -> 2652639.6 | AR32: =AQ32*$AR$5 -> 119368.78 | AS32: =AQ32+AR32 -> 2772008.3 | AT32: =$AT$5 -> 2000000 | AU32: =AV32/J32 -> 35091.288 | AV32: =AS32-AT32 -> 772008.34 | AW32: =AV32*$AW$5 -> 92641 | AX32: =AV32+AW32 -> 864649.34 | AY32: =AS32+AW32 -> 2864649.3 | AZ32: =AY32*$AZ$5 -> 35808.117 | BA32: 0 | BB32: =SUM(AY32:BA32) -> 2900457.5 | BC32: 0 | BD32: =BB32*$BD$5 -> 108767.15 | BE32: =$BE$5*1.12 -> 33600 | BF32: =BB32+BC32+BD32+BE32 -> 3042824.6 | BH32: =BF32+BG32 -> 3042824.6 | BJ32: =BH32+BI32 -> 3042824.6 | BL32: =BJ32+BK32 -> 3042824.6 | BN32: =BL32+BM32 -> 3042824.6 | BP32: =BN32+BO32 -> 3042824.6 | BR32: =BP32+BQ32 -> 3042824.6 | BT32: =BR32+BS32 -> 3042824.6 | BV32: =BT32+BU32 -> 3042824.6 | BX32: =$BX$2+$BX$3-BE32 -> 31400 | BY32: =SUM(BV32:BX32) -> 3074224.6 | CA32: =BY32+BZ32 -> 3074224.6 | CB32: =BY32 -> 3074224.6 | CC32: =CB32-CE32-CF32 -> 3074224.6 | CE32: =CD32*J32 -> 0 | CF32: =CE32*$AW$5 -> 0 | CG32: =CE32+CF32 -> 0 | CH32: =CC32+CE32+CF32 -> 3074224.6 | CI32: =CH32 -> 3074224.6 | CJ32: =IF(CC32<=$CC$3,0,12%*CC32) -> 0 | CK32: =CI32*CK$5 -> 315108.02 | CL32: =CI32*CL$5 -> 107597.86 | CM32: =SUM(CI32:CL32) -> 3496930.5 | CN32: =$CN$5 -> 0.125 | CO32: =CM32*CN32 -> 437116.31 | CP32: =$CP$5 -> 30000 | CQ32: =CO32-CP32 -> 407116.31 | CR32: =VLOOKUP(E32,$IC$6:$IE$19,3,FALSE) -> 1 | CS32: =CQ32/CR32 -> 407116.31 | CT32: =100%-CN32 -> 0.875 | CU32: =CM32*CT32 -> 3059814.2 | CV32: =-PMT($CV$5/12,240,CU32,0) -> 23722.707 | CW32: =-PMT($CV$5/12,180,CU32,0) -> 27502.475 | CX32: =-PMT($CV$5/12,120,CU32,0) -> 35527.037 | CY32: =-PMT($CV$5/12,60,CU32,0) -> 60587.988 | CZ32: =(CM32*80%)*$CZ$5 -> 248558.43 | DA32: =(CM32*80%)*$DA$5 -> 98353.361 | DB32: =(CM32*80%)*$DB$5 -> 71039.239 | DC32: =(CM32*80%)*$DC$5 -> 54064.132 | DD32: =AV32/AT32 -> 0.38600417 | DE32: =CE32/CC32 -> 0 | DF32: BOI (W/ HIC) | DG32: NON BOI- BIR THRESHOLD | DH32: =$DH$7 -> 45658 | DI32: =(YEAR(DH32)-YEAR($DI$5))*12+MONTH(DH32)-MONTH($DI$5) -> 14 | DK32: =DH32+65 -> 45723 | DL32: =(YEAR(DK32)-YEAR($DL$5))*12+MONTH(DK32)-MONTH($DL$5)+$DL$4+$DL$3 -> 16 | DM32: BOI | DN32: CTS BARE WITH HIC | DO32: =DP32/J32 -> 39302.243 | DP32: =AX32 -> 864649.34 | DQ32: =AX32/AT32 -> 0.43232467 | DS32: =CI32 -> 3074224.6 | DT32: ='[4]INTERNAL PRICELIST'!N26 -> 2061900 | DU32: =DS32-DT32 -> 1012324.6 | DW32: =DS32/J32 -> 139737.48 | DZ32: 3N | EA32: =G32=DZ32 -> TRUE | EB32: MA. JONALYN DURAN | EC32: FROM UG TO 3F | EJ32: =EL10 -> 0 | EK32: =EK10 -> 0 | ER32: SOLD | ES32: SOLD | ET32: =ER32=ES32 -> TRUE | EX32: 2874106.5 | EY32: =EX32*$EY$5 -> 431115.98 | EZ32: =EX32*$EZ$5 -> 2442990.6 | FA32: =EX32*$FA$5 -> 287410.65 | FB32: =EX32*$FB$5 -> 2586695.9 | FC32: =FB32-EZ32 -> 143705.33 | FF32: =EZ32 -> 2442990.6 | FG32: =FF32*$FG$5 -> 207654.2 | FH32: =FG32*(6/12) -> 103827.1 | FI32: =FB32 -> 2586695.9 | FJ32: =FI32*$FJ$5 -> 219869.15 | FK32: =FJ32*(6/12) -> 109934.58 | FL32: =FJ32-FG32 -> 12214.953 | FM32: =FK32-FH32 -> 6107.4764 | FN32: =$FN$6 -> VS | FO32: =$FO$5 -> 27537.41 | FP32: =FM32-FO32 -> -21429.934 | GA32: =GA31-1 -> 4 | GB32: =EDATE(GC32,GA32) -> 45870 | GC32: 45748 | GE32: RS | GI32: =CM32 -> 3496930.5 | GJ32: =CN32 -> 0.125 | GK32: =CO32 -> 437116.31 | GL32: =CP32 -> 30000 | GM32: =CQ32 -> 407116.31 | GN32: =CR32 -> 1 | GO32: =CS32 -> 407116.31 | GP32: =CT32 -> 0.875 | ... GU32: =CY32 -> 60587.988 | GW32: =GI32 -> 3496930.5 | GX32: =GJ32 -> 0.125 | GY32: =GK32 -> 437116.31 | GZ32: =GL32 -> 30000 | HA32: =GM32 -> 407116.31 | HB32: =$HB$5 -> 25 | HC32: =HA32/HB32 -> 16284.652 | HD32: =100%-GX32 -> 0.875 | HE32: =GW32*HD32 -> 3059814.2 | HF32: =-PMT(7%/12,240,HE32,0) -> 23722.707 | HG32: =-PMT(7%/12,180,HE32,0) -> 27502.475 | HH32: =-PMT(7%/12,120,HE32,0) -> 35527.037 | HI32: =-PMT(7%/12,60,HE32,0) -> 60587.988 | HK32: =HC32-GO32 -> -390831.66 | HR32: =CB32-CH32 -> 0
A33: =A32+1 -> 27 | C33: =C32+1 -> 15 | D33: 3rd Floor | E33: =D33 -> 3rd Floor | G33: 3O | H33: O | I33: Studio Unit | J33: 22 | L33: South | M33: Inner | N33: 95909.091 | O33: =J33*N33 -> 2110000 | P33: =$P$13 -> 22400 | Q33: =$Q$5 -> 50000 | Z33: =$Z$5 -> 75000 | AE33: =SUM(P33:AD33) -> 147400 | AF33: =O33+AE33 -> 2257400 | AG33: =AF33*$AG$5 -> 56435 | AH33: =AF33+AG33 -> 2313835 | AI33: =AH33*$AI$5 -> 57845.875 | AJ33: =AH33+AI33 -> 2371680.9 | AK33: =AJ33*$AK$5 -> 118584.04 | AL33: =AJ33+AK33 -> 2490264.9 | AM33: =AL33*$AM$5 -> 24902.649 | AN33: =$AN$5 -> 27537.41 | AP33: =FK33 -> 109934.58 | AQ33: =AL33+AM33+AP33+AN33+AO33 -> 2652639.6 | AR33: =AQ33*$AR$5 -> 119368.78 | AS33: =AQ33+AR33 -> 2772008.3 | AT33: =$AT$5 -> 2000000 | AU33: =AV33/J33 -> 35091.288 | AV33: =AS33-AT33 -> 772008.34 | AW33: =AV33*$AW$5 -> 92641 | AX33: =AV33+AW33 -> 864649.34 | AY33: =AS33+AW33 -> 2864649.3 | AZ33: =AY33*$AZ$5 -> 35808.117 | BA33: 0 | BB33: =SUM(AY33:BA33) -> 2900457.5 | BC33: 0 | BD33: =BB33*$BD$5 -> 108767.15 | BE33: =$BE$5*1.12 -> 33600 | BF33: =BB33+BC33+BD33+BE33 -> 3042824.6 | BH33: =BF33+BG33 -> 3042824.6 | BJ33: =BH33+BI33 -> 3042824.6 | BL33: =BJ33+BK33 -> 3042824.6 | BN33: =BL33+BM33 -> 3042824.6 | BP33: =BN33+BO33 -> 3042824.6 | BR33: =BP33+BQ33 -> 3042824.6 | BT33: =BR33+BS33 -> 3042824.6 | BV33: =BT33+BU33 -> 3042824.6 | BX33: =$BX$2+$BX$3-BE33 -> 31400 | BY33: =SUM(BV33:BX33) -> 3074224.6 | CA33: =BY33+BZ33 -> 3074224.6 | CB33: =BY33 -> 3074224.6 | CC33: =CB33-CE33-CF33 -> 3074224.6 | CE33: =CD33*J33 -> 0 | CF33: =CE33*$AW$5 -> 0 | CG33: =CE33+CF33 -> 0 | CH33: =CC33+CE33+CF33 -> 3074224.6 | CI33: =CH33 -> 3074224.6 | CJ33: =IF(CC33<=$CC$3,0,12%*CC33) -> 0 | CK33: =CI33*CK$5 -> 315108.02 | CL33: =CI33*CL$5 -> 107597.86 | CM33: =SUM(CI33:CL33) -> 3496930.5 | CN33: =$CN$5 -> 0.125 | CO33: =CM33*CN33 -> 437116.31 | CP33: =$CP$5 -> 30000 | CQ33: =CO33-CP33 -> 407116.31 | CR33: =VLOOKUP(E33,$IC$6:$IE$19,3,FALSE) -> 1 | CS33: =CQ33/CR33 -> 407116.31 | CT33: =100%-CN33 -> 0.875 | CU33: =CM33*CT33 -> 3059814.2 | CV33: =-PMT($CV$5/12,240,CU33,0) -> 23722.707 | CW33: =-PMT($CV$5/12,180,CU33,0) -> 27502.475 | CX33: =-PMT($CV$5/12,120,CU33,0) -> 35527.037 | CY33: =-PMT($CV$5/12,60,CU33,0) -> 60587.988 | CZ33: =(CM33*80%)*$CZ$5 -> 248558.43 | DA33: =(CM33*80%)*$DA$5 -> 98353.361 | DB33: =(CM33*80%)*$DB$5 -> 71039.239 | DC33: =(CM33*80%)*$DC$5 -> 54064.132 | DD33: =AV33/AT33 -> 0.38600417 | DE33: =CE33/CC33 -> 0 | DF33: BOI (W/ HIC) | DG33: NON BOI- BIR THRESHOLD | DH33: =$DH$7 -> 45658 | DI33: =(YEAR(DH33)-YEAR($DI$5))*12+MONTH(DH33)-MONTH($DI$5) -> 14 | DK33: =DH33+65 -> 45723 | DL33: =(YEAR(DK33)-YEAR($DL$5))*12+MONTH(DK33)-MONTH($DL$5)+$DL$4+$DL$3 -> 16 | DM33: BOI | DN33: CTS BARE WITH HIC | DO33: =DP33/J33 -> 39302.243 | DP33: =AX33 -> 864649.34 | DQ33: =AX33/AT33 -> 0.43232467 | DS33: =CI33 -> 3074224.6 | DT33: ='[4]INTERNAL PRICELIST'!N27 -> 2061900 | DU33: =DS33-DT33 -> 1012324.6 | DW33: =DS33/J33 -> 139737.48 | DZ33: 3O | EA33: =G33=DZ33 -> TRUE | EJ33: =EL11 -> 0 | EK33: =EK11 -> 0 | ER33: SOLD | ES33: SOLD | ET33: =ER33=ES33 -> TRUE | EX33: 2874106.5 | EY33: =EX33*$EY$5 -> 431115.98 | EZ33: =EX33*$EZ$5 -> 2442990.6 | FA33: =EX33*$FA$5 -> 287410.65 | FB33: =EX33*$FB$5 -> 2586695.9 | FC33: =FB33-EZ33 -> 143705.33 | FF33: =EZ33 -> 2442990.6 | FG33: =FF33*$FG$5 -> 207654.2 | FH33: =FG33*(6/12) -> 103827.1 | FI33: =FB33 -> 2586695.9 | FJ33: =FI33*$FJ$5 -> 219869.15 | FK33: =FJ33*(6/12) -> 109934.58 | FL33: =FJ33-FG33 -> 12214.953 | FM33: =FK33-FH33 -> 6107.4764 | FN33: =$FN$6 -> VS | FO33: =$FO$5 -> 27537.41 | FP33: =FM33-FO33 -> -21429.934 | GA33: =GA32-1 -> 3 | GB33: =EDATE(GC33,GA33) -> 45870 | GC33: 45778 | GE33: 1ST | GI33: =CM33 -> 3496930.5 | GJ33: =CN33 -> 0.125 | GK33: =CO33 -> 437116.31 | GL33: =CP33 -> 30000 | GM33: =CQ33 -> 407116.31 | GN33: =CR33 -> 1 | GO33: =CS33 -> 407116.31 | GP33: =CT33 -> 0.875 | ... GU33: =CY33 -> 60587.988 | GW33: =GI33 -> 3496930.5 | GX33: =GJ33 -> 0.125 | GY33: =GK33 -> 437116.31 | GZ33: =GL33 -> 30000 | HA33: =GM33 -> 407116.31 | HB33: =$HB$5 -> 25 | HC33: =HA33/HB33 -> 16284.652 | HD33: =100%-GX33 -> 0.875 | HE33: =GW33*HD33 -> 3059814.2 | HF33: =-PMT(7%/12,240,HE33,0) -> 23722.707 | HG33: =-PMT(7%/12,180,HE33,0) -> 27502.475 | HH33: =-PMT(7%/12,120,HE33,0) -> 35527.037 | HI33: =-PMT(7%/12,60,HE33,0) -> 60587.988 | HK33: =HC33-GO33 -> -390831.66 | HR33: =CB33-CH33 -> 0
A34: =A33+1 -> 28 | B34: SOLD | C34: =C33+1 -> 16 | D34: 3rd Floor | E34: =D34 -> 3rd Floor | G34: 3P | H34: P | I34: Studio Unit | J34: 22 | L34: South | M34: Inner | N34: 95909.091 | O34: =J34*N34 -> 2110000 | P34: =$P$13 -> 22400 | Q34: =$Q$5 -> 50000 | Z34: =$Z$5 -> 75000 | AE34: =SUM(P34:AD34) -> 147400 | AF34: =O34+AE34 -> 2257400 | AG34: =AF34*$AG$5 -> 56435 | AH34: =AF34+AG34 -> 2313835 | AI34: =AH34*$AI$5 -> 57845.875 | AJ34: =AH34+AI34 -> 2371680.9 | AK34: =AJ34*$AK$5 -> 118584.04 | AL34: =AJ34+AK34 -> 2490264.9 | AM34: =AL34*$AM$5 -> 24902.649 | AN34: =$AN$5 -> 27537.41 | AP34: =FK34 -> 109934.58 | AQ34: =AL34+AM34+AP34+AN34+AO34 -> 2652639.6 | AR34: =AQ34*$AR$5 -> 119368.78 | AS34: =AQ34+AR34 -> 2772008.3 | AT34: =$AT$5 -> 2000000 | AU34: =AV34/J34 -> 35091.288 | AV34: =AS34-AT34 -> 772008.34 | AW34: =AV34*$AW$5 -> 92641 | AX34: =AV34+AW34 -> 864649.34 | AY34: =AS34+AW34 -> 2864649.3 | AZ34: =AY34*$AZ$5 -> 35808.117 | BA34: 0 | BB34: =SUM(AY34:BA34) -> 2900457.5 | BC34: 0 | BD34: =BB34*$BD$5 -> 108767.15 | BE34: =$BE$5*1.12 -> 33600 | BF34: =BB34+BC34+BD34+BE34 -> 3042824.6 | BH34: =BF34+BG34 -> 3042824.6 | BJ34: =BH34+BI34 -> 3042824.6 | BL34: =BJ34+BK34 -> 3042824.6 | BN34: =BL34+BM34 -> 3042824.6 | BP34: =BN34+BO34 -> 3042824.6 | BR34: =BP34+BQ34 -> 3042824.6 | BT34: =BR34+BS34 -> 3042824.6 | BV34: =BT34+BU34 -> 3042824.6 | BX34: =$BX$2+$BX$3-BE34 -> 31400 | BY34: =SUM(BV34:BX34) -> 3074224.6 | CA34: =BY34+BZ34 -> 3074224.6 | CB34: =BY34 -> 3074224.6 | CC34: =CB34-CE34-CF34 -> 3074224.6 | CE34: =CD34*J34 -> 0 | CF34: =CE34*$AW$5 -> 0 | CG34: =CE34+CF34 -> 0 | CH34: =CC34+CE34+CF34 -> 3074224.6 | CI34: =CH34 -> 3074224.6 | CJ34: =IF(CC34<=$CC$3,0,12%*CC34) -> 0 | CK34: =CI34*CK$5 -> 315108.02 | CL34: =CI34*CL$5 -> 107597.86 | CM34: =SUM(CI34:CL34) -> 3496930.5 | CN34: =$CN$5 -> 0.125 | CO34: =CM34*CN34 -> 437116.31 | CP34: =$CP$5 -> 30000 | CQ34: =CO34-CP34 -> 407116.31 | CR34: =VLOOKUP(E34,$IC$6:$IE$19,3,FALSE) -> 1 | CS34: =CQ34/CR34 -> 407116.31 | CT34: =100%-CN34 -> 0.875 | CU34: =CM34*CT34 -> 3059814.2 | CV34: =-PMT($CV$5/12,240,CU34,0) -> 23722.707 | CW34: =-PMT($CV$5/12,180,CU34,0) -> 27502.475 | CX34: =-PMT($CV$5/12,120,CU34,0) -> 35527.037 | CY34: =-PMT($CV$5/12,60,CU34,0) -> 60587.988 | CZ34: =(CM34*80%)*$CZ$5 -> 248558.43 | DA34: =(CM34*80%)*$DA$5 -> 98353.361 | DB34: =(CM34*80%)*$DB$5 -> 71039.239 | DC34: =(CM34*80%)*$DC$5 -> 54064.132 | DD34: =AV34/AT34 -> 0.38600417 | DE34: =CE34/CC34 -> 0 | DF34: BOI (W/ HIC) | DG34: NON BOI- BIR THRESHOLD | DH34: =$DH$7 -> 45658 | DI34: =(YEAR(DH34)-YEAR($DI$5))*12+MONTH(DH34)-MONTH($DI$5) -> 14 | DK34: =DH34+65 -> 45723 | DL34: =(YEAR(DK34)-YEAR($DL$5))*12+MONTH(DK34)-MONTH($DL$5)+$DL$4+$DL$3 -> 16 | DM34: BOI | DN34: CTS BARE WITH HIC | DO34: =DP34/J34 -> 39302.243 | DP34: =AX34 -> 864649.34 | DQ34: =AX34/AT34 -> 0.43232467 | DS34: =CI34 -> 3074224.6 | DT34: ='[4]INTERNAL PRICELIST'!N28 -> 2061900 | DU34: =DS34-DT34 -> 1012324.6 | DW34: =DS34/J34 -> 139737.48 | DZ34: 3P | EA34: =G34=DZ34 -> TRUE | EB34: JOVY T. TRASMONTE | EC34: FROM UG TO 3F | EJ34: =SUM(EJ31:EJ33) -> 0 | ER34: SOLD | ES34: SOLD | ET34: =ER34=ES34 -> TRUE | EX34: 2874106.5 | EY34: =EX34*$EY$5 -> 431115.98 | EZ34: =EX34*$EZ$5 -> 2442990.6 | FA34: =EX34*$FA$5 -> 287410.65 | FB34: =EX34*$FB$5 -> 2586695.9 | FC34: =FB34-EZ34 -> 143705.33 | FF34: =EZ34 -> 2442990.6 | FG34: =FF34*$FG$5 -> 207654.2 | FH34: =FG34*(6/12) -> 103827.1 | FI34: =FB34 -> 2586695.9 | FJ34: =FI34*$FJ$5 -> 219869.15 | FK34: =FJ34*(6/12) -> 109934.58 | FL34: =FJ34-FG34 -> 12214.953 | FM34: =FK34-FH34 -> 6107.4764 | FN34: =$FN$6 -> VS | FO34: =$FO$5 -> 27537.41 | FP34: =FM34-FO34 -> -21429.934 | GA34: =GA33-1 -> 2 | GB34: =EDATE(GC34,GA34) -> 45870 | GC34: 45809 | GE34: 2nd | GI34: =CM34 -> 3496930.5 | GJ34: =CN34 -> 0.125 | GK34: =CO34 -> 437116.31 | GL34: =CP34 -> 30000 | GM34: =CQ34 -> 407116.31 | GN34: =CR34 -> 1 | GO34: =CS34 -> 407116.31 | GP34: =CT34 -> 0.875 | ... GU34: =CY34 -> 60587.988 | GW34: =GI34 -> 3496930.5 | GX34: =GJ34 -> 0.125 | GY34: =GK34 -> 437116.31 | GZ34: =GL34 -> 30000 | HA34: =GM34 -> 407116.31 | HB34: =$HB$5 -> 25 | HC34: =HA34/HB34 -> 16284.652 | HD34: =100%-GX34 -> 0.875 | HE34: =GW34*HD34 -> 3059814.2 | HF34: =-PMT(7%/12,240,HE34,0) -> 23722.707 | HG34: =-PMT(7%/12,180,HE34,0) -> 27502.475 | HH34: =-PMT(7%/12,120,HE34,0) -> 35527.037 | HI34: =-PMT(7%/12,60,HE34,0) -> 60587.988 | HK34: =HC34-GO34 -> -390831.66 | HR34: =CB34-CH34 -> 0
A35: =A34+1 -> 29 | B35: SOLD | C35: =C34+1 -> 17 | D35: 3rd Floor | E35: =D35 -> 3rd Floor | G35: 3Q | H35: Q | I35: Studio Unit | J35: 22 | L35: South | M35: Inner | N35: 95909.091 | O35: =J35*N35 -> 2110000 | P35: =$P$13 -> 22400 | Q35: =$Q$5 -> 50000 | Z35: =$Z$5 -> 75000 | AE35: =SUM(P35:AD35) -> 147400 | AF35: =O35+AE35 -> 2257400 | AG35: =AF35*$AG$5 -> 56435 | AH35: =AF35+AG35 -> 2313835 | AI35: =AH35*$AI$5 -> 57845.875 | AJ35: =AH35+AI35 -> 2371680.9 | AK35: =AJ35*$AK$5 -> 118584.04 | AL35: =AJ35+AK35 -> 2490264.9 | AM35: =AL35*$AM$5 -> 24902.649 | AN35: =$AN$5 -> 27537.41 | AP35: =FK35 -> 109934.58 | AQ35: =AL35+AM35+AP35+AN35+AO35 -> 2652639.6 | AR35: =AQ35*$AR$5 -> 119368.78 | AS35: =AQ35+AR35 -> 2772008.3 | AT35: =$AT$5 -> 2000000 | AU35: =AV35/J35 -> 35091.288 | AV35: =AS35-AT35 -> 772008.34 | AW35: =AV35*$AW$5 -> 92641 | AX35: =AV35+AW35 -> 864649.34 | AY35: =AS35+AW35 -> 2864649.3 | AZ35: =AY35*$AZ$5 -> 35808.117 | BA35: 0 | BB35: =SUM(AY35:BA35) -> 2900457.5 | BC35: 0 | BD35: =BB35*$BD$5 -> 108767.15 | BE35: =$BE$5*1.12 -> 33600 | BF35: =BB35+BC35+BD35+BE35 -> 3042824.6 | BH35: =BF35+BG35 -> 3042824.6 | BJ35: =BH35+BI35 -> 3042824.6 | BL35: =BJ35+BK35 -> 3042824.6 | BN35: =BL35+BM35 -> 3042824.6 | BP35: =BN35+BO35 -> 3042824.6 | BR35: =BP35+BQ35 -> 3042824.6 | BT35: =BR35+BS35 -> 3042824.6 | BV35: =BT35+BU35 -> 3042824.6 | BX35: =$BX$2+$BX$3-BE35 -> 31400 | BY35: =SUM(BV35:BX35) -> 3074224.6 | CA35: =BY35+BZ35 -> 3074224.6 | CB35: =BY35 -> 3074224.6 | CC35: =CB35-CE35-CF35 -> 3074224.6 | CE35: =CD35*J35 -> 0 | CF35: =CE35*$AW$5 -> 0 | CG35: =CE35+CF35 -> 0 | CH35: =CC35+CE35+CF35 -> 3074224.6 | CI35: =CH35 -> 3074224.6 | CJ35: =IF(CC35<=$CC$3,0,12%*CC35) -> 0 | CK35: =CI35*CK$5 -> 315108.02 | CL35: =CI35*CL$5 -> 107597.86 | CM35: =SUM(CI35:CL35) -> 3496930.5 | CN35: =$CN$5 -> 0.125 | CO35: =CM35*CN35 -> 437116.31 | CP35: =$CP$5 -> 30000 | CQ35: =CO35-CP35 -> 407116.31 | CR35: =VLOOKUP(E35,$IC$6:$IE$19,3,FALSE) -> 1 | CS35: =CQ35/CR35 -> 407116.31 | CT35: =100%-CN35 -> 0.875 | CU35: =CM35*CT35 -> 3059814.2 | CV35: =-PMT($CV$5/12,240,CU35,0) -> 23722.707 | CW35: =-PMT($CV$5/12,180,CU35,0) -> 27502.475 | CX35: =-PMT($CV$5/12,120,CU35,0) -> 35527.037 | CY35: =-PMT($CV$5/12,60,CU35,0) -> 60587.988 | CZ35: =(CM35*80%)*$CZ$5 -> 248558.43 | DA35: =(CM35*80%)*$DA$5 -> 98353.361 | DB35: =(CM35*80%)*$DB$5 -> 71039.239 | DC35: =(CM35*80%)*$DC$5 -> 54064.132 | DD35: =AV35/AT35 -> 0.38600417 | DE35: =CE35/CC35 -> 0 | DF35: BOI (W/ HIC) | DG35: NON BOI- BIR THRESHOLD | DH35: =$DH$7 -> 45658 | DI35: =(YEAR(DH35)-YEAR($DI$5))*12+MONTH(DH35)-MONTH($DI$5) -> 14 | DK35: =DH35+65 -> 45723 | DL35: =(YEAR(DK35)-YEAR($DL$5))*12+MONTH(DK35)-MONTH($DL$5)+$DL$4+$DL$3 -> 16 | DM35: BOI | DN35: CTS BARE WITH HIC | DO35: =DP35/J35 -> 39302.243 | DP35: =AX35 -> 864649.34 | DQ35: =AX35/AT35 -> 0.43232467 | DS35: =CI35 -> 3074224.6 | DT35: ='[4]INTERNAL PRICELIST'!N29 -> 2061900 | DU35: =DS35-DT35 -> 1012324.6 | DW35: =DS35/J35 -> 139737.48 | DZ35: 3Q | EA35: =G35=DZ35 -> TRUE | EB35: PAUL ALEXANDER R. ROJO | EC35: FROM UG TO 3F | ER35: SOLD | ES35: SOLD | ET35: =ER35=ES35 -> TRUE | EX35: 2874106.5 | EY35: =EX35*$EY$5 -> 431115.98 | EZ35: =EX35*$EZ$5 -> 2442990.6 | FA35: =EX35*$FA$5 -> 287410.65 | FB35: =EX35*$FB$5 -> 2586695.9 | FC35: =FB35-EZ35 -> 143705.33 | FF35: =EZ35 -> 2442990.6 | FG35: =FF35*$FG$5 -> 207654.2 | FH35: =FG35*(6/12) -> 103827.1 | FI35: =FB35 -> 2586695.9 | FJ35: =FI35*$FJ$5 -> 219869.15 | FK35: =FJ35*(6/12) -> 109934.58 | FL35: =FJ35-FG35 -> 12214.953 | FM35: =FK35-FH35 -> 6107.4764 | FN35: =$FN$6 -> VS | FO35: =$FO$5 -> 27537.41 | FP35: =FM35-FO35 -> -21429.934 | GA35: =DATEDIF(GC35,GB35,"m") -> 4 | GB35: =DATE(2025,11,20) -> 45981 | GC35: 45839 | GE35: 3rd | GI35: =CM35 -> 3496930.5 | GJ35: =CN35 -> 0.125 | GK35: =CO35 -> 437116.31 | GL35: =CP35 -> 30000 | GM35: =CQ35 -> 407116.31 | GN35: =CR35 -> 1 | GO35: =CS35 -> 407116.31 | GP35: =CT35 -> 0.875 | ... GU35: =CY35 -> 60587.988 | GW35: =GI35 -> 3496930.5 | GX35: =GJ35 -> 0.125 | GY35: =GK35 -> 437116.31 | GZ35: =GL35 -> 30000 | HA35: =GM35 -> 407116.31 | HB35: =$HB$5 -> 25 | HC35: =HA35/HB35 -> 16284.652 | HD35: =100%-GX35 -> 0.875 | HE35: =GW35*HD35 -> 3059814.2 | HF35: =-PMT(7%/12,240,HE35,0) -> 23722.707 | HG35: =-PMT(7%/12,180,HE35,0) -> 27502.475 | HH35: =-PMT(7%/12,120,HE35,0) -> 35527.037 | HI35: =-PMT(7%/12,60,HE35,0) -> 60587.988 | HK35: =HC35-GO35 -> -390831.66 | HR35: =CB35-CH35 -> 0
A36: =A35+1 -> 30 | C36: =C35+1 -> 18 | D36: 3rd Floor | E36: =D36 -> 3rd Floor | G36: 3R | H36: R | I36: Studio Unit | J36: 22 | L36: South | M36: Corner | N36: 95909.091 | O36: =J36*N36 -> 2110000 | P36: =$P$13 -> 22400 | Q36: =$Q$5 -> 50000 | V36: =J36*$V$5 -> 55000 | Z36: =$Z$5 -> 75000 | AE36: =SUM(P36:AD36) -> 202400 | AF36: =O36+AE36 -> 2312400 | AG36: =AF36*$AG$5 -> 57810 | AH36: =AF36+AG36 -> 2370210 | AI36: =AH36*$AI$5 -> 59255.25 | AJ36: =AH36+AI36 -> 2429465.3 | AK36: =AJ36*$AK$5 -> 121473.26 | AL36: =AJ36+AK36 -> 2550938.5 | AM36: =AL36*$AM$5 -> 25509.385 | AN36: =$AN$5 -> 27537.41 | AP36: =FK36 -> 115067.59 | AQ36: =AL36+AM36+AP36+AN36+AO36 -> 2719052.9 | AR36: =AQ36*$AR$5 -> 122357.38 | AS36: =AQ36+AR36 -> 2841410.3 | AT36: =$AT$5 -> 2000000 | AU36: =AV36/J36 -> 38245.922 | AV36: =AS36-AT36 -> 841410.28 | AW36: =AV36*$AW$5 -> 100969.23 | AX36: =AV36+AW36 -> 942379.52 | AY36: =AS36+AW36 -> 2942379.5 | AZ36: =AY36*$AZ$5 -> 36779.744 | BA36: 0 | BB36: =SUM(AY36:BA36) -> 2979159.3 | BC36: 0 | BD36: =BB36*$BD$5 -> 111718.47 | BE36: =$BE$5*1.12 -> 33600 | BF36: =BB36+BC36+BD36+BE36 -> 3124477.7 | BH36: =BF36+BG36 -> 3124477.7 | BJ36: =BH36+BI36 -> 3124477.7 | BL36: =BJ36+BK36 -> 3124477.7 | BN36: =BL36+BM36 -> 3124477.7 | BP36: =BN36+BO36 -> 3124477.7 | BR36: =BP36+BQ36 -> 3124477.7 | BT36: =BR36+BS36 -> 3124477.7 | BV36: =BT36+BU36 -> 3124477.7 | BX36: =$BX$2+$BX$3-BE36 -> 31400 | BY36: =SUM(BV36:BX36) -> 3155877.7 | CA36: =BY36+BZ36 -> 3155877.7 | CB36: =BY36 -> 3155877.7 | CC36: =CB36-CE36-CF36 -> 3155877.7 | CE36: =CD36*J36 -> 0 | CF36: =CE36*$AW$5 -> 0 | CG36: =CE36+CF36 -> 0 | CH36: =CC36+CE36+CF36 -> 3155877.7 | CI36: =CH36 -> 3155877.7 | CJ36: =IF(CC36<=$CC$3,0,12%*CC36) -> 0 | CK36: =CI36*CK$5 -> 323477.47 | CL36: =CI36*CL$5 -> 110455.72 | CM36: =SUM(CI36:CL36) -> 3589810.9 | CN36: =$CN$5 -> 0.125 | CO36: =CM36*CN36 -> 448726.37 | CP36: =$CP$5 -> 30000 | CQ36: =CO36-CP36 -> 418726.37 | CR36: =VLOOKUP(E36,$IC$6:$IE$19,3,FALSE) -> 1 | CS36: =CQ36/CR36 -> 418726.37 | CT36: =100%-CN36 -> 0.875 | CU36: =CM36*CT36 -> 3141084.6 | CV36: =-PMT($CV$5/12,240,CU36,0) -> 24352.795 | CW36: =-PMT($CV$5/12,180,CU36,0) -> 28232.956 | CX36: =-PMT($CV$5/12,120,CU36,0) -> 36470.655 | CY36: =-PMT($CV$5/12,60,CU36,0) -> 62197.239 | CZ36: =(CM36*80%)*$CZ$5 -> 255160.28 | DA36: =(CM36*80%)*$DA$5 -> 100965.68 | DB36: =(CM36*80%)*$DB$5 -> 72926.081 | DC36: =(CM36*80%)*$DC$5 -> 55500.105 | DD36: =AV36/AT36 -> 0.42070514 | DE36: =CE36/CC36 -> 0 | DF36: BOI (W/ HIC) | DG36: NON BOI- BIR THRESHOLD | DH36: =$DH$7 -> 45658 | DI36: =(YEAR(DH36)-YEAR($DI$5))*12+MONTH(DH36)-MONTH($DI$5) -> 14 | DK36: =DH36+65 -> 45723 | DL36: =(YEAR(DK36)-YEAR($DL$5))*12+MONTH(DK36)-MONTH($DL$5)+$DL$4+$DL$3 -> 16 | DM36: BOI | DN36: CTS BARE WITH HIC | DO36: =DP36/J36 -> 42835.433 | DP36: =AX36 -> 942379.52 | DQ36: =AX36/AT36 -> 0.47118976 | DS36: =CI36 -> 3155877.7 | DT36: ='[4]INTERNAL PRICELIST'!N30 -> 2061900 | DU36: =DS36-DT36 -> 1093977.7 | DW36: =DS36/J36 -> 143448.99 | DZ36: 3R | EA36: =G36=DZ36 -> TRUE | ER36: SOLD | ES36: SOLD | ET36: =ER36=ES36 -> TRUE | EX36: 3008303.1 | EY36: =EX36*$EY$5 -> 451245.46 | EZ36: =EX36*$EZ$5 -> 2557057.6 | FA36: =EX36*$FA$5 -> 300830.31 | FB36: =EX36*$FB$5 -> 2707472.8 | FC36: =FB36-EZ36 -> 150415.15 | FF36: =EZ36 -> 2557057.6 | FG36: =FF36*$FG$5 -> 217349.9 | FH36: =FG36*(6/12) -> 108674.95 | FI36: =FB36 -> 2707472.8 | FJ36: =FI36*$FJ$5 -> 230135.19 | FK36: =FJ36*(6/12) -> 115067.59 | FL36: =FJ36-FG36 -> 12785.288 | FM36: =FK36-FH36 -> 6392.6441 | FN36: =$FN$6 -> VS | FO36: =$FO$5 -> 27537.41 | FP36: =FM36-FO36 -> -21144.766 | GA36: =GA35-1 -> 3 | GB36: =EDATE(GC36,GA36) -> 45962 | GC36: 45870 | GE36: 4th | GI36: =CM36 -> 3589810.9 | GJ36: =CN36 -> 0.125 | GK36: =CO36 -> 448726.37 | GL36: =CP36 -> 30000 | GM36: =CQ36 -> 418726.37 | GN36: =CR36 -> 1 | GO36: =CS36 -> 418726.37 | GP36: =CT36 -> 0.875 | ... GU36: =CY36 -> 62197.239 | GW36: =GI36 -> 3589810.9 | GX36: =GJ36 -> 0.125 | GY36: =GK36 -> 448726.37 | GZ36: =GL36 -> 30000 | HA36: =GM36 -> 418726.37 | HB36: =$HB$5 -> 25 | HC36: =HA36/HB36 -> 16749.055 | HD36: =100%-GX36 -> 0.875 | HE36: =GW36*HD36 -> 3141084.6 | HF36: =-PMT(7%/12,240,HE36,0) -> 24352.795 | HG36: =-PMT(7%/12,180,HE36,0) -> 28232.956 | HH36: =-PMT(7%/12,120,HE36,0) -> 36470.655 | HI36: =-PMT(7%/12,60,HE36,0) -> 62197.239 | HK36: =HC36-GO36 -> -401977.31 | HR36: =CB36-CH36 -> 0
